Workbook
Name Employee_Data: Table3[[#All],[कर्मचारी का नाम]:[60-80 वर्ग]]
Name Employee_Data: Table3[[#All],[कर्मचारी का नाम]:[60-80 वर्ग]]
Name Employee_Data: Table3[[#All],[कर्मचारी का नाम]:[60-80 वर्ग]]
Name Employee_Data: Table3[[#All],[कर्मचारी का नाम]:[60-80 वर्ग]]
Name Employee_Data_2: Sheet3!$J$5:$X$251
Name Employee_Names: Table3[कर्मचारी का नाम]
Name Employee_Names: Table3[कर्मचारी का नाम]
Name Employee_Names: Table3[कर्मचारी का नाम]
Name Employee_Names: Table3[कर्मचारी का नाम]
Name Months_Name: Table4[[#All],[Months]]
Name Months_Name: Table4[[#All],[Months]]
Name Months_Name: Table4[[#All],[Months]]
Name Months_Name: Table4[[#All],[Months]]
Name Pay_Level: Table2[[#All],[पे लेवल]]
Name Pay_Level: Table2[[#All],[पे लेवल]]
Name Pay_Level: Table2[[#All],[पे लेवल]]
Name Pay_Level: Table2[[#All],[पे लेवल]]
Name Post_At_Office: Table1[[#All],[कार्यालय में पोस्ट विवरण]]
Name Post_At_Office: Table1[[#All],[कार्यालय में पोस्ट विवरण]]
Name Post_At_Office: Table1[[#All],[कार्यालय में पोस्ट विवरण]]
Name Post_At_Office: Table1[[#All],[कार्यालय में पोस्ट विवरण]]
Name SI_GPF: Sheet1!$I$3:$AF$5
Name Tax_data: 'Other Ded.'!$B$3:$BF$254

Sheet Sheet4
A1: मकान किराया भत्ता, गृह सम्पति से प्राप्त किराया, गृहकर, गृह ऋण किस्त मूल, गृह ऋण किस्त ब्याज, LIC (जो वेतन से नही काटा गया), PLI (पी.एल.आई.), टयूशन फीस, PPF (लोक भविष्य निधि), सुकन्या समृद्धि योजना, यू. एल. आई. पी./वार्षिक प्लान, NSC (राष्ट्रीय बचत पत्र), राष्ट्रीय बचत पत्र पर ब्याज, NSS (राष्ट्रीय बचत स्कीम), स्टेण्डर्ड डिडेक्शन रूपये 50,000, बचत खाते की जमा राशि पर प्राप्त ब्याज, इक्विटी लिंक सेविंग स्कीम, Defferred Annuty (स्थगित वार्षिकी), मनोरंजन भता धारा, व्यवयाय कर धारा, एफडी आदि अन्य जमा राशि पर प्राप्त कुल ब्याज (पीपीएफ को छोड़कर), अन्य विभिन्न स्त्रो़त्र (ब्याज के अलावा) से कुल आय, धारा 80 सी के अन्तर्गत अन्य मद में जमा करायी गयी राशि, धारा 80 CCC पेंशन प्लान हेतु अंशदान (एन.पी.एस. के अलावा), सरकारी पेंशन योजना में कर्मचारी का अंशदान अधिकतम वेतन का 10% धारा 80 CCD(1), धारा 80CCD (1B) नवीन पेंशन योजना में अतिरिक्त अंशदान (अधिकतम रू. 50,000), धारा 80D चिकित्सा बीमा प्रीमियम (सामान्य 25000, वरिष्ठ नागरिक 50000), धारा 80DD विकलांग आश्रितों के चिकित्सा उपचार(अधिकतम 75000, 80% विकलांगता 125000), धारा 80DDB विशिष्ट रोगों के उपचार हेतु कटौती (सामान्य 40000, वरिष्ठ नागरिक 1 लाख), धारा 80E उच्च शिक्षा हेतु लिए ऋण का ब्याज, धारा 80G धर्मार्थ संस्थाओं आदि को दिये दान (क श्रेणी 100% एवं ख श्रेणी 50%), धारा 80U स्थाई शारीरिक विकलांगता (अधिकतम 75000ए 80% विकलांगता 125000), धारा 80GGA अनुमोदित वैज्ञानिक,सामाजिक,ग्रामीण विकास हेतु दिया गया दान, राहत धारा 89 के अन्तर्गत, वेतन बिल के अलावा जमा कराया गया आयकर (TDS), धारा 10(14) के अन्तर्गत भत्ते जो करमुक्त है |

Sheet Instruction
A1: आयकर गणना प्रपत्र 2020-21
A2: By Ashwini Kumar Excel Program Maker
A3: अपने पुरे स्टाफ का डाटा एक साथ fill करे और एक साथ ही टैक्स की गणना करे वो भी मात्र कुछ समय में |
A4: http://www.ashwinisharma.com/
A5: to download this sheet visit the above website
A6: See the video on Youtube channel - Ashwini Kumar Excel Program Maker
A7: यदि कुछ सुधार की आवश्यकता हो तो जरुर अवगत करावें ताकि सुधार करके अपडेट किया जा सके |
A9: Master Sheet Instructions-
A10: 1 | B10: क्रम सं.- क्रमांक नहीं लगाने है आप जैसे ही कर्मचारी का नाम लिखोगे क्रम संख्या आ जाएगी | | O10: 1
A11: 2 | B11: कर्मचारी का नाम- इस कॉलम में कर्मचारियों के नाम लिखे |
A12: 3 | B12: पद- कर्मचारियों का पद ड्राप डाउन लिस्ट में से चयन करे |
A13: 4 | B13: केडर/संवर्ग- कर्मचारियों का कैडर/संवर्ग (Subordinate, State Service, Ministerial, Class IV में से) ड्राप डाउन लिस्ट में से चयन करे |
A14: 5 | B14: IS In Probation Yes or NO- यदि कर्मचारी प्रोबेशन में है तो YES अन्यथा NO का चयन ड्राप डाउन लिस्ट में से करे |
A15: 6 | B15: लेवल- कर्मचारी का लेवल ड्राप डाउन लिस्ट में से चयन करे |
A16: 7 | B16: Employee ID- कर्मचारी की Employee ID लिखे |
A17: 8 | B17: पैन नं.- कर्मचारी की PAN Number लिखे |
A18: 9 | B18: बैंक खाता सं.- कर्मचारी की बैंक अकाउंट नंबर लिखे |
A19: 10 | B19: SI No.- कर्मचारी की SI नंबर लिखे | अगर जारी नहीं हुए है तो 0 लिख देवे |
A20: 11 | B20: GPF/PRAN No.- कर्मचारी की GPF /PRAN नंबर लिखे | यदि कर्मचारी 01.01.2004 से पूर्व के है तो GPF Number अन्यथा PRAN Number लिखे |
A21: 12 | B21: Mobile No.- कर्मचारी की Mobile Number लिखे |
A22: 13 | B22: मार्च का बेसिक- कर्मचारी की मार्च की बेसिक लिखे |
... A33: 24 | B33: 60-80 वर्ग- जो कर्मचारी 60-80 वर्ग में आते है वे ड्राप डाउन लिस्ट में से YES का चयन करे अन्यथा NO का चयन करे |
A35: GA55 Check Sheet Instructions
A36: सबसे पहले तो आप जहा कर्मचारी का नाम लिखा है वहा पर ड्राप डाउन लिस्ट में से कर्मचारी का नाम चयन करे फिर इसका मिलान PAY MANAGER से निकले हुए GA 55 से मिलान कर लेवे यदि इसमें कोई अंतर हो तो Review Tab में जाकर शीट को Unprotect कर लेवे पासवर्ड है "tax"| एक बात का ध्यान रखे कि आगे आप इसमें चेंज करोगे तो जो फोर्मुलास लगे हुए है वो हट जायेंगे तो जब आप दुसरे कर्मचारी का डाटा देखोगे तो उसका डाटा सही नहीं आएगा इसलिए जिन कर्मचारियों का डाटा का मिलन नहीं हो रहा है उनके लिए इस पुरे एक्सेल प्रोगाम की कॉपी कर लेवे |
A37: GA55 Main Sheet Instructions
A38: इस शीट सारी calculation स्वत: ही हो जाएगी आपको कुछ भी नहीं करना है | अगर आपको इस शीट में कोई परिवर्तन करने की आवश्यकता हो तो GA55 Check Sheet में बदलाव करे इस शीट में ऑटो चेंज हो जायेगा |
A39: Other Deductions Sheet Instructions
A40: इस शीट में आपको सैलरी के अलावा आपके जितने भी Deductions है उन सब की एंट्री करनी है -
A42: Summary Sheet Instructions
A43: इस शीट में आपको जिस कर्मचारी की टैक्स समरी देखनी है उसका नाम ड्राप डाउन लिस्ट में से चयन करे इससे पहले GA 55 वाली शीट में उसी कर्मचारी के नाम का चयन पहले से होना चाहिए |
A45: Tax Calculation Old Sheet Instructions
A46: इस शीट सारी calculation स्वत: ही हो जाएगी आपको कुछ भी नहीं करना है |
A48: Tax Calculation New Sheet Instructions
A49: इस शीट सारी calculation स्वत: ही हो जाएगी आपको कुछ भी नहीं करना है |

Sheet Master
A1: कार्यालय, प्रधानाचार्य राजकीय उच्च माध्यमिक विद्यालय, रूपपुरा
A3: क्रम सं. | B3: कर्मचारी का नाम | C3: पद | D3: केडर/संवर्ग | E3: IS In Probation Yes or NO | F3: लेवल | G3: Employee ID | H3: पैन नं. | I3: बैंक खाता सं. | J3: SI No. | K3: GPF/PRAN No. | L3: Mobile No. | M3: मार्च का बेसिक | N3: SIP | O3: GPF | P3: HRA Rate | Q3: IS NPS Employee | R3: बोनस | S3: समर्पित 19-20 | T3: समर्पित माह 19-20 | U3: समर्पित 20-21 | V3: समर्पित माह 20-21 | W3: DA Arrear | X3: 60-80 वर्ग
A4: =IF(B4="","",ROWS($A$1:A1)) -> 1 | B4: Ashwini Kumar Sharma | C4: वरिष्ठ अध्यापक | D4: Subordinate | E4: NO | F4: L-11 | G4: RJNA201228008021 | H4: AAAA9456A | I4: 123456789101112 | J4: 123456 | K4: 1234567891011 | L4: 9166023711 | M4: 43800 | N4: 5000 | P4: 0.08 | Q4: YES | R4: YES | S4: YES | T4: 7 | U4: YES | V4: 7 | W4: YES | X4: NO
A5: =IF(B5="","",ROWS($A$1:A2)) -> 2 | B5: Aditya Jakhad | C5: कनिष्ठ सहायक | D5: Ministerial | E5: NO | F5: L-5 | G5: RJNA201228008021 | H5: AAAA9456A | I5: 123456789101112 | J5: 123456 | K5: 1234567891011 | L5: 9166023711 | M5: 20800 | N5: 1000 | P5: 0.08 | Q5: YES | R5: YES | S5: NO | T5: 1 | U5: NO | V5: 7 | W5: NO | X5: NO
A6: =IF(B6="","",ROWS($A$1:A3)) -> 3 | B6: Chetan Ram Riyar | C6: व्याख्याता स्कूल(शिक्षा) | D6: State Service | E6: NO | F6: L-12 | G6: RJNA201228008021 | H6: AAAA9456A | I6: 123456789101112 | J6: 123456 | K6: 1234567891011 | L6: 9166023711 | M6: 59500 | N6: 5000 | O6: 10000 | P6: 0.08 | Q6: NO | R6: NO | S6: NO | T6: 9 | U6: YES | V6: 7 | W6: YES | X6: NO
A7: =IF(B7="","",ROWS($A$1:A4)) -> 4 | B7: Prakash Kumar Gaur | C7: व्याख्याता स्कूल(शिक्षा) | D7: State Service | E7: YES | F7: L-12 | G7: RJNA201228008021 | H7: AAAA9456A | I7: 123456789101112 | J7: 123456 | K7: 1234567891011 | L7: 9166023711 | M7: 31100 | P7: NA | Q7: YES | R7: NO | S7: NO | T7: NA | U7: NO | V7: NA | W7: NO | X7: NO
A8: =IF(B8="","",ROWS($A$1:A5)) -> 5 | B8: Bheru Prasad Jangid | C8: वरिष्ठ अध्यापक | D8: Subordinate | E8: YES | F8: L-11 | G8: RJNA201228008021 | H8: AAAA9456A | I8: 123456789101112 | J8: 123456 | K8: 1234567891011 | L8: 9166023711 | M8: 26500 | N8: 3000 | P8: 0.08 | Q8: YES | R8: YES | S8: NO | T8: 1 | U8: YES | V8: 7 | W8: NO | X8: NO
A9: =IF(B9="","",ROWS($A$1:A6)) -> 6 | B9: Mohan Ram | C9: चतुर्थ श्रेणी कर्मचारी | D9: Class IV | E9: NO | F9: L-1 | G9: RJNA201228008021 | H9: AAAA9456A | I9: 123456789101112 | J9: 123456 | K9: 1234567891011 | L9: 9166023711 | M9: 20800 | N9: 5000 | P9: 0.08 | Q9: YES | R9: YES | S9: NO | T9: 1 | U9: YES | V9: 7 | W9: YES | X9: NO
A10: =IF(B10="","",ROWS($A$1:A7)) -> 7 | B10: Randheer Singh Shekhawat | C10: शारीरिक शिक्षक श्रेणी III | D10: Subordinate | E10: NO | F10: L-13 | G10: RJNA199128021077 | H10: AAAA9456A | I10: 123456789101112 | J10: 123456 | K10: 1234567891011 | L10: 9166023711 | M10: 63300 | N10: 7000 | P10: 0.08 | Q10: NO | R10: NO | S10: YES | T10: 4 | U10: YES | V10: 4 | W10: YES | X10: NO
A11: =IF(B11="","",ROWS($A$1:A8)) | I11: 111111111111111
A12: =IF(B12="","",ROWS($A$1:A9))
A13: =IF(B13="","",ROWS($A$1:A10))
A14: =IF(B14="","",ROWS($A$1:A11))
A15: =IF(B15="","",ROWS($A$1:A12))
A16: =IF(B16="","",ROWS($A$1:A13))
A17: =IF(B17="","",ROWS($A$1:A14))
A18: =IF(B18="","",ROWS($A$1:A15))
A19: =IF(B19="","",ROWS($A$1:A16))
A20: =IF(B20="","",ROWS($A$1:A17))
A21: =IF(B21="","",ROWS($A$1:A18))
A22: =IF(B22="","",ROWS($A$1:A19))
A23: =IF(B23="","",ROWS($A$1:A20))
... A253: =IF(B253="","",ROWS($A$1:A250))

Sheet GA55 Check
B1: =Master!$A$1 -> कार्यालय, प्रधानाचार्य राजकीय उच्च माध्यमिक विद्यालय, रूपपुरा
B2: वेतन एवं कटौतियों का ब्यौरा सत्र 2020-21
B4: नाम कर्मचारी- | C4: Ashwini Kumar Sharma | G4: पद- | H4: =IFERROR(VLOOKUP($C$4,Employee_Data,2,0),"NoData") -> वरिष्ठ अध्यापक | K4: लेवल- | L4: =IFERROR(VLOOKUP($C$4,Employee_Data,5,0),"NoData") -> L-11 | N4: Employee ID- | P4: =IFERROR(VLOOKUP($C$4,Employee_Data,6,0),"NoData") -> RJNA201228008021 | T4: मार्च का बेसिक- | W4: =IFERROR(VLOOKUP($C$4,Employee_Data,12,0),"NoData") -> 43800 | Z4: =IFERROR(VLOOKUP($C$4,Employee_Data,3,0),"NoData") -> Subordinate
B5: पैन नं.- | C5: =IFERROR(VLOOKUP($C$4,Employee_Data,7,0),"NoData") -> AAAA9456A | G5: Mobile- | H5: =IFERROR(VLOOKUP($C$4,Employee_Data,11,0),"NoData") -> 9166023711 | K5: SI No.- | L5: =IFERROR(VLOOKUP($C$4,Employee_Data,9,0),"NoData") -> 123456 | N5: GPF/PRAN No.- | P5: =IFERROR(VLOOKUP($C$4,Employee_Data,10,0),"NoData") -> 1234567891011 | T5: बैंक खाता सं.- | W5: =IFERROR(VLOOKUP($C$4,Employee_Data,8,0),"NoData") -> 123456789101112
B6: Probation | C6: =IFERROR(VLOOKUP($C$4,Employee_Data,4,0),"NoData") -> NO | D6: 60-80 वर्ग | E6: =IFERROR(VLOOKUP($C$4,Employee_Data,23,0),"NoData") -> NO | F6: DA Rate | G6: 0.17 | H6: HRA Rate | J6: =IFERROR(VLOOKUP($C$4,Employee_Data,15,0),"NoData") -> 0.08 | K6: After 01.01.2004 | M6: =IFERROR(VLOOKUP($C$4,Employee_Data,16,0),"NoData") -> YES | N6: बोनस | P6: =IFERROR(VLOOKUP($C$4,Employee_Data,17,0),"NoData") -> YES | Q6: समर्पित 19-20 | T6: =IFERROR(VLOOKUP($C$4,Employee_Data,18,0),"NoData") -> YES | U6: =IFERROR(VLOOKUP($C$4,Employee_Data,19,0),"NoData") -> 7 | V6: समर्पित 20-21 | X6: =IFERROR(VLOOKUP($C$4,Employee_Data,20,0),"NoData") -> YES | Y6: =IFERROR(VLOOKUP($C$4,Employee_Data,21,0),"NoData") -> 7 | Z6: =IFERROR(VLOOKUP($C$4,Employee_Data,22,0),"NoData") -> YES
B7: Month & Year | C7: Basic Pay | D7: DA | E7: HRA | F7: Washing Allow. | G7: Handicaped Allowance | H7: Other Allowance 1 | I7: Other Allowance 2 | J7: Gross Salary | K7: SIP | L7: GPF | M7: NPS | N7: GPF Loan | O7: RPMF | P7: SI Arrear | Q7: SIL | R7: GIS | S7: LIC | T7: COVIS-19 | U7: Other 1 | V7: Other 2 | W7: ITAX | X7: Total Deduction | Y7: NET Payment | Z7: Bill No./ Dte
A8: 3 | B8: 43891 | C8: =VLOOKUP($C$4,Employee_Data_2,6,0) -> 21194 | D8: =IF($C$6="YES",0,ROUND($G$6*C8,0)) -> 3603 | E8: =IF($C$6="YES",0,ROUND($J$6*C8,0)) -> 1696 | J8: =IF(SUM(C8:I8)=0,"",SUM(C8:I8)) -> 26493 | K8: =IF(IF($Z$4="Class IV",VLOOKUP($C$4,Employee_Data,13,0),0)=0,"",IF($Z$4="Class IV",VLOOKUP($C$4,Employee_Data,13,0),0)) | L8: =IF(IF($M$6="YES",IF($Z$4="Class IV",VLOOKUP($C$4,Employee_Data,14,0),0)*0,0)=0,"",IF($M$6="YES",IF($Z$4="Class IV",VLOOKUP($C$4,Employee_Data,14,0),0)*0,0)) | M8: =IF(IF($M$6="No",0,IF($Z$4="Class IV",0,ROUND((C8+D8)*0.1,0)))=0,"",IF($M$6="No",0,IF($Z$4="Class IV",0,ROUND((C8+D8)*0.1,0)))) -> 2480 | O8: =IF(IF($M$6="No",IF($W$4<18001,242,IF($W$4<33501,402,IF($W$4<54001,602,800))),0)=0,"",IF($M$6="No",IF($W$4<18001,242,IF($W$4<33501,402,IF($W$4<54001,602,800))),0)) | T8: =VLOOKUP($C$4,Employee_Data_2,8,0) -> 4239 | X8: =SUM(K8:W8) -> 6719 | Y8: =IFERROR(J8-X8,"") -> 19774
A9: 4 | B9: 43922 | C9: =$W$4 -> 43800 | D9: =IF($C$6="YES",0,ROUND($G$6*C9,0)) -> 7446 | E9: =IF($C$6="YES",0,ROUND($J$6*C9,0)) -> 3504 | J9: =IF(SUM(C9:I9)=0,"",SUM(C9:I9)) -> 54750 | K9: =IF(VLOOKUP($C$4,Employee_Data,13,0)=0,"",VLOOKUP($C$4,Employee_Data,13,0)) -> 5000 | L9: =IF(IF($M$6="Yes",0,VLOOKUP($C$4,Employee_Data,14,0))=0,"",IF($M$6="Yes",0,VLOOKUP($C$4,Employee_Data,14,0))) | M9: =IF(IF($M$6="No",0,ROUND((C9+D9)*0.1,0))=0,"",IF($M$6="No",0,ROUND((C9+D9)*0.1,0))) -> 5125 | O9: =IF(IF($M$6="No",IF(C9<18001,242,IF(C9<33501,402,IF(C9<54001,602,800))),0)=0,"",IF($M$6="No",IF(C9<18001,242,IF(C9<33501,402,IF(C9<54001,602,800))),0)) | R9: 220 | S9: =S8 -> 0 | X9: =SUM(K9:W9) -> 10345 | Y9: =IFERROR(J9-X9,"") -> 44405
A10: 5 | B10: 43952 | C10: =C9 -> 43800 | D10: =IF($C$6="YES",0,ROUND($G$6*C10,0)) -> 7446 | E10: =IF($C$6="YES",0,ROUND($J$6*C10,0)) -> 3504 | J10: =IF(SUM(C10:I10)=0,"",SUM(C10:I10)) -> 54750 | K10: =K9 -> 5000 | L10: =L9 | M10: =IF(IF($M$6="No",0,ROUND((C10+D10)*0.1,0))=0,"",IF($M$6="No",0,ROUND((C10+D10)*0.1,0))) -> 5125 | O10: =IF(IF($M$6="No",IF(C10<18001,288,IF(C10<33501,478,IF(C10<54001,714,950))),0)=0,"",IF($M$6="No",IF(C10<18001,288,IF(C10<33501,478,IF(C10<54001,714,950))),0)) | P10: =IF(IF($Z$4= "Class IV",0,$K$9)=0,"",IF($Z$4= "Class IV",0,$K$9)) -> 5000 | S10: =S9 -> 0 | X10: =SUM(K10:W10) -> 15125 | Y10: =IFERROR(J10-X10,"") -> 39625
A11: 6 | B11: 43983 | C11: =C10 -> 43800 | D11: =IF($C$6="YES",0,ROUND($G$6*C11,0)) -> 7446 | E11: =IF($C$6="YES",0,ROUND($J$6*C11,0)) -> 3504 | J11: =IF(SUM(C11:I11)=0,"",SUM(C11:I11)) -> 54750 | K11: =K10 -> 5000 | L11: =L10 | M11: =IF(IF($M$6="No",0,ROUND((C11+D11)*0.1,0))=0,"",IF($M$6="No",0,ROUND((C11+D11)*0.1,0))) -> 5125 | O11: =IF(IF($M$6="No",IF(C11<18001,265,IF(C11<33501,440,IF(C11<54001,658,875))),0)=0,"",IF($M$6="No",IF(C11<18001,265,IF(C11<33501,440,IF(C11<54001,658,875))),0)) | S11: =S10 -> 0 | X11: =SUM(K11:W11) -> 10125 | Y11: =IFERROR(J11-X11,"") -> 44625
A12: 7 | B12: 44013 | C12: =IF($C$6="YES",$C$11,MROUND(ROUND(1.03*C11,0),100)) -> 45100 | D12: =IF($C$6="YES",0,ROUND($G$6*C12,0)) -> 7667 | E12: =IF($C$6="YES",0,ROUND($J$6*C12,0)) -> 3608 | J12: =IF(SUM(C12:I12)=0,"",SUM(C12:I12)) -> 56375 | K12: =K11 -> 5000 | L12: =L11 | M12: =IF(IF($M$6="No",0,ROUND((C12+D12)*0.1,0))=0,"",IF($M$6="No",0,ROUND((C12+D12)*0.1,0))) -> 5277 | O12: =IF(IF($M$6="No",IF(C12<18001,265,IF(C12<33501,440,IF(C12<54001,658,875))),0)=0,"",IF($M$6="No",IF(C12<18001,265,IF(C12<33501,440,IF(C12<54001,658,875))),0)) | S12: =S11 -> 0 | X12: =SUM(K12:W12) -> 10277 | Y12: =IFERROR(J12-X12,"") -> 46098
A13: 8 | B13: 44044 | C13: =C12 -> 45100 | D13: =IF($C$6="YES",0,ROUND($G$6*C13,0)) -> 7667 | E13: =IF($C$6="YES",0,ROUND($J$6*C13,0)) -> 3608 | J13: =IF(SUM(C13:I13)=0,"",SUM(C13:I13)) -> 56375 | K13: =K12 -> 5000 | L13: =L12 | M13: =IF(IF($M$6="No",0,ROUND((C13+D13)*0.1,0))=0,"",IF($M$6="No",0,ROUND((C13+D13)*0.1,0))) -> 5277 | O13: =IF(IF($M$6="No",IF(C13<18001,265,IF(C13<33501,440,IF(C13<54001,658,875))),0)=0,"",IF($M$6="No",IF(C13<18001,265,IF(C13<33501,440,IF(C13<54001,658,875))),0)) | S13: =S12 -> 0 | X13: =SUM(K13:W13) -> 10277 | Y13: =IFERROR(J13-X13,"") -> 46098
A14: 9 | B14: 44075 | C14: =C13 -> 45100 | D14: =IF($C$6="YES",0,ROUND($G$6*C14,0)) -> 7667 | E14: =IF($C$6="YES",0,ROUND($J$6*C14,0)) -> 3608 | J14: =IF(SUM(C14:I14)=0,"",SUM(C14:I14)) -> 56375 | K14: =K13 -> 5000 | L14: =L13 | M14: =IF(IF($M$6="No",0,ROUND((C14+D14)*0.1,0))=0,"",IF($M$6="No",0,ROUND((C14+D14)*0.1,0))) -> 5277 | O14: =IF(IF($M$6="No",IF(C14<18001,265,IF(C14<33501,440,IF(C14<54001,658,875))),0)=0,"",IF($M$6="No",IF(C14<18001,265,IF(C14<33501,440,IF(C14<54001,658,875))),0)) | S14: =S13 -> 0 | T14: =VLOOKUP($C$4,Employee_Data_2,9,0) -> 1879 | X14: =SUM(K14:W14) -> 12156 | Y14: =IFERROR(J14-X14,"") -> 44219
A15: 10 | B15: 44105 | C15: =C14 -> 45100 | D15: =IF($C$6="YES",0,ROUND($G$6*C15,0)) -> 7667 | E15: =IF($C$6="YES",0,ROUND($J$6*C15,0)) -> 3608 | J15: =IF(SUM(C15:I15)=0,"",SUM(C15:I15)) -> 56375 | K15: =K14 -> 5000 | L15: =L14 | M15: =IF(IF($M$6="No",0,ROUND((C15+D15)*0.1,0))=0,"",IF($M$6="No",0,ROUND((C15+D15)*0.1,0))) -> 5277 | O15: =IF(IF($M$6="No",IF(C15<18001,265,IF(C15<33501,440,IF(C15<54001,658,875))),0)=0,"",IF($M$6="No",IF(C15<18001,265,IF(C15<33501,440,IF(C15<54001,658,875))),0)) | S15: =S14 -> 0 | T15: =VLOOKUP($C$4,Employee_Data_2,10,0) -> 1819 | X15: =SUM(K15:W15) -> 12096 | Y15: =IFERROR(J15-X15,"") -> 44279
A16: 11 | B16: 44136 | C16: =C15 -> 45100 | D16: =IF($C$6="YES",0,ROUND($G$6*C16,0)) -> 7667 | E16: =IF($C$6="YES",0,ROUND($J$6*C16,0)) -> 3608 | J16: =IF(SUM(C16:I16)=0,"",SUM(C16:I16)) -> 56375 | K16: =K15 -> 5000 | L16: =L15 | M16: =IF(IF($M$6="No",0,ROUND((C16+D16)*0.1,0))=0,"",IF($M$6="No",0,ROUND((C16+D16)*0.1,0))) -> 5277 | O16: =IF(IF($M$6="No",IF(C16<18001,265,IF(C16<33501,440,IF(C16<54001,658,875))),0)=0,"",IF($M$6="No",IF(C16<18001,265,IF(C16<33501,440,IF(C16<54001,658,875))),0)) | S16: =S15 -> 0 | T16: =VLOOKUP($C$4,Employee_Data_2,11,0) -> 1879 | X16: =SUM(K16:W16) -> 12156 | Y16: =IFERROR(J16-X16,"") -> 44219
A17: 12 | B17: 44166 | C17: =C16 -> 45100 | D17: =IF($C$6="YES",0,ROUND($G$6*C17,0)) -> 7667 | E17: =IF($C$6="YES",0,ROUND($J$6*C17,0)) -> 3608 | J17: =IF(SUM(C17:I17)=0,"",SUM(C17:I17)) -> 56375 | K17: =K16 -> 5000 | L17: =L16 | M17: =IF(IF($M$6="No",0,ROUND((C17+D17)*0.1,0))=0,"",IF($M$6="No",0,ROUND((C17+D17)*0.1,0))) -> 5277 | O17: =IF(IF($M$6="No",IF(C17<18001,265,IF(C17<33501,440,IF(C17<54001,658,875))),0)=0,"",IF($M$6="No",IF(C17<18001,265,IF(C17<33501,440,IF(C17<54001,658,875))),0)) | S17: =S16 -> 0 | T17: =VLOOKUP($C$4,Employee_Data_2,12,0) -> 1819 | X17: =SUM(K17:W17) -> 12096 | Y17: =IFERROR(J17-X17,"") -> 44279
A18: 1 | B18: 44197 | C18: =C17 -> 45100 | D18: =IF($C$6="YES",0,ROUND($G$6*C18,0)) -> 7667 | E18: =IF($C$6="YES",0,ROUND($J$6*C18,0)) -> 3608 | J18: =IF(SUM(C18:I18)=0,"",SUM(C18:I18)) -> 56375 | K18: =K17 -> 5000 | L18: =L17 | M18: =IF(IF($M$6="No",0,ROUND((C18+D18)*0.1,0))=0,"",IF($M$6="No",0,ROUND((C18+D18)*0.1,0))) -> 5277 | O18: =IF(IF($M$6="No",IF(C18<18001,265,IF(C18<33501,440,IF(C18<54001,658,875))),0)=0,"",IF($M$6="No",IF(C18<18001,265,IF(C18<33501,440,IF(C18<54001,658,875))),0)) | S18: =S17 -> 0 | T18: =VLOOKUP($C$4,Employee_Data_2,13,0) -> 1819 | X18: =SUM(K18:W18) -> 12096 | Y18: =IFERROR(J18-X18,"") -> 44279
A19: 2 | B19: 44228 | C19: =C18 -> 45100 | D19: =IF($C$6="YES",0,ROUND($G$6*C19,0)) -> 7667 | E19: =IF($C$6="YES",0,ROUND($J$6*C19,0)) -> 3608 | J19: =IF(SUM(C19:I19)=0,"",SUM(C19:I19)) -> 56375 | K19: =K18 -> 5000 | L19: =L18 | M19: =IF(IF($M$6="No",0,ROUND((C19+D19)*0.1,0))=0,"",IF($M$6="No",0,ROUND((C19+D19)*0.1,0))) -> 5277 | O19: =IF(IF($M$6="No",IF(C19<18001,265,IF(C19<33501,440,IF(C19<54001,658,875))),0)=0,"",IF($M$6="No",IF(C19<18001,265,IF(C19<33501,440,IF(C19<54001,658,875))),0)) | S19: =S18 -> 0 | T19: =VLOOKUP($C$4,Employee_Data_2,14,0) -> 2013 | X19: =SUM(K19:W19) -> 12290 | Y19: =IFERROR(J19-X19,"") -> 44085
B20: DA Arrear 07-19 to 12-19 | D20: =IF(IF($Z$6="Yes",(ROUND(17%*$C$9,0)-ROUND(12%*$C$9,0))*6+IF($T$6="NO",0,IF(AND($U$6>6,$U$6<13),ROUND(17%*$C$9/2,0)-ROUND(12%*$C$9/2,0),0)),0)=0,"",IF($Z$6="Yes",(ROUND(17%*$C$9,0)-ROUND(12%*$C$9,0))*6+IF($T$6="NO",0,IF(AND($U$6>6,$U$6<13),ROUND(17%*$C$9/2,0)-ROUND(12%*$C$9/2,0),0)),0)) -> 14235 | J20: =IF(SUM(C20:I20)=0,"",SUM(C20:I20)) -> 14235 | L20: =IF(IF($M$6="Yes",0,IF($M$6="No",$D$20,0))=0,"",IF($M$6="Yes",0,IF($M$6="No",$D$20,0))) | M20: =IF(IF($Z$6="Yes",IF(IF($M$6="Yes",ROUND((ROUND(17%*$W$4,0)-ROUND(12%*$W$4,0))*10%,0)*6,0)=0,"",IF($M$6="Yes",ROUND((ROUND(17%*$W$4,0)-ROUND(12%*$W$4,0))*10%,0)*6,0)),0)=0,"",IF($Z$6="Yes",IF(IF($M$6="Yes",ROUND((ROUND(17%*$W$4,0)-ROUND(12%*$W$4,0))*10%,0)*6,0)=0,"",IF($M$6="Yes",ROUND((ROUND(17%*$W$4,0)-ROUND(12%*$W$4,0))*10%,0)*6,0)),0)) -> 1314 | X20: =SUM(K20:W20) -> 1314 | Y20: =IFERROR(J20-X20,"") -> 12921
B21: DA Arrear 01-20 to 02-20 | D21: =IF(IF($Z$6="Yes",(ROUND(17%*$C$9,0)-ROUND(12%*$C$9,0))*2+IF($T$6="NO",0,IF(AND($T$6>0,$T$6<4),ROUND(17%*C9,0)-ROUND(12%*C9,0),0)),0)=0,"",IF($Z$6="Yes",(ROUND(17%*$C$9,0)-ROUND(12%*$C$9,0))*2+IF($T$6="NO",0,IF(AND($T$6>0,$T$6<4),ROUND(17%*C9,0)-ROUND(12%*C9,0),0)),0)) -> 4380 | J21: =IF(SUM(C21:I21)=0,"",SUM(C21:I21)) -> 4380 | L21: =IF(IF($M$6="Yes",0,IF($M$6="No",$D$21,0))=0,"",IF($M$6="Yes",0,IF($M$6="No",$D$21,0))) | M21: =IF(IF($Z$6="Yes",IF(IF($M$6="Yes",ROUND((ROUND(17%*$W$4,0)-ROUND(12%*$W$4,0))*10%,0)*2,0)=0,"",IF($M$6="Yes",ROUND((ROUND(17%*$W$4,0)-ROUND(12%*$W$4,0))*10%,0)*2,0)),0)=0,"",IF($Z$6="Yes",IF(IF($M$6="Yes",ROUND((ROUND(17%*$W$4,0)-ROUND(12%*$W$4,0))*10%,0)*2,0)=0,"",IF($M$6="Yes",ROUND((ROUND(17%*$W$4,0)-ROUND(12%*$W$4,0))*10%,0)*2,0)),0)) -> 438 | X21: =SUM(K21:W21) -> 438 | Y21: =IFERROR(J21-X21,"") -> 3942
B22: Bonus | C22: =IF($P$6="YES",6774,0) -> 6774 | J22: =IF(SUM(C22:I22)=0,"",SUM(C22:I22)) -> 6774 | X22: =SUM(K22:W22) -> 0 | Y22: =IFERROR(J22-X22,"") -> 6774
B23: Surrender | C23: =IF($X$6="NO",0,IF(OR($Y$6="NA",$Y$6>8,$Y$6<4),0,IF($Y$6=3,D19,IF(Master!D12=4,$C$9,VLOOKUP($Y$6,$A$8:$C$19,3,FALSE)))))/2 -> 22550 | D23: =IF($C$6="YES",0,ROUND($G$6*C23,0)) -> 3834 | J23: =IF(SUM(C23:I23)=0,"",SUM(C23:I23)) -> 26384 | X23: =SUM(K23:W23) -> 0 | Y23: =IFERROR(J23-X23,"") -> 26384
B24: Fixation Arrear | J24: =IF(SUM(C24:I24)=0,"",SUM(C24:I24)) | X24: =SUM(K24:W24) -> 0 | Y24: =IFERROR(J24-X24,"")
B25: Salary Arrear | J25: =IF(SUM(C25:I25)=0,"",SUM(C25:I25)) | X25: =SUM(K25:W25) -> 0 | Y25: =IFERROR(J25-X25,"")
B26: Salary Arrear | J26: =IF(SUM(C26:I26)=0,"",SUM(C26:I26)) | X26: =SUM(K26:W26) -> 0 | Y26: =IFERROR(J26-X26,"")
B27: Total | C27: =SUM(C8:C26) -> 542718 | D27: =SUM(D8:D26) -> 109726 | E27: =SUM(E8:E26) -> 41072 | F27: =SUM(F8:F26) -> 0 | G27: =SUM(G8:G26) -> 0 | H27: =SUM(H8:H26) -> 0 | I27: =SUM(I8:I26) -> 0 | J27: =SUM(J8:J26) -> 693516 | ... Y27: =SUM(Y8:Y26) -> 556006
B31: Signature Of Employee | Y31: Signature Of DDO

Sheet Sheet1
J3: Basic Pay | K3: DA | L3: HRA | M3: Washing Allow. | N3: Handicaped Allowance | O3: Other Allowance 1 | P3: Other Allowance 2 | Q3: Gross Salary | R3: SIP | S3: GPF | T3: NPS | U3: GPF Loan | V3: RPMF | W3: SI Arrear | X3: SIL | Y3: GIS | Z3: LIC | AA3: COVIS-19 | AB3: Other 1 | AC3: Other 2 | AD3: ITAX | AE3: Total Deduction | AF3: NET Payment
I4: 1 | J4: 2 | K4: 3 | L4: 4 | M4: 5 | N4: 6 | O4: 7 | P4: 8 | Q4: 9 | R4: 10 | S4: 11 | T4: 12 | U4: 13 | V4: 14 | W4: 15 | X4: 16 | Y4: 17 | Z4: 18 | AA4: 19 | AB4: 20 | AC4: 21 | AD4: 22 | AE4: 23 | AF4: 24
I5: ='GA55 Main'!$C$4 -> Ashwini Kumar Sharma | J5: ='GA55 Main'!C$27 -> 542718 | K5: ='GA55 Main'!D$27 -> 109726 | L5: ='GA55 Main'!E$27 -> 41072 | M5: ='GA55 Main'!F$27 -> 0 | N5: ='GA55 Main'!G$27 -> 0 | O5: ='GA55 Main'!H$27 -> 0 | P5: ='GA55 Main'!I$27 -> 0 | Q5: ='GA55 Main'!J$27 -> 693516 | ... AF5: ='GA55 Main'!Y$27 -> 556006
J7: राज्य बीमा (SI) | K7: =R5+W5 -> 60000
J8: LIC | K8: =Z5 -> 0
J9: GPF | K9: =S5 -> 0
J10: GIS | K10: =Y5 -> 220
J11: EPEF (80CCD1) | K11: =T5 -> 61823
J12: SUM | K12: =SUM(K7:K11) -> 122043
J14: 1 | K14: राज्य बीमा (SI) | L14: =K7 -> 60000
J15: 2 | K15: LIC | L15: =K8+VLOOKUP($I$5,'Other Ded.'!$B$3:$AK$254,10,0) -> 0 | N15: =VLOOKUP($I$5,'Other Ded.'!$B$3:$AK$254,10,0) -> 0
J16: 3 | K16: GPF | L16: =K9 -> 0
J17: 4 | K17: राष्ट्रीय बचत पत्र (NSC) | L17: ='Other Ded.'!Q5 -> 0
J18: 5 | K18: लोक भविष्य निधि (PPF) | L18: ='Other Ded.'!M5 -> 0
J19: 6 | K19: राष्ट्रीय बचत स्कीम (NSS) | L19: ='Other Ded.'!P5 -> 0
J20: 7 | K20: GIS | L20: =K10 -> 220
J21: 8 | K21: ULIP / वार्षिक प्लान | L21: ='Other Ded.'!N5 -> 0
J22: 9 | K22: Home Loan Premium | L22: ='Other Ded.'!H5 -> 0
J23: 10 | K23: सुकन्या योजना में जमा | L23: ='Other Ded.'!N5 -> 0
J24: 11 | K24: EPEF (80CCD1) | L24: =K11 -> 61823
J25: 12 | K25: पेंशन प्लान हेतु अंशदान धारा (80CCC) | L25: ='Other Ded.'!AA5 -> 0
J26: 13 | K26: राष्ट्रीय बचत पत्र पर ब्याज | L26: ='Other Ded.'!R5 -> 0
J27: 14 | K27: ट्यूशन फीस | L27: ='Other Ded.'!L5 -> 0
J28: 15 | K28: इक्विटी लिंक सेविंग स्कीम | L28: ='Other Ded.'!T5 -> 0
J29: 16 | K29: Defferred Annuty | L29: ='Other Ded.'!U5 -> 0
J30: 17 | K30: PLI | L30: ='Other Ded.'!K5 -> 0
J31: 18 | K31: धारा 80C के अंतर्गत अन्य जमा राशि | L31: ='Other Ded.'!Z5 -> 0
J32: Total | L32: =SUM(L14:L31) -> 122043

Sheet Sheet3
O3: March Basic | Q3: MAR | R3: SEP | S3: OCT | T3: NOV | U3: DEC | V3: JAN | W3: FAR
J4: 1 | K4: 2 | L4: 3 | M4: 4 | N4: 5 | O4: 6 | P4: 7 | Q4: 8 | R4: 9 | S4: 10 | T4: 11 | U4: 12 | V4: 13 | W4: 14 | X4: 15
I5: =Master!A4 -> 1 | J5: =Master!B4 -> Ashwini Kumar Sharma | K5: =Master!D4 -> Subordinate | L5: =Master!F4 -> L-11 | M5: =Master!M4 -> 43800 | N5: =Master!X4 -> NO | O5: =IF(K5="State Service",ROUND(M5*15/31,0),IF(AND(K5="Subordinate",OR(L5=$Z$9,L10=$Z$7,L5=$Z$11,L5=$Z$12,L5=$Z$13)),ROUND(M5*22/31,0),IF(AND(K5="Subordinate",OR(L5=$Z$14,L5=$Z$15,L5=$Z$16,L5=$Z$17,L5=$Z$18,L5=$Z$19)),ROUND(M5*15/31,0),IF(K5="Ministerial",ROUND(M5*22/31,0),M5)))) -> 21194 | P5: =IFERROR(VLOOKUP(L5,$Z$5:$AA$30,2,FALSE),0) -> 11 | Q5: =IF(N5="YES",0,IF(K5="State Service",ROUND(M5*5/31,0),IF(AND(K5="Subordinate",P5<10),ROUND(M5*2/31,0),IF(AND(K5="Subordinate",OR(P5<5,P5>9)),ROUND(M5*3/31,0),IF(K5="Ministerial",ROUND(M5*2/31,0),IF(OR(K5="Class IV",P5<5),ROUND(M5/31,0),"")))))) -> 4239 | R5: =IF(N5="YES",0,IF(OR(K5="Class IV",P5<5),0,IF(K5="State Service",ROUND('GA55 Main'!$J$14*2/30,0),ROUND('GA55 Main'!$J$14/30,0)))) -> 1879 | S5: =IF(N5="YES",0,IF(OR(K5="Class IV",P5<5),0,IF(K5="State Service",ROUND('GA55 Main'!$J$15*2/31,0),ROUND('GA55 Main'!$J$15/31,0)))) -> 1819 | T5: =IF(N5="YES",0,IF(OR(K5="Class IV",P5<5),0,IF(K5="State Service",ROUND('GA55 Main'!$J$16*2/30,0),ROUND('GA55 Main'!$J$16/30,0)))) -> 1879 | U5: =IF(N5="YES",0,IF(OR(K5="Class IV",P5<5),0,IF(K5="State Service",ROUND('GA55 Main'!$J$17*2/31,0),ROUND('GA55 Main'!$J$17/31,0)))) -> 1819 | V5: =IF(N5="YES",0,IF(OR(K5="Class IV",P5<5),0,IF(K5="State Service",ROUND('GA55 Main'!$J$18*2/31,0),ROUND('GA55 Main'!$J$18/31,0)))) -> 1819 | W5: =IF(N5="YES",0,IF(OR(K5="Class IV",P5<5),0,IF(K5="State Service",ROUND('GA55 Main'!$J$19*2/28,0),ROUND('GA55 Main'!$J$19/28,0)))) -> 2013 | X5: =SUM(Q5:W5) -> 15467 | Z5: L-1 | AA5: 1
I6: =Master!A5 -> 2 | J6: =Master!B5 -> Aditya Jakhad | K6: =Master!D5 -> Ministerial | L6: =Master!F5 -> L-5 | M6: =Master!M5 -> 20800 | N6: =Master!X5 -> NO | O6: =IF(K6="State Service",ROUND(M6*15/31,0),IF(AND(K6="Subordinate",OR(L6=$Z$9,L11=$Z$7,L6=$Z$11,L6=$Z$12,L6=$Z$13)),ROUND(M6*22/31,0),IF(AND(K6="Subordinate",OR(L6=$Z$14,L6=$Z$15,L6=$Z$16,L6=$Z$17,L6=$Z$18,L6=$Z$19)),ROUND(M6*15/31,0),IF(K6="Ministerial",ROUND(M6*22/31,0),M6)))) -> 14761 | P6: =IFERROR(VLOOKUP(L6,$Z$5:$AA$30,2,FALSE),0) -> 5 | Q6: =IF(N6="YES",0,IF(K6="State Service",ROUND(M6*5/31,0),IF(AND(K6="Subordinate",P6<10),ROUND(M6*2/31,0),IF(AND(K6="Subordinate",OR(P6<5,P6>9)),ROUND(M6*3/31,0),IF(K6="Ministerial",ROUND(M6*2/31,0),IF(OR(K6="Class IV",P6<5),ROUND(M6/31,0),"")))))) -> 1342 | R6: =IF(N6="YES",0,IF(OR(K6="Class IV",P6<5),0,IF(K6="State Service",ROUND('GA55 Main'!$J$14*2/30,0),ROUND('GA55 Main'!$J$14/30,0)))) -> 1879 | S6: =IF(N6="YES",0,IF(OR(K6="Class IV",P6<5),0,IF(K6="State Service",ROUND('GA55 Main'!$J$15*2/31,0),ROUND('GA55 Main'!$J$15/31,0)))) -> 1819 | T6: =IF(N6="YES",0,IF(OR(K6="Class IV",P6<5),0,IF(K6="State Service",ROUND('GA55 Main'!$J$16*2/30,0),ROUND('GA55 Main'!$J$16/30,0)))) -> 1879 | U6: =IF(N6="YES",0,IF(OR(K6="Class IV",P6<5),0,IF(K6="State Service",ROUND('GA55 Main'!$J$17*2/31,0),ROUND('GA55 Main'!$J$17/31,0)))) -> 1819 | V6: =IF(N6="YES",0,IF(OR(K6="Class IV",P6<5),0,IF(K6="State Service",ROUND('GA55 Main'!$J$18*2/31,0),ROUND('GA55 Main'!$J$18/31,0)))) -> 1819 | W6: =IF(N6="YES",0,IF(OR(K6="Class IV",P6<5),0,IF(K6="State Service",ROUND('GA55 Main'!$J$19*2/28,0),ROUND('GA55 Main'!$J$19/28,0)))) -> 2013 | X6: =SUM(Q6:W6) -> 12570 | Z6: L-2 | AA6: 2
I7: =Master!A6 -> 3 | J7: =Master!B6 -> Chetan Ram Riyar | K7: =Master!D6 -> State Service | L7: =Master!F6 -> L-12 | M7: =Master!M6 -> 59500 | N7: =Master!X6 -> NO | O7: =IF(K7="State Service",ROUND(M7*15/31,0),IF(AND(K7="Subordinate",OR(L7=$Z$9,L12=$Z$7,L7=$Z$11,L7=$Z$12,L7=$Z$13)),ROUND(M7*22/31,0),IF(AND(K7="Subordinate",OR(L7=$Z$14,L7=$Z$15,L7=$Z$16,L7=$Z$17,L7=$Z$18,L7=$Z$19)),ROUND(M7*15/31,0),IF(K7="Ministerial",ROUND(M7*22/31,0),M7)))) -> 28790 | P7: =IFERROR(VLOOKUP(L7,$Z$5:$AA$30,2,FALSE),0) -> 12 | Q7: =IF(N7="YES",0,IF(K7="State Service",ROUND(M7*5/31,0),IF(AND(K7="Subordinate",P7<10),ROUND(M7*2/31,0),IF(AND(K7="Subordinate",OR(P7<5,P7>9)),ROUND(M7*3/31,0),IF(K7="Ministerial",ROUND(M7*2/31,0),IF(OR(K7="Class IV",P7<5),ROUND(M7/31,0),"")))))) -> 9597 | R7: =IF(N7="YES",0,IF(OR(K7="Class IV",P7<5),0,IF(K7="State Service",ROUND('GA55 Main'!$J$14*2/30,0),ROUND('GA55 Main'!$J$14/30,0)))) -> 3758 | S7: =IF(N7="YES",0,IF(OR(K7="Class IV",P7<5),0,IF(K7="State Service",ROUND('GA55 Main'!$J$15*2/31,0),ROUND('GA55 Main'!$J$15/31,0)))) -> 3637 | T7: =IF(N7="YES",0,IF(OR(K7="Class IV",P7<5),0,IF(K7="State Service",ROUND('GA55 Main'!$J$16*2/30,0),ROUND('GA55 Main'!$J$16/30,0)))) -> 3758 | U7: =IF(N7="YES",0,IF(OR(K7="Class IV",P7<5),0,IF(K7="State Service",ROUND('GA55 Main'!$J$17*2/31,0),ROUND('GA55 Main'!$J$17/31,0)))) -> 3637 | V7: =IF(N7="YES",0,IF(OR(K7="Class IV",P7<5),0,IF(K7="State Service",ROUND('GA55 Main'!$J$18*2/31,0),ROUND('GA55 Main'!$J$18/31,0)))) -> 3637 | W7: =IF(N7="YES",0,IF(OR(K7="Class IV",P7<5),0,IF(K7="State Service",ROUND('GA55 Main'!$J$19*2/28,0),ROUND('GA55 Main'!$J$19/28,0)))) -> 4027 | X7: =SUM(Q7:W7) -> 32051 | Z7: L-3 | AA7: 3 | AB7: SEP | AC7: 5108 | AD7: 1 | AE7: 2438.7097
I8: =Master!A7 -> 4 | J8: =Master!B7 -> Prakash Kumar Gaur | K8: =Master!D7 -> State Service | L8: =Master!F7 -> L-12 | M8: =Master!M7 -> 31100 | N8: =Master!X7 -> NO | O8: =IF(K8="State Service",ROUND(M8*15/31,0),IF(AND(K8="Subordinate",OR(L8=$Z$9,L13=$Z$7,L8=$Z$11,L8=$Z$12,L8=$Z$13)),ROUND(M8*22/31,0),IF(AND(K8="Subordinate",OR(L8=$Z$14,L8=$Z$15,L8=$Z$16,L8=$Z$17,L8=$Z$18,L8=$Z$19)),ROUND(M8*15/31,0),IF(K8="Ministerial",ROUND(M8*22/31,0),M8)))) -> 15048 | P8: =IFERROR(VLOOKUP(L8,$Z$5:$AA$30,2,FALSE),0) -> 12 | Q8: =IF(N8="YES",0,IF(K8="State Service",ROUND(M8*5/31,0),IF(AND(K8="Subordinate",P8<10),ROUND(M8*2/31,0),IF(AND(K8="Subordinate",OR(P8<5,P8>9)),ROUND(M8*3/31,0),IF(K8="Ministerial",ROUND(M8*2/31,0),IF(OR(K8="Class IV",P8<5),ROUND(M8/31,0),"")))))) -> 5016 | R8: =IF(N8="YES",0,IF(OR(K8="Class IV",P8<5),0,IF(K8="State Service",ROUND('GA55 Main'!$J$14*2/30,0),ROUND('GA55 Main'!$J$14/30,0)))) -> 3758 | S8: =IF(N8="YES",0,IF(OR(K8="Class IV",P8<5),0,IF(K8="State Service",ROUND('GA55 Main'!$J$15*2/31,0),ROUND('GA55 Main'!$J$15/31,0)))) -> 3637 | T8: =IF(N8="YES",0,IF(OR(K8="Class IV",P8<5),0,IF(K8="State Service",ROUND('GA55 Main'!$J$16*2/30,0),ROUND('GA55 Main'!$J$16/30,0)))) -> 3758 | U8: =IF(N8="YES",0,IF(OR(K8="Class IV",P8<5),0,IF(K8="State Service",ROUND('GA55 Main'!$J$17*2/31,0),ROUND('GA55 Main'!$J$17/31,0)))) -> 3637 | V8: =IF(N8="YES",0,IF(OR(K8="Class IV",P8<5),0,IF(K8="State Service",ROUND('GA55 Main'!$J$18*2/31,0),ROUND('GA55 Main'!$J$18/31,0)))) -> 3637 | W8: =IF(N8="YES",0,IF(OR(K8="Class IV",P8<5),0,IF(K8="State Service",ROUND('GA55 Main'!$J$19*2/28,0),ROUND('GA55 Main'!$J$19/28,0)))) -> 4027 | X8: =SUM(Q8:W8) -> 27470 | Z8: L-4 | AA8: 4 | AB8: OCT | AC8: 4944 | AD8: 2 | AE8: 4877.4194
I9: =Master!A8 -> 5 | J9: =Master!B8 -> Bheru Prasad Jangid | K9: =Master!D8 -> Subordinate | L9: =Master!F8 -> L-11 | M9: =Master!M8 -> 26500 | N9: =Master!X8 -> NO | O9: =IF(K9="State Service",ROUND(M9*15/31,0),IF(AND(K9="Subordinate",OR(L9=$Z$9,L14=$Z$7,L9=$Z$11,L9=$Z$12,L9=$Z$13)),ROUND(M9*22/31,0),IF(AND(K9="Subordinate",OR(L9=$Z$14,L9=$Z$15,L9=$Z$16,L9=$Z$17,L9=$Z$18,L9=$Z$19)),ROUND(M9*15/31,0),IF(K9="Ministerial",ROUND(M9*22/31,0),M9)))) -> 12823 | P9: =IFERROR(VLOOKUP(L9,$Z$5:$AA$30,2,FALSE),0) -> 11 | Q9: =IF(N9="YES",0,IF(K9="State Service",ROUND(M9*5/31,0),IF(AND(K9="Subordinate",P9<10),ROUND(M9*2/31,0),IF(AND(K9="Subordinate",OR(P9<5,P9>9)),ROUND(M9*3/31,0),IF(K9="Ministerial",ROUND(M9*2/31,0),IF(OR(K9="Class IV",P9<5),ROUND(M9/31,0),"")))))) -> 2565 | R9: =IF(N9="YES",0,IF(OR(K9="Class IV",P9<5),0,IF(K9="State Service",ROUND('GA55 Main'!$J$14*2/30,0),ROUND('GA55 Main'!$J$14/30,0)))) -> 1879 | S9: =IF(N9="YES",0,IF(OR(K9="Class IV",P9<5),0,IF(K9="State Service",ROUND('GA55 Main'!$J$15*2/31,0),ROUND('GA55 Main'!$J$15/31,0)))) -> 1819 | T9: =IF(N9="YES",0,IF(OR(K9="Class IV",P9<5),0,IF(K9="State Service",ROUND('GA55 Main'!$J$16*2/30,0),ROUND('GA55 Main'!$J$16/30,0)))) -> 1879 | U9: =IF(N9="YES",0,IF(OR(K9="Class IV",P9<5),0,IF(K9="State Service",ROUND('GA55 Main'!$J$17*2/31,0),ROUND('GA55 Main'!$J$17/31,0)))) -> 1819 | V9: =IF(N9="YES",0,IF(OR(K9="Class IV",P9<5),0,IF(K9="State Service",ROUND('GA55 Main'!$J$18*2/31,0),ROUND('GA55 Main'!$J$18/31,0)))) -> 1819 | W9: =IF(N9="YES",0,IF(OR(K9="Class IV",P9<5),0,IF(K9="State Service",ROUND('GA55 Main'!$J$19*2/28,0),ROUND('GA55 Main'!$J$19/28,0)))) -> 2013 | X9: =SUM(Q9:W9) -> 13793 | Z9: L-5 | AA9: 5 | AB9: NOV | AC9: 5108 | AD9: 3 | AE9: 7316.129
I10: =Master!A9 -> 6 | J10: =Master!B9 -> Mohan Ram | K10: =Master!D9 -> Class IV | L10: =Master!F9 -> L-1 | M10: =Master!M9 -> 20800 | N10: =Master!X9 -> NO | O10: =IF(K10="State Service",ROUND(M10*15/31,0),IF(AND(K10="Subordinate",OR(L10=$Z$9,L15=$Z$7,L10=$Z$11,L10=$Z$12,L10=$Z$13)),ROUND(M10*22/31,0),IF(AND(K10="Subordinate",OR(L10=$Z$14,L10=$Z$15,L10=$Z$16,L10=$Z$17,L10=$Z$18,L10=$Z$19)),ROUND(M10*15/31,0),IF(K10="Ministerial",ROUND(M10*22/31,0),M10)))) -> 20800 | P10: =IFERROR(VLOOKUP(L10,$Z$5:$AA$30,2,FALSE),0) -> 1 | Q10: =IF(N10="YES",0,IF(K10="State Service",ROUND(M10*5/31,0),IF(AND(K10="Subordinate",P10<10),ROUND(M10*2/31,0),IF(AND(K10="Subordinate",OR(P10<5,P10>9)),ROUND(M10*3/31,0),IF(K10="Ministerial",ROUND(M10*2/31,0),IF(OR(K10="Class IV",P10<5),ROUND(M10/31,0),"")))))) -> 671 | R10: =IF(N10="YES",0,IF(OR(K10="Class IV",P10<5),0,IF(K10="State Service",ROUND('GA55 Main'!$J$14*2/30,0),ROUND('GA55 Main'!$J$14/30,0)))) -> 0 | S10: =IF(N10="YES",0,IF(OR(K10="Class IV",P10<5),0,IF(K10="State Service",ROUND('GA55 Main'!$J$15*2/31,0),ROUND('GA55 Main'!$J$15/31,0)))) -> 0 | T10: =IF(N10="YES",0,IF(OR(K10="Class IV",P10<5),0,IF(K10="State Service",ROUND('GA55 Main'!$J$16*2/30,0),ROUND('GA55 Main'!$J$16/30,0)))) -> 0 | U10: =IF(N10="YES",0,IF(OR(K10="Class IV",P10<5),0,IF(K10="State Service",ROUND('GA55 Main'!$J$17*2/31,0),ROUND('GA55 Main'!$J$17/31,0)))) -> 0 | V10: =IF(N10="YES",0,IF(OR(K10="Class IV",P10<5),0,IF(K10="State Service",ROUND('GA55 Main'!$J$18*2/31,0),ROUND('GA55 Main'!$J$18/31,0)))) -> 0 | W10: =IF(N10="YES",0,IF(OR(K10="Class IV",P10<5),0,IF(K10="State Service",ROUND('GA55 Main'!$J$19*2/28,0),ROUND('GA55 Main'!$J$19/28,0)))) -> 0 | X10: =SUM(Q10:W10) -> 671 | Z10: L-6 | AA10: 6 | AB10: DEC | AC10: 4944 | AD10: 5 | AE10: 12193.548
I11: =Master!A10 -> 7 | J11: =Master!B10 -> Randheer Singh Shekhawat | K11: =Master!D10 -> Subordinate | L11: =Master!F10 -> L-13 | M11: =Master!M10 -> 63300 | N11: =Master!X10 -> NO | O11: =IF(K11="State Service",ROUND(M11*15/31,0),IF(AND(K11="Subordinate",OR(L11=$Z$9,L16=$Z$7,L11=$Z$11,L11=$Z$12,L11=$Z$13)),ROUND(M11*22/31,0),IF(AND(K11="Subordinate",OR(L11=$Z$14,L11=$Z$15,L11=$Z$16,L11=$Z$17,L11=$Z$18,L11=$Z$19)),ROUND(M11*15/31,0),IF(K11="Ministerial",ROUND(M11*22/31,0),M11)))) -> 30629 | P11: =IFERROR(VLOOKUP(L11,$Z$5:$AA$30,2,FALSE),0) -> 13 | Q11: =IF(N11="YES",0,IF(K11="State Service",ROUND(M11*5/31,0),IF(AND(K11="Subordinate",P11<10),ROUND(M11*2/31,0),IF(AND(K11="Subordinate",OR(P11<5,P11>9)),ROUND(M11*3/31,0),IF(K11="Ministerial",ROUND(M11*2/31,0),IF(OR(K11="Class IV",P11<5),ROUND(M11/31,0),"")))))) -> 6126 | R11: =IF(N11="YES",0,IF(OR(K11="Class IV",P11<5),0,IF(K11="State Service",ROUND('GA55 Main'!$J$14*2/30,0),ROUND('GA55 Main'!$J$14/30,0)))) -> 1879 | S11: =IF(N11="YES",0,IF(OR(K11="Class IV",P11<5),0,IF(K11="State Service",ROUND('GA55 Main'!$J$15*2/31,0),ROUND('GA55 Main'!$J$15/31,0)))) -> 1819 | T11: =IF(N11="YES",0,IF(OR(K11="Class IV",P11<5),0,IF(K11="State Service",ROUND('GA55 Main'!$J$16*2/30,0),ROUND('GA55 Main'!$J$16/30,0)))) -> 1879 | U11: =IF(N11="YES",0,IF(OR(K11="Class IV",P11<5),0,IF(K11="State Service",ROUND('GA55 Main'!$J$17*2/31,0),ROUND('GA55 Main'!$J$17/31,0)))) -> 1819 | V11: =IF(N11="YES",0,IF(OR(K11="Class IV",P11<5),0,IF(K11="State Service",ROUND('GA55 Main'!$J$18*2/31,0),ROUND('GA55 Main'!$J$18/31,0)))) -> 1819 | W11: =IF(N11="YES",0,IF(OR(K11="Class IV",P11<5),0,IF(K11="State Service",ROUND('GA55 Main'!$J$19*2/28,0),ROUND('GA55 Main'!$J$19/28,0)))) -> 2013 | X11: =SUM(Q11:W11) -> 17354 | Z11: L-7 | AA11: 7 | AB11: JAN | AC11: 4944
I12: =Master!A11 | J12: =Master!B11 -> 0 | K12: =Master!D11 -> 0 | L12: =Master!F11 -> 0 | M12: =Master!M11 -> 0 | N12: =Master!X11 -> 0 | O12: =IF(K12="State Service",ROUND(M12*15/31,0),IF(AND(K12="Subordinate",OR(L12=$Z$9,L17=$Z$7,L12=$Z$11,L12=$Z$12,L12=$Z$13)),ROUND(M12*22/31,0),IF(AND(K12="Subordinate",OR(L12=$Z$14,L12=$Z$15,L12=$Z$16,L12=$Z$17,L12=$Z$18,L12=$Z$19)),ROUND(M12*15/31,0),IF(K12="Ministerial",ROUND(M12*22/31,0),M12)))) -> 0 | P12: =IFERROR(VLOOKUP(L12,$Z$5:$AA$30,2,FALSE),0) -> 0 | Q12: =IF(N12="YES",0,IF(K12="State Service",ROUND(M12*5/31,0),IF(AND(K12="Subordinate",P12<10),ROUND(M12*2/31,0),IF(AND(K12="Subordinate",OR(P12<5,P12>9)),ROUND(M12*3/31,0),IF(K12="Ministerial",ROUND(M12*2/31,0),IF(OR(K12="Class IV",P12<5),ROUND(M12/31,0),"")))))) -> 0 | R12: =IF(N12="YES",0,IF(OR(K12="Class IV",P12<5),0,IF(K12="State Service",ROUND('GA55 Main'!$J$14*2/30,0),ROUND('GA55 Main'!$J$14/30,0)))) -> 0 | S12: =IF(N12="YES",0,IF(OR(K12="Class IV",P12<5),0,IF(K12="State Service",ROUND('GA55 Main'!$J$15*2/31,0),ROUND('GA55 Main'!$J$15/31,0)))) -> 0 | T12: =IF(N12="YES",0,IF(OR(K12="Class IV",P12<5),0,IF(K12="State Service",ROUND('GA55 Main'!$J$16*2/30,0),ROUND('GA55 Main'!$J$16/30,0)))) -> 0 | U12: =IF(N12="YES",0,IF(OR(K12="Class IV",P12<5),0,IF(K12="State Service",ROUND('GA55 Main'!$J$17*2/31,0),ROUND('GA55 Main'!$J$17/31,0)))) -> 0 | V12: =IF(N12="YES",0,IF(OR(K12="Class IV",P12<5),0,IF(K12="State Service",ROUND('GA55 Main'!$J$18*2/31,0),ROUND('GA55 Main'!$J$18/31,0)))) -> 0 | W12: =IF(N12="YES",0,IF(OR(K12="Class IV",P12<5),0,IF(K12="State Service",ROUND('GA55 Main'!$J$19*2/28,0),ROUND('GA55 Main'!$J$19/28,0)))) -> 0 | X12: =SUM(Q12:W12) -> 0 | Z12: L-8 | AA12: 8 | AB12: FAR | AC12: 5473
I13: =Master!A12 | J13: =Master!B12 -> 0 | K13: =Master!D12 -> 0 | L13: =Master!F12 -> 0 | M13: =Master!M12 -> 0 | N13: =Master!X12 -> 0 | O13: =IF(K13="State Service",ROUND(M13*15/31,0),IF(AND(K13="Subordinate",OR(L13=$Z$9,L18=$Z$7,L13=$Z$11,L13=$Z$12,L13=$Z$13)),ROUND(M13*22/31,0),IF(AND(K13="Subordinate",OR(L13=$Z$14,L13=$Z$15,L13=$Z$16,L13=$Z$17,L13=$Z$18,L13=$Z$19)),ROUND(M13*15/31,0),IF(K13="Ministerial",ROUND(M13*22/31,0),M13)))) -> 0 | P13: =IFERROR(VLOOKUP(L13,$Z$5:$AA$30,2,FALSE),0) -> 0 | Q13: =IF(N13="YES",0,IF(K13="State Service",ROUND(M13*5/31,0),IF(AND(K13="Subordinate",P13<10),ROUND(M13*2/31,0),IF(AND(K13="Subordinate",OR(P13<5,P13>9)),ROUND(M13*3/31,0),IF(K13="Ministerial",ROUND(M13*2/31,0),IF(OR(K13="Class IV",P13<5),ROUND(M13/31,0),"")))))) -> 0 | R13: =IF(N13="YES",0,IF(OR(K13="Class IV",P13<5),0,IF(K13="State Service",ROUND('GA55 Main'!$J$14*2/30,0),ROUND('GA55 Main'!$J$14/30,0)))) -> 0 | S13: =IF(N13="YES",0,IF(OR(K13="Class IV",P13<5),0,IF(K13="State Service",ROUND('GA55 Main'!$J$15*2/31,0),ROUND('GA55 Main'!$J$15/31,0)))) -> 0 | T13: =IF(N13="YES",0,IF(OR(K13="Class IV",P13<5),0,IF(K13="State Service",ROUND('GA55 Main'!$J$16*2/30,0),ROUND('GA55 Main'!$J$16/30,0)))) -> 0 | U13: =IF(N13="YES",0,IF(OR(K13="Class IV",P13<5),0,IF(K13="State Service",ROUND('GA55 Main'!$J$17*2/31,0),ROUND('GA55 Main'!$J$17/31,0)))) -> 0 | V13: =IF(N13="YES",0,IF(OR(K13="Class IV",P13<5),0,IF(K13="State Service",ROUND('GA55 Main'!$J$18*2/31,0),ROUND('GA55 Main'!$J$18/31,0)))) -> 0 | W13: =IF(N13="YES",0,IF(OR(K13="Class IV",P13<5),0,IF(K13="State Service",ROUND('GA55 Main'!$J$19*2/28,0),ROUND('GA55 Main'!$J$19/28,0)))) -> 0 | X13: =SUM(Q13:W13) -> 0 | Z13: L-9 | AA13: 9
I14: =Master!A13 | J14: =Master!B13 -> 0 | K14: =Master!D13 -> 0 | L14: =Master!F13 -> 0 | M14: =Master!M13 -> 0 | N14: =Master!X13 -> 0 | O14: =IF(K14="State Service",ROUND(M14*15/31,0),IF(AND(K14="Subordinate",OR(L14=$Z$9,L19=$Z$7,L14=$Z$11,L14=$Z$12,L14=$Z$13)),ROUND(M14*22/31,0),IF(AND(K14="Subordinate",OR(L14=$Z$14,L14=$Z$15,L14=$Z$16,L14=$Z$17,L14=$Z$18,L14=$Z$19)),ROUND(M14*15/31,0),IF(K14="Ministerial",ROUND(M14*22/31,0),M14)))) -> 0 | P14: =IFERROR(VLOOKUP(L14,$Z$5:$AA$30,2,FALSE),0) -> 0 | Q14: =IF(N14="YES",0,IF(K14="State Service",ROUND(M14*5/31,0),IF(AND(K14="Subordinate",P14<10),ROUND(M14*2/31,0),IF(AND(K14="Subordinate",OR(P14<5,P14>9)),ROUND(M14*3/31,0),IF(K14="Ministerial",ROUND(M14*2/31,0),IF(OR(K14="Class IV",P14<5),ROUND(M14/31,0),"")))))) -> 0 | R14: =IF(N14="YES",0,IF(OR(K14="Class IV",P14<5),0,IF(K14="State Service",ROUND('GA55 Main'!$J$14*2/30,0),ROUND('GA55 Main'!$J$14/30,0)))) -> 0 | S14: =IF(N14="YES",0,IF(OR(K14="Class IV",P14<5),0,IF(K14="State Service",ROUND('GA55 Main'!$J$15*2/31,0),ROUND('GA55 Main'!$J$15/31,0)))) -> 0 | T14: =IF(N14="YES",0,IF(OR(K14="Class IV",P14<5),0,IF(K14="State Service",ROUND('GA55 Main'!$J$16*2/30,0),ROUND('GA55 Main'!$J$16/30,0)))) -> 0 | U14: =IF(N14="YES",0,IF(OR(K14="Class IV",P14<5),0,IF(K14="State Service",ROUND('GA55 Main'!$J$17*2/31,0),ROUND('GA55 Main'!$J$17/31,0)))) -> 0 | V14: =IF(N14="YES",0,IF(OR(K14="Class IV",P14<5),0,IF(K14="State Service",ROUND('GA55 Main'!$J$18*2/31,0),ROUND('GA55 Main'!$J$18/31,0)))) -> 0 | W14: =IF(N14="YES",0,IF(OR(K14="Class IV",P14<5),0,IF(K14="State Service",ROUND('GA55 Main'!$J$19*2/28,0),ROUND('GA55 Main'!$J$19/28,0)))) -> 0 | X14: =SUM(Q14:W14) -> 0 | Z14: L-10 | AA14: 10 | AC14: =VLOOKUP(L5,$Z$5:$AA$30,2,FALSE) -> 11
I15: =Master!A14 | J15: =Master!B14 -> 0 | K15: =Master!D14 -> 0 | L15: =Master!F14 -> 0 | M15: =Master!M14 -> 0 | N15: =Master!X14 -> 0 | O15: =IF(K15="State Service",ROUND(M15*15/31,0),IF(AND(K15="Subordinate",OR(L15=$Z$9,L20=$Z$7,L15=$Z$11,L15=$Z$12,L15=$Z$13)),ROUND(M15*22/31,0),IF(AND(K15="Subordinate",OR(L15=$Z$14,L15=$Z$15,L15=$Z$16,L15=$Z$17,L15=$Z$18,L15=$Z$19)),ROUND(M15*15/31,0),IF(K15="Ministerial",ROUND(M15*22/31,0),M15)))) -> 0 | P15: =IFERROR(VLOOKUP(L15,$Z$5:$AA$30,2,FALSE),0) -> 0 | Q15: =IF(N15="YES",0,IF(K15="State Service",ROUND(M15*5/31,0),IF(AND(K15="Subordinate",P15<10),ROUND(M15*2/31,0),IF(AND(K15="Subordinate",OR(P15<5,P15>9)),ROUND(M15*3/31,0),IF(K15="Ministerial",ROUND(M15*2/31,0),IF(OR(K15="Class IV",P15<5),ROUND(M15/31,0),"")))))) -> 0 | R15: =IF(N15="YES",0,IF(OR(K15="Class IV",P15<5),0,IF(K15="State Service",ROUND('GA55 Main'!$J$14*2/30,0),ROUND('GA55 Main'!$J$14/30,0)))) -> 0 | S15: =IF(N15="YES",0,IF(OR(K15="Class IV",P15<5),0,IF(K15="State Service",ROUND('GA55 Main'!$J$15*2/31,0),ROUND('GA55 Main'!$J$15/31,0)))) -> 0 | T15: =IF(N15="YES",0,IF(OR(K15="Class IV",P15<5),0,IF(K15="State Service",ROUND('GA55 Main'!$J$16*2/30,0),ROUND('GA55 Main'!$J$16/30,0)))) -> 0 | U15: =IF(N15="YES",0,IF(OR(K15="Class IV",P15<5),0,IF(K15="State Service",ROUND('GA55 Main'!$J$17*2/31,0),ROUND('GA55 Main'!$J$17/31,0)))) -> 0 | V15: =IF(N15="YES",0,IF(OR(K15="Class IV",P15<5),0,IF(K15="State Service",ROUND('GA55 Main'!$J$18*2/31,0),ROUND('GA55 Main'!$J$18/31,0)))) -> 0 | W15: =IF(N15="YES",0,IF(OR(K15="Class IV",P15<5),0,IF(K15="State Service",ROUND('GA55 Main'!$J$19*2/28,0),ROUND('GA55 Main'!$J$19/28,0)))) -> 0 | X15: =SUM(Q15:W15) -> 0 | Z15: L-11 | AA15: 11
I16: =Master!A15 | J16: =Master!B15 -> 0 | K16: =Master!D15 -> 0 | L16: =Master!F15 -> 0 | M16: =Master!M15 -> 0 | N16: =Master!X15 -> 0 | O16: =IF(K16="State Service",ROUND(M16*15/31,0),IF(AND(K16="Subordinate",OR(L16=$Z$9,L21=$Z$7,L16=$Z$11,L16=$Z$12,L16=$Z$13)),ROUND(M16*22/31,0),IF(AND(K16="Subordinate",OR(L16=$Z$14,L16=$Z$15,L16=$Z$16,L16=$Z$17,L16=$Z$18,L16=$Z$19)),ROUND(M16*15/31,0),IF(K16="Ministerial",ROUND(M16*22/31,0),M16)))) -> 0 | P16: =IFERROR(VLOOKUP(L16,$Z$5:$AA$30,2,FALSE),0) -> 0 | Q16: =IF(N16="YES",0,IF(K16="State Service",ROUND(M16*5/31,0),IF(AND(K16="Subordinate",P16<10),ROUND(M16*2/31,0),IF(AND(K16="Subordinate",OR(P16<5,P16>9)),ROUND(M16*3/31,0),IF(K16="Ministerial",ROUND(M16*2/31,0),IF(OR(K16="Class IV",P16<5),ROUND(M16/31,0),"")))))) -> 0 | R16: =IF(N16="YES",0,IF(OR(K16="Class IV",P16<5),0,IF(K16="State Service",ROUND('GA55 Main'!$J$14*2/30,0),ROUND('GA55 Main'!$J$14/30,0)))) -> 0 | S16: =IF(N16="YES",0,IF(OR(K16="Class IV",P16<5),0,IF(K16="State Service",ROUND('GA55 Main'!$J$15*2/31,0),ROUND('GA55 Main'!$J$15/31,0)))) -> 0 | T16: =IF(N16="YES",0,IF(OR(K16="Class IV",P16<5),0,IF(K16="State Service",ROUND('GA55 Main'!$J$16*2/30,0),ROUND('GA55 Main'!$J$16/30,0)))) -> 0 | U16: =IF(N16="YES",0,IF(OR(K16="Class IV",P16<5),0,IF(K16="State Service",ROUND('GA55 Main'!$J$17*2/31,0),ROUND('GA55 Main'!$J$17/31,0)))) -> 0 | V16: =IF(N16="YES",0,IF(OR(K16="Class IV",P16<5),0,IF(K16="State Service",ROUND('GA55 Main'!$J$18*2/31,0),ROUND('GA55 Main'!$J$18/31,0)))) -> 0 | W16: =IF(N16="YES",0,IF(OR(K16="Class IV",P16<5),0,IF(K16="State Service",ROUND('GA55 Main'!$J$19*2/28,0),ROUND('GA55 Main'!$J$19/28,0)))) -> 0 | X16: =SUM(Q16:W16) -> 0 | Z16: L-12 | AA16: 12
I17: =Master!A254 -> 0 | J17: =Master!B254 -> 0 | K17: =Master!D254 -> 0 | L17: =Master!F254 -> 0 | M17: =Master!M254 -> 0 | N17: =Master!X254 -> 0 | O17: =IF(K17="State Service",ROUND(M17*15/31,0),IF(AND(K17="Subordinate",OR(L17=$Z$9,L22=$Z$7,L17=$Z$11,L17=$Z$12,L17=$Z$13)),ROUND(M17*22/31,0),IF(AND(K17="Subordinate",OR(L17=$Z$14,L17=$Z$15,L17=$Z$16,L17=$Z$17,L17=$Z$18,L17=$Z$19)),ROUND(M17*15/31,0),IF(K17="Ministerial",ROUND(M17*22/31,0),M17)))) -> 0 | P17: =IFERROR(VLOOKUP(L17,$Z$5:$AA$30,2,FALSE),0) -> 0 | Q17: =IF(N17="YES",0,IF(K17="State Service",ROUND(M17*5/31,0),IF(AND(K17="Subordinate",P17<10),ROUND(M17*2/31,0),IF(AND(K17="Subordinate",OR(P17<5,P17>9)),ROUND(M17*3/31,0),IF(K17="Ministerial",ROUND(M17*2/31,0),IF(OR(K17="Class IV",P17<5),ROUND(M17/31,0),"")))))) -> 0 | R17: =IF(N17="YES",0,IF(OR(K17="Class IV",P17<5),0,IF(K17="State Service",ROUND('GA55 Main'!$J$14*2/30,0),ROUND('GA55 Main'!$J$14/30,0)))) -> 0 | S17: =IF(N17="YES",0,IF(OR(K17="Class IV",P17<5),0,IF(K17="State Service",ROUND('GA55 Main'!$J$15*2/31,0),ROUND('GA55 Main'!$J$15/31,0)))) -> 0 | T17: =IF(N17="YES",0,IF(OR(K17="Class IV",P17<5),0,IF(K17="State Service",ROUND('GA55 Main'!$J$16*2/30,0),ROUND('GA55 Main'!$J$16/30,0)))) -> 0 | U17: =IF(N17="YES",0,IF(OR(K17="Class IV",P17<5),0,IF(K17="State Service",ROUND('GA55 Main'!$J$17*2/31,0),ROUND('GA55 Main'!$J$17/31,0)))) -> 0 | V17: =IF(N17="YES",0,IF(OR(K17="Class IV",P17<5),0,IF(K17="State Service",ROUND('GA55 Main'!$J$18*2/31,0),ROUND('GA55 Main'!$J$18/31,0)))) -> 0 | W17: =IF(N17="YES",0,IF(OR(K17="Class IV",P17<5),0,IF(K17="State Service",ROUND('GA55 Main'!$J$19*2/28,0),ROUND('GA55 Main'!$J$19/28,0)))) -> 0 | X17: =SUM(Q17:W17) -> 0 | Z17: L-13 | AA17: 13
I18: =Master!A255 -> 0 | J18: =Master!B255 -> 0 | K18: =Master!D255 -> 0 | L18: =Master!F255 -> 0 | M18: =Master!M255 -> 0 | N18: =Master!X255 -> 0 | O18: =IF(K18="State Service",ROUND(M18*15/31,0),IF(AND(K18="Subordinate",OR(L18=$Z$9,L23=$Z$7,L18=$Z$11,L18=$Z$12,L18=$Z$13)),ROUND(M18*22/31,0),IF(AND(K18="Subordinate",OR(L18=$Z$14,L18=$Z$15,L18=$Z$16,L18=$Z$17,L18=$Z$18,L18=$Z$19)),ROUND(M18*15/31,0),IF(K18="Ministerial",ROUND(M18*22/31,0),M18)))) -> 0 | P18: =IFERROR(VLOOKUP(L18,$Z$5:$AA$30,2,FALSE),0) -> 0 | Q18: =IF(N18="YES",0,IF(K18="State Service",ROUND(M18*5/31,0),IF(AND(K18="Subordinate",P18<10),ROUND(M18*2/31,0),IF(AND(K18="Subordinate",OR(P18<5,P18>9)),ROUND(M18*3/31,0),IF(K18="Ministerial",ROUND(M18*2/31,0),IF(OR(K18="Class IV",P18<5),ROUND(M18/31,0),"")))))) -> 0 | R18: =IF(N18="YES",0,IF(OR(K18="Class IV",P18<5),0,IF(K18="State Service",ROUND('GA55 Main'!$J$14*2/30,0),ROUND('GA55 Main'!$J$14/30,0)))) -> 0 | S18: =IF(N18="YES",0,IF(OR(K18="Class IV",P18<5),0,IF(K18="State Service",ROUND('GA55 Main'!$J$15*2/31,0),ROUND('GA55 Main'!$J$15/31,0)))) -> 0 | T18: =IF(N18="YES",0,IF(OR(K18="Class IV",P18<5),0,IF(K18="State Service",ROUND('GA55 Main'!$J$16*2/30,0),ROUND('GA55 Main'!$J$16/30,0)))) -> 0 | U18: =IF(N18="YES",0,IF(OR(K18="Class IV",P18<5),0,IF(K18="State Service",ROUND('GA55 Main'!$J$17*2/31,0),ROUND('GA55 Main'!$J$17/31,0)))) -> 0 | V18: =IF(N18="YES",0,IF(OR(K18="Class IV",P18<5),0,IF(K18="State Service",ROUND('GA55 Main'!$J$18*2/31,0),ROUND('GA55 Main'!$J$18/31,0)))) -> 0 | W18: =IF(N18="YES",0,IF(OR(K18="Class IV",P18<5),0,IF(K18="State Service",ROUND('GA55 Main'!$J$19*2/28,0),ROUND('GA55 Main'!$J$19/28,0)))) -> 0 | X18: =SUM(Q18:W18) -> 0 | Z18: L-14 | AA18: 14
I19: =Master!A256 -> 0 | J19: =Master!B256 -> 0 | K19: =Master!D256 -> 0 | L19: =Master!F256 -> 0 | M19: =Master!M256 -> 0 | N19: =Master!X256 -> 0 | O19: =IF(K19="State Service",ROUND(M19*15/31,0),IF(AND(K19="Subordinate",OR(L19=$Z$9,L24=$Z$7,L19=$Z$11,L19=$Z$12,L19=$Z$13)),ROUND(M19*22/31,0),IF(AND(K19="Subordinate",OR(L19=$Z$14,L19=$Z$15,L19=$Z$16,L19=$Z$17,L19=$Z$18,L19=$Z$19)),ROUND(M19*15/31,0),IF(K19="Ministerial",ROUND(M19*22/31,0),M19)))) -> 0 | P19: =IFERROR(VLOOKUP(L19,$Z$5:$AA$30,2,FALSE),0) -> 0 | Q19: =IF(N19="YES",0,IF(K19="State Service",ROUND(M19*5/31,0),IF(AND(K19="Subordinate",P19<10),ROUND(M19*2/31,0),IF(AND(K19="Subordinate",OR(P19<5,P19>9)),ROUND(M19*3/31,0),IF(K19="Ministerial",ROUND(M19*2/31,0),IF(OR(K19="Class IV",P19<5),ROUND(M19/31,0),"")))))) -> 0 | R19: =IF(N19="YES",0,IF(OR(K19="Class IV",P19<5),0,IF(K19="State Service",ROUND('GA55 Main'!$J$14*2/30,0),ROUND('GA55 Main'!$J$14/30,0)))) -> 0 | S19: =IF(N19="YES",0,IF(OR(K19="Class IV",P19<5),0,IF(K19="State Service",ROUND('GA55 Main'!$J$15*2/31,0),ROUND('GA55 Main'!$J$15/31,0)))) -> 0 | T19: =IF(N19="YES",0,IF(OR(K19="Class IV",P19<5),0,IF(K19="State Service",ROUND('GA55 Main'!$J$16*2/30,0),ROUND('GA55 Main'!$J$16/30,0)))) -> 0 | U19: =IF(N19="YES",0,IF(OR(K19="Class IV",P19<5),0,IF(K19="State Service",ROUND('GA55 Main'!$J$17*2/31,0),ROUND('GA55 Main'!$J$17/31,0)))) -> 0 | V19: =IF(N19="YES",0,IF(OR(K19="Class IV",P19<5),0,IF(K19="State Service",ROUND('GA55 Main'!$J$18*2/31,0),ROUND('GA55 Main'!$J$18/31,0)))) -> 0 | W19: =IF(N19="YES",0,IF(OR(K19="Class IV",P19<5),0,IF(K19="State Service",ROUND('GA55 Main'!$J$19*2/28,0),ROUND('GA55 Main'!$J$19/28,0)))) -> 0 | X19: =SUM(Q19:W19) -> 0 | Z19: L-15 | AA19: 15
I20: =Master!A257 -> 0 | J20: =Master!B257 -> 0 | K20: =Master!D257 -> 0 | L20: =Master!F257 -> 0 | M20: =Master!M257 -> 0 | N20: =Master!X257 -> 0 | O20: =IF(K20="State Service",ROUND(M20*15/31,0),IF(AND(K20="Subordinate",OR(L20=$Z$9,L25=$Z$7,L20=$Z$11,L20=$Z$12,L20=$Z$13)),ROUND(M20*22/31,0),IF(AND(K20="Subordinate",OR(L20=$Z$14,L20=$Z$15,L20=$Z$16,L20=$Z$17,L20=$Z$18,L20=$Z$19)),ROUND(M20*15/31,0),IF(K20="Ministerial",ROUND(M20*22/31,0),M20)))) -> 0 | P20: =IFERROR(VLOOKUP(L20,$Z$5:$AA$30,2,FALSE),0) -> 0 | Q20: =IF(N20="YES",0,IF(K20="State Service",ROUND(M20*5/31,0),IF(AND(K20="Subordinate",P20<10),ROUND(M20*2/31,0),IF(AND(K20="Subordinate",OR(P20<5,P20>9)),ROUND(M20*3/31,0),IF(K20="Ministerial",ROUND(M20*2/31,0),IF(OR(K20="Class IV",P20<5),ROUND(M20/31,0),"")))))) -> 0 | R20: =IF(N20="YES",0,IF(OR(K20="Class IV",P20<5),0,IF(K20="State Service",ROUND('GA55 Main'!$J$14*2/30,0),ROUND('GA55 Main'!$J$14/30,0)))) -> 0 | S20: =IF(N20="YES",0,IF(OR(K20="Class IV",P20<5),0,IF(K20="State Service",ROUND('GA55 Main'!$J$15*2/31,0),ROUND('GA55 Main'!$J$15/31,0)))) -> 0 | T20: =IF(N20="YES",0,IF(OR(K20="Class IV",P20<5),0,IF(K20="State Service",ROUND('GA55 Main'!$J$16*2/30,0),ROUND('GA55 Main'!$J$16/30,0)))) -> 0 | U20: =IF(N20="YES",0,IF(OR(K20="Class IV",P20<5),0,IF(K20="State Service",ROUND('GA55 Main'!$J$17*2/31,0),ROUND('GA55 Main'!$J$17/31,0)))) -> 0 | V20: =IF(N20="YES",0,IF(OR(K20="Class IV",P20<5),0,IF(K20="State Service",ROUND('GA55 Main'!$J$18*2/31,0),ROUND('GA55 Main'!$J$18/31,0)))) -> 0 | W20: =IF(N20="YES",0,IF(OR(K20="Class IV",P20<5),0,IF(K20="State Service",ROUND('GA55 Main'!$J$19*2/28,0),ROUND('GA55 Main'!$J$19/28,0)))) -> 0 | X20: =SUM(Q20:W20) -> 0 | Z20: L-16 | AA20: 16
I21: =Master!A258 -> 0 | J21: =Master!B258 -> 0 | K21: =Master!D258 -> 0 | L21: =Master!F258 -> 0 | M21: =Master!M258 -> 0 | N21: =Master!X258 -> 0 | O21: =IF(K21="State Service",ROUND(M21*15/31,0),IF(AND(K21="Subordinate",OR(L21=$Z$9,L26=$Z$7,L21=$Z$11,L21=$Z$12,L21=$Z$13)),ROUND(M21*22/31,0),IF(AND(K21="Subordinate",OR(L21=$Z$14,L21=$Z$15,L21=$Z$16,L21=$Z$17,L21=$Z$18,L21=$Z$19)),ROUND(M21*15/31,0),IF(K21="Ministerial",ROUND(M21*22/31,0),M21)))) -> 0 | P21: =IFERROR(VLOOKUP(L21,$Z$5:$AA$30,2,FALSE),0) -> 0 | Q21: =IF(N21="YES",0,IF(K21="State Service",ROUND(M21*5/31,0),IF(AND(K21="Subordinate",P21<10),ROUND(M21*2/31,0),IF(AND(K21="Subordinate",OR(P21<5,P21>9)),ROUND(M21*3/31,0),IF(K21="Ministerial",ROUND(M21*2/31,0),IF(OR(K21="Class IV",P21<5),ROUND(M21/31,0),"")))))) -> 0 | R21: =IF(N21="YES",0,IF(OR(K21="Class IV",P21<5),0,IF(K21="State Service",ROUND('GA55 Main'!$J$14*2/30,0),ROUND('GA55 Main'!$J$14/30,0)))) -> 0 | S21: =IF(N21="YES",0,IF(OR(K21="Class IV",P21<5),0,IF(K21="State Service",ROUND('GA55 Main'!$J$15*2/31,0),ROUND('GA55 Main'!$J$15/31,0)))) -> 0 | T21: =IF(N21="YES",0,IF(OR(K21="Class IV",P21<5),0,IF(K21="State Service",ROUND('GA55 Main'!$J$16*2/30,0),ROUND('GA55 Main'!$J$16/30,0)))) -> 0 | U21: =IF(N21="YES",0,IF(OR(K21="Class IV",P21<5),0,IF(K21="State Service",ROUND('GA55 Main'!$J$17*2/31,0),ROUND('GA55 Main'!$J$17/31,0)))) -> 0 | V21: =IF(N21="YES",0,IF(OR(K21="Class IV",P21<5),0,IF(K21="State Service",ROUND('GA55 Main'!$J$18*2/31,0),ROUND('GA55 Main'!$J$18/31,0)))) -> 0 | W21: =IF(N21="YES",0,IF(OR(K21="Class IV",P21<5),0,IF(K21="State Service",ROUND('GA55 Main'!$J$19*2/28,0),ROUND('GA55 Main'!$J$19/28,0)))) -> 0 | X21: =SUM(Q21:W21) -> 0 | Z21: L-17 | AA21: 17
I22: =Master!A259 -> 0 | J22: =Master!B259 -> 0 | K22: =Master!D259 -> 0 | L22: =Master!F259 -> 0 | M22: =Master!M259 -> 0 | N22: =Master!X259 -> 0 | O22: =IF(K22="State Service",ROUND(M22*15/31,0),IF(AND(K22="Subordinate",OR(L22=$Z$9,L27=$Z$7,L22=$Z$11,L22=$Z$12,L22=$Z$13)),ROUND(M22*22/31,0),IF(AND(K22="Subordinate",OR(L22=$Z$14,L22=$Z$15,L22=$Z$16,L22=$Z$17,L22=$Z$18,L22=$Z$19)),ROUND(M22*15/31,0),IF(K22="Ministerial",ROUND(M22*22/31,0),M22)))) -> 0 | P22: =IFERROR(VLOOKUP(L22,$Z$5:$AA$30,2,FALSE),0) -> 0 | Q22: =IF(N22="YES",0,IF(K22="State Service",ROUND(M22*5/31,0),IF(AND(K22="Subordinate",P22<10),ROUND(M22*2/31,0),IF(AND(K22="Subordinate",OR(P22<5,P22>9)),ROUND(M22*3/31,0),IF(K22="Ministerial",ROUND(M22*2/31,0),IF(OR(K22="Class IV",P22<5),ROUND(M22/31,0),"")))))) -> 0 | R22: =IF(N22="YES",0,IF(OR(K22="Class IV",P22<5),0,IF(K22="State Service",ROUND('GA55 Main'!$J$14*2/30,0),ROUND('GA55 Main'!$J$14/30,0)))) -> 0 | S22: =IF(N22="YES",0,IF(OR(K22="Class IV",P22<5),0,IF(K22="State Service",ROUND('GA55 Main'!$J$15*2/31,0),ROUND('GA55 Main'!$J$15/31,0)))) -> 0 | T22: =IF(N22="YES",0,IF(OR(K22="Class IV",P22<5),0,IF(K22="State Service",ROUND('GA55 Main'!$J$16*2/30,0),ROUND('GA55 Main'!$J$16/30,0)))) -> 0 | U22: =IF(N22="YES",0,IF(OR(K22="Class IV",P22<5),0,IF(K22="State Service",ROUND('GA55 Main'!$J$17*2/31,0),ROUND('GA55 Main'!$J$17/31,0)))) -> 0 | V22: =IF(N22="YES",0,IF(OR(K22="Class IV",P22<5),0,IF(K22="State Service",ROUND('GA55 Main'!$J$18*2/31,0),ROUND('GA55 Main'!$J$18/31,0)))) -> 0 | W22: =IF(N22="YES",0,IF(OR(K22="Class IV",P22<5),0,IF(K22="State Service",ROUND('GA55 Main'!$J$19*2/28,0),ROUND('GA55 Main'!$J$19/28,0)))) -> 0 | X22: =SUM(Q22:W22) -> 0 | Z22: L-18 | AA22: 18
I23: =Master!A260 -> 0 | J23: =Master!B260 -> 0 | K23: =Master!D260 -> 0 | L23: =Master!F260 -> 0 | M23: =Master!M260 -> 0 | N23: =Master!X260 -> 0 | O23: =IF(K23="State Service",ROUND(M23*15/31,0),IF(AND(K23="Subordinate",OR(L23=$Z$9,L28=$Z$7,L23=$Z$11,L23=$Z$12,L23=$Z$13)),ROUND(M23*22/31,0),IF(AND(K23="Subordinate",OR(L23=$Z$14,L23=$Z$15,L23=$Z$16,L23=$Z$17,L23=$Z$18,L23=$Z$19)),ROUND(M23*15/31,0),IF(K23="Ministerial",ROUND(M23*22/31,0),M23)))) -> 0 | P23: =IFERROR(VLOOKUP(L23,$Z$5:$AA$30,2,FALSE),0) -> 0 | Q23: =IF(N23="YES",0,IF(K23="State Service",ROUND(M23*5/31,0),IF(AND(K23="Subordinate",P23<10),ROUND(M23*2/31,0),IF(AND(K23="Subordinate",OR(P23<5,P23>9)),ROUND(M23*3/31,0),IF(K23="Ministerial",ROUND(M23*2/31,0),IF(OR(K23="Class IV",P23<5),ROUND(M23/31,0),"")))))) -> 0 | R23: =IF(N23="YES",0,IF(OR(K23="Class IV",P23<5),0,IF(K23="State Service",ROUND('GA55 Main'!$J$14*2/30,0),ROUND('GA55 Main'!$J$14/30,0)))) -> 0 | S23: =IF(N23="YES",0,IF(OR(K23="Class IV",P23<5),0,IF(K23="State Service",ROUND('GA55 Main'!$J$15*2/31,0),ROUND('GA55 Main'!$J$15/31,0)))) -> 0 | T23: =IF(N23="YES",0,IF(OR(K23="Class IV",P23<5),0,IF(K23="State Service",ROUND('GA55 Main'!$J$16*2/30,0),ROUND('GA55 Main'!$J$16/30,0)))) -> 0 | U23: =IF(N23="YES",0,IF(OR(K23="Class IV",P23<5),0,IF(K23="State Service",ROUND('GA55 Main'!$J$17*2/31,0),ROUND('GA55 Main'!$J$17/31,0)))) -> 0 | V23: =IF(N23="YES",0,IF(OR(K23="Class IV",P23<5),0,IF(K23="State Service",ROUND('GA55 Main'!$J$18*2/31,0),ROUND('GA55 Main'!$J$18/31,0)))) -> 0 | W23: =IF(N23="YES",0,IF(OR(K23="Class IV",P23<5),0,IF(K23="State Service",ROUND('GA55 Main'!$J$19*2/28,0),ROUND('GA55 Main'!$J$19/28,0)))) -> 0 | X23: =SUM(Q23:W23) -> 0 | Z23: L-19 | AA23: 19
I24: =Master!A261 -> 0 | J24: =Master!B261 -> 0 | K24: =Master!D261 -> 0 | L24: =Master!F261 -> 0 | M24: =Master!M261 -> 0 | N24: =Master!X261 -> 0 | O24: =IF(K24="State Service",ROUND(M24*15/31,0),IF(AND(K24="Subordinate",OR(L24=$Z$9,L29=$Z$7,L24=$Z$11,L24=$Z$12,L24=$Z$13)),ROUND(M24*22/31,0),IF(AND(K24="Subordinate",OR(L24=$Z$14,L24=$Z$15,L24=$Z$16,L24=$Z$17,L24=$Z$18,L24=$Z$19)),ROUND(M24*15/31,0),IF(K24="Ministerial",ROUND(M24*22/31,0),M24)))) -> 0 | P24: =IFERROR(VLOOKUP(L24,$Z$5:$AA$30,2,FALSE),0) -> 0 | Q24: =IF(N24="YES",0,IF(K24="State Service",ROUND(M24*5/31,0),IF(AND(K24="Subordinate",P24<10),ROUND(M24*2/31,0),IF(AND(K24="Subordinate",OR(P24<5,P24>9)),ROUND(M24*3/31,0),IF(K24="Ministerial",ROUND(M24*2/31,0),IF(OR(K24="Class IV",P24<5),ROUND(M24/31,0),"")))))) -> 0 | R24: =IF(N24="YES",0,IF(OR(K24="Class IV",P24<5),0,IF(K24="State Service",ROUND('GA55 Main'!$J$14*2/30,0),ROUND('GA55 Main'!$J$14/30,0)))) -> 0 | S24: =IF(N24="YES",0,IF(OR(K24="Class IV",P24<5),0,IF(K24="State Service",ROUND('GA55 Main'!$J$15*2/31,0),ROUND('GA55 Main'!$J$15/31,0)))) -> 0 | T24: =IF(N24="YES",0,IF(OR(K24="Class IV",P24<5),0,IF(K24="State Service",ROUND('GA55 Main'!$J$16*2/30,0),ROUND('GA55 Main'!$J$16/30,0)))) -> 0 | U24: =IF(N24="YES",0,IF(OR(K24="Class IV",P24<5),0,IF(K24="State Service",ROUND('GA55 Main'!$J$17*2/31,0),ROUND('GA55 Main'!$J$17/31,0)))) -> 0 | V24: =IF(N24="YES",0,IF(OR(K24="Class IV",P24<5),0,IF(K24="State Service",ROUND('GA55 Main'!$J$18*2/31,0),ROUND('GA55 Main'!$J$18/31,0)))) -> 0 | W24: =IF(N24="YES",0,IF(OR(K24="Class IV",P24<5),0,IF(K24="State Service",ROUND('GA55 Main'!$J$19*2/28,0),ROUND('GA55 Main'!$J$19/28,0)))) -> 0 | X24: =SUM(Q24:W24) -> 0 | Z24: L-20 | AA24: 20
I25: =Master!A262 -> 0 | J25: =Master!B262 -> 0 | K25: =Master!D262 -> 0 | L25: =Master!F262 -> 0 | M25: =Master!M262 -> 0 | N25: =Master!X262 -> 0 | O25: =IF(K25="State Service",ROUND(M25*15/31,0),IF(AND(K25="Subordinate",OR(L25=$Z$9,L30=$Z$7,L25=$Z$11,L25=$Z$12,L25=$Z$13)),ROUND(M25*22/31,0),IF(AND(K25="Subordinate",OR(L25=$Z$14,L25=$Z$15,L25=$Z$16,L25=$Z$17,L25=$Z$18,L25=$Z$19)),ROUND(M25*15/31,0),IF(K25="Ministerial",ROUND(M25*22/31,0),M25)))) -> 0 | P25: =IFERROR(VLOOKUP(L25,$Z$5:$AA$30,2,FALSE),0) -> 0 | Q25: =IF(N25="YES",0,IF(K25="State Service",ROUND(M25*5/31,0),IF(AND(K25="Subordinate",P25<10),ROUND(M25*2/31,0),IF(AND(K25="Subordinate",OR(P25<5,P25>9)),ROUND(M25*3/31,0),IF(K25="Ministerial",ROUND(M25*2/31,0),IF(OR(K25="Class IV",P25<5),ROUND(M25/31,0),"")))))) -> 0 | R25: =IF(N25="YES",0,IF(OR(K25="Class IV",P25<5),0,IF(K25="State Service",ROUND('GA55 Main'!$J$14*2/30,0),ROUND('GA55 Main'!$J$14/30,0)))) -> 0 | S25: =IF(N25="YES",0,IF(OR(K25="Class IV",P25<5),0,IF(K25="State Service",ROUND('GA55 Main'!$J$15*2/31,0),ROUND('GA55 Main'!$J$15/31,0)))) -> 0 | T25: =IF(N25="YES",0,IF(OR(K25="Class IV",P25<5),0,IF(K25="State Service",ROUND('GA55 Main'!$J$16*2/30,0),ROUND('GA55 Main'!$J$16/30,0)))) -> 0 | U25: =IF(N25="YES",0,IF(OR(K25="Class IV",P25<5),0,IF(K25="State Service",ROUND('GA55 Main'!$J$17*2/31,0),ROUND('GA55 Main'!$J$17/31,0)))) -> 0 | V25: =IF(N25="YES",0,IF(OR(K25="Class IV",P25<5),0,IF(K25="State Service",ROUND('GA55 Main'!$J$18*2/31,0),ROUND('GA55 Main'!$J$18/31,0)))) -> 0 | W25: =IF(N25="YES",0,IF(OR(K25="Class IV",P25<5),0,IF(K25="State Service",ROUND('GA55 Main'!$J$19*2/28,0),ROUND('GA55 Main'!$J$19/28,0)))) -> 0 | X25: =SUM(Q25:W25) -> 0 | Z25: L-21 | AA25: 21
I26: =Master!A263 -> 0 | J26: =Master!B263 -> 0 | K26: =Master!D263 -> 0 | L26: =Master!F263 -> 0 | M26: =Master!M263 -> 0 | N26: =Master!X263 -> 0 | O26: =IF(K26="State Service",ROUND(M26*15/31,0),IF(AND(K26="Subordinate",OR(L26=$Z$9,L31=$Z$7,L26=$Z$11,L26=$Z$12,L26=$Z$13)),ROUND(M26*22/31,0),IF(AND(K26="Subordinate",OR(L26=$Z$14,L26=$Z$15,L26=$Z$16,L26=$Z$17,L26=$Z$18,L26=$Z$19)),ROUND(M26*15/31,0),IF(K26="Ministerial",ROUND(M26*22/31,0),M26)))) -> 0 | P26: =IFERROR(VLOOKUP(L26,$Z$5:$AA$30,2,FALSE),0) -> 0 | Q26: =IF(N26="YES",0,IF(K26="State Service",ROUND(M26*5/31,0),IF(AND(K26="Subordinate",P26<10),ROUND(M26*2/31,0),IF(AND(K26="Subordinate",OR(P26<5,P26>9)),ROUND(M26*3/31,0),IF(K26="Ministerial",ROUND(M26*2/31,0),IF(OR(K26="Class IV",P26<5),ROUND(M26/31,0),"")))))) -> 0 | R26: =IF(N26="YES",0,IF(OR(K26="Class IV",P26<5),0,IF(K26="State Service",ROUND('GA55 Main'!$J$14*2/30,0),ROUND('GA55 Main'!$J$14/30,0)))) -> 0 | S26: =IF(N26="YES",0,IF(OR(K26="Class IV",P26<5),0,IF(K26="State Service",ROUND('GA55 Main'!$J$15*2/31,0),ROUND('GA55 Main'!$J$15/31,0)))) -> 0 | T26: =IF(N26="YES",0,IF(OR(K26="Class IV",P26<5),0,IF(K26="State Service",ROUND('GA55 Main'!$J$16*2/30,0),ROUND('GA55 Main'!$J$16/30,0)))) -> 0 | U26: =IF(N26="YES",0,IF(OR(K26="Class IV",P26<5),0,IF(K26="State Service",ROUND('GA55 Main'!$J$17*2/31,0),ROUND('GA55 Main'!$J$17/31,0)))) -> 0 | V26: =IF(N26="YES",0,IF(OR(K26="Class IV",P26<5),0,IF(K26="State Service",ROUND('GA55 Main'!$J$18*2/31,0),ROUND('GA55 Main'!$J$18/31,0)))) -> 0 | W26: =IF(N26="YES",0,IF(OR(K26="Class IV",P26<5),0,IF(K26="State Service",ROUND('GA55 Main'!$J$19*2/28,0),ROUND('GA55 Main'!$J$19/28,0)))) -> 0 | X26: =SUM(Q26:W26) -> 0 | Z26: L-22 | AA26: 22
I27: =Master!A264 -> 0 | J27: =Master!B264 -> 0 | K27: =Master!D264 -> 0 | L27: =Master!F264 -> 0 | M27: =Master!M264 -> 0 | N27: =Master!X264 -> 0 | O27: =IF(K27="State Service",ROUND(M27*15/31,0),IF(AND(K27="Subordinate",OR(L27=$Z$9,L32=$Z$7,L27=$Z$11,L27=$Z$12,L27=$Z$13)),ROUND(M27*22/31,0),IF(AND(K27="Subordinate",OR(L27=$Z$14,L27=$Z$15,L27=$Z$16,L27=$Z$17,L27=$Z$18,L27=$Z$19)),ROUND(M27*15/31,0),IF(K27="Ministerial",ROUND(M27*22/31,0),M27)))) -> 0 | P27: =IFERROR(VLOOKUP(L27,$Z$5:$AA$30,2,FALSE),0) -> 0 | Q27: =IF(N27="YES",0,IF(K27="State Service",ROUND(M27*5/31,0),IF(AND(K27="Subordinate",P27<10),ROUND(M27*2/31,0),IF(AND(K27="Subordinate",OR(P27<5,P27>9)),ROUND(M27*3/31,0),IF(K27="Ministerial",ROUND(M27*2/31,0),IF(OR(K27="Class IV",P27<5),ROUND(M27/31,0),"")))))) -> 0 | R27: =IF(N27="YES",0,IF(OR(K27="Class IV",P27<5),0,IF(K27="State Service",ROUND('GA55 Main'!$J$14*2/30,0),ROUND('GA55 Main'!$J$14/30,0)))) -> 0 | S27: =IF(N27="YES",0,IF(OR(K27="Class IV",P27<5),0,IF(K27="State Service",ROUND('GA55 Main'!$J$15*2/31,0),ROUND('GA55 Main'!$J$15/31,0)))) -> 0 | T27: =IF(N27="YES",0,IF(OR(K27="Class IV",P27<5),0,IF(K27="State Service",ROUND('GA55 Main'!$J$16*2/30,0),ROUND('GA55 Main'!$J$16/30,0)))) -> 0 | U27: =IF(N27="YES",0,IF(OR(K27="Class IV",P27<5),0,IF(K27="State Service",ROUND('GA55 Main'!$J$17*2/31,0),ROUND('GA55 Main'!$J$17/31,0)))) -> 0 | V27: =IF(N27="YES",0,IF(OR(K27="Class IV",P27<5),0,IF(K27="State Service",ROUND('GA55 Main'!$J$18*2/31,0),ROUND('GA55 Main'!$J$18/31,0)))) -> 0 | W27: =IF(N27="YES",0,IF(OR(K27="Class IV",P27<5),0,IF(K27="State Service",ROUND('GA55 Main'!$J$19*2/28,0),ROUND('GA55 Main'!$J$19/28,0)))) -> 0 | X27: =SUM(Q27:W27) -> 0 | Z27: L-23 | AA27: 23
I28: =Master!A265 -> 0 | J28: =Master!B265 -> 0 | K28: =Master!D265 -> 0 | L28: =Master!F265 -> 0 | M28: =Master!M265 -> 0 | N28: =Master!X265 -> 0 | O28: =IF(K28="State Service",ROUND(M28*15/31,0),IF(AND(K28="Subordinate",OR(L28=$Z$9,L33=$Z$7,L28=$Z$11,L28=$Z$12,L28=$Z$13)),ROUND(M28*22/31,0),IF(AND(K28="Subordinate",OR(L28=$Z$14,L28=$Z$15,L28=$Z$16,L28=$Z$17,L28=$Z$18,L28=$Z$19)),ROUND(M28*15/31,0),IF(K28="Ministerial",ROUND(M28*22/31,0),M28)))) -> 0 | P28: =IFERROR(VLOOKUP(L28,$Z$5:$AA$30,2,FALSE),0) -> 0 | Q28: =IF(N28="YES",0,IF(K28="State Service",ROUND(M28*5/31,0),IF(AND(K28="Subordinate",P28<10),ROUND(M28*2/31,0),IF(AND(K28="Subordinate",OR(P28<5,P28>9)),ROUND(M28*3/31,0),IF(K28="Ministerial",ROUND(M28*2/31,0),IF(OR(K28="Class IV",P28<5),ROUND(M28/31,0),"")))))) -> 0 | R28: =IF(N28="YES",0,IF(OR(K28="Class IV",P28<5),0,IF(K28="State Service",ROUND('GA55 Main'!$J$14*2/30,0),ROUND('GA55 Main'!$J$14/30,0)))) -> 0 | S28: =IF(N28="YES",0,IF(OR(K28="Class IV",P28<5),0,IF(K28="State Service",ROUND('GA55 Main'!$J$15*2/31,0),ROUND('GA55 Main'!$J$15/31,0)))) -> 0 | T28: =IF(N28="YES",0,IF(OR(K28="Class IV",P28<5),0,IF(K28="State Service",ROUND('GA55 Main'!$J$16*2/30,0),ROUND('GA55 Main'!$J$16/30,0)))) -> 0 | U28: =IF(N28="YES",0,IF(OR(K28="Class IV",P28<5),0,IF(K28="State Service",ROUND('GA55 Main'!$J$17*2/31,0),ROUND('GA55 Main'!$J$17/31,0)))) -> 0 | V28: =IF(N28="YES",0,IF(OR(K28="Class IV",P28<5),0,IF(K28="State Service",ROUND('GA55 Main'!$J$18*2/31,0),ROUND('GA55 Main'!$J$18/31,0)))) -> 0 | W28: =IF(N28="YES",0,IF(OR(K28="Class IV",P28<5),0,IF(K28="State Service",ROUND('GA55 Main'!$J$19*2/28,0),ROUND('GA55 Main'!$J$19/28,0)))) -> 0 | X28: =SUM(Q28:W28) -> 0 | Z28: L-24 | AA28: 24
... I30: =Master!A267 -> 0 | J30: =Master!B267 -> 0 | K30: =Master!D267 -> 0 | L30: =Master!F267 -> 0 | M30: =Master!M267 -> 0 | N30: =Master!X267 -> 0 | O30: =IF(K30="State Service",ROUND(M30*15/31,0),IF(AND(K30="Subordinate",OR(L30=$Z$9,L35=$Z$7,L30=$Z$11,L30=$Z$12,L30=$Z$13)),ROUND(M30*22/31,0),IF(AND(K30="Subordinate",OR(L30=$Z$14,L30=$Z$15,L30=$Z$16,L30=$Z$17,L30=$Z$18,L30=$Z$19)),ROUND(M30*15/31,0),IF(K30="Ministerial",ROUND(M30*22/31,0),M30)))) -> 0 | P30: =IFERROR(VLOOKUP(L30,$Z$5:$AA$30,2,FALSE),0) -> 0 | Q30: =IF(N30="YES",0,IF(K30="State Service",ROUND(M30*5/31,0),IF(AND(K30="Subordinate",P30<10),ROUND(M30*2/31,0),IF(AND(K30="Subordinate",OR(P30<5,P30>9)),ROUND(M30*3/31,0),IF(K30="Ministerial",ROUND(M30*2/31,0),IF(OR(K30="Class IV",P30<5),ROUND(M30/31,0),"")))))) -> 0 | R30: =IF(N30="YES",0,IF(OR(K30="Class IV",P30<5),0,IF(K30="State Service",ROUND('GA55 Main'!$J$14*2/30,0),ROUND('GA55 Main'!$J$14/30,0)))) -> 0 | S30: =IF(N30="YES",0,IF(OR(K30="Class IV",P30<5),0,IF(K30="State Service",ROUND('GA55 Main'!$J$15*2/31,0),ROUND('GA55 Main'!$J$15/31,0)))) -> 0 | T30: =IF(N30="YES",0,IF(OR(K30="Class IV",P30<5),0,IF(K30="State Service",ROUND('GA55 Main'!$J$16*2/30,0),ROUND('GA55 Main'!$J$16/30,0)))) -> 0 | U30: =IF(N30="YES",0,IF(OR(K30="Class IV",P30<5),0,IF(K30="State Service",ROUND('GA55 Main'!$J$17*2/31,0),ROUND('GA55 Main'!$J$17/31,0)))) -> 0 | V30: =IF(N30="YES",0,IF(OR(K30="Class IV",P30<5),0,IF(K30="State Service",ROUND('GA55 Main'!$J$18*2/31,0),ROUND('GA55 Main'!$J$18/31,0)))) -> 0 | W30: =IF(N30="YES",0,IF(OR(K30="Class IV",P30<5),0,IF(K30="State Service",ROUND('GA55 Main'!$J$19*2/28,0),ROUND('GA55 Main'!$J$19/28,0)))) -> 0 | X30: =SUM(Q30:W30) -> 0 | Z30: L-26 | AA30: 26
I31: =Master!A268 -> 0 | J31: =Master!B268 -> 0 | K31: =Master!D268 -> 0 | L31: =Master!F268 -> 0 | M31: =Master!M268 -> 0 | N31: =Master!X268 -> 0 | O31: =IF(K31="State Service",ROUND(M31*15/31,0),IF(AND(K31="Subordinate",OR(L31=$Z$9,L36=$Z$7,L31=$Z$11,L31=$Z$12,L31=$Z$13)),ROUND(M31*22/31,0),IF(AND(K31="Subordinate",OR(L31=$Z$14,L31=$Z$15,L31=$Z$16,L31=$Z$17,L31=$Z$18,L31=$Z$19)),ROUND(M31*15/31,0),IF(K31="Ministerial",ROUND(M31*22/31,0),M31)))) -> 0 | P31: =IFERROR(VLOOKUP(L31,$Z$5:$AA$30,2,FALSE),0) -> 0 | Q31: =IF(N31="YES",0,IF(K31="State Service",ROUND(M31*5/31,0),IF(AND(K31="Subordinate",P31<10),ROUND(M31*2/31,0),IF(AND(K31="Subordinate",OR(P31<5,P31>9)),ROUND(M31*3/31,0),IF(K31="Ministerial",ROUND(M31*2/31,0),IF(OR(K31="Class IV",P31<5),ROUND(M31/31,0),"")))))) -> 0 | R31: =IF(N31="YES",0,IF(OR(K31="Class IV",P31<5),0,IF(K31="State Service",ROUND('GA55 Main'!$J$14*2/30,0),ROUND('GA55 Main'!$J$14/30,0)))) -> 0 | S31: =IF(N31="YES",0,IF(OR(K31="Class IV",P31<5),0,IF(K31="State Service",ROUND('GA55 Main'!$J$15*2/31,0),ROUND('GA55 Main'!$J$15/31,0)))) -> 0 | T31: =IF(N31="YES",0,IF(OR(K31="Class IV",P31<5),0,IF(K31="State Service",ROUND('GA55 Main'!$J$16*2/30,0),ROUND('GA55 Main'!$J$16/30,0)))) -> 0 | U31: =IF(N31="YES",0,IF(OR(K31="Class IV",P31<5),0,IF(K31="State Service",ROUND('GA55 Main'!$J$17*2/31,0),ROUND('GA55 Main'!$J$17/31,0)))) -> 0 | V31: =IF(N31="YES",0,IF(OR(K31="Class IV",P31<5),0,IF(K31="State Service",ROUND('GA55 Main'!$J$18*2/31,0),ROUND('GA55 Main'!$J$18/31,0)))) -> 0 | W31: =IF(N31="YES",0,IF(OR(K31="Class IV",P31<5),0,IF(K31="State Service",ROUND('GA55 Main'!$J$19*2/28,0),ROUND('GA55 Main'!$J$19/28,0)))) -> 0 | X31: =SUM(Q31:W31) -> 0
I32: =Master!A269 -> 0 | J32: =Master!B269 -> 0 | K32: =Master!D269 -> 0 | L32: =Master!F269 -> 0 | M32: =Master!M269 -> 0 | N32: =Master!X269 -> 0 | O32: =IF(K32="State Service",ROUND(M32*15/31,0),IF(AND(K32="Subordinate",OR(L32=$Z$9,L37=$Z$7,L32=$Z$11,L32=$Z$12,L32=$Z$13)),ROUND(M32*22/31,0),IF(AND(K32="Subordinate",OR(L32=$Z$14,L32=$Z$15,L32=$Z$16,L32=$Z$17,L32=$Z$18,L32=$Z$19)),ROUND(M32*15/31,0),IF(K32="Ministerial",ROUND(M32*22/31,0),M32)))) -> 0 | P32: =IFERROR(VLOOKUP(L32,$Z$5:$AA$30,2,FALSE),0) -> 0 | Q32: =IF(N32="YES",0,IF(K32="State Service",ROUND(M32*5/31,0),IF(AND(K32="Subordinate",P32<10),ROUND(M32*2/31,0),IF(AND(K32="Subordinate",OR(P32<5,P32>9)),ROUND(M32*3/31,0),IF(K32="Ministerial",ROUND(M32*2/31,0),IF(OR(K32="Class IV",P32<5),ROUND(M32/31,0),"")))))) -> 0 | R32: =IF(N32="YES",0,IF(OR(K32="Class IV",P32<5),0,IF(K32="State Service",ROUND('GA55 Main'!$J$14*2/30,0),ROUND('GA55 Main'!$J$14/30,0)))) -> 0 | S32: =IF(N32="YES",0,IF(OR(K32="Class IV",P32<5),0,IF(K32="State Service",ROUND('GA55 Main'!$J$15*2/31,0),ROUND('GA55 Main'!$J$15/31,0)))) -> 0 | T32: =IF(N32="YES",0,IF(OR(K32="Class IV",P32<5),0,IF(K32="State Service",ROUND('GA55 Main'!$J$16*2/30,0),ROUND('GA55 Main'!$J$16/30,0)))) -> 0 | U32: =IF(N32="YES",0,IF(OR(K32="Class IV",P32<5),0,IF(K32="State Service",ROUND('GA55 Main'!$J$17*2/31,0),ROUND('GA55 Main'!$J$17/31,0)))) -> 0 | V32: =IF(N32="YES",0,IF(OR(K32="Class IV",P32<5),0,IF(K32="State Service",ROUND('GA55 Main'!$J$18*2/31,0),ROUND('GA55 Main'!$J$18/31,0)))) -> 0 | W32: =IF(N32="YES",0,IF(OR(K32="Class IV",P32<5),0,IF(K32="State Service",ROUND('GA55 Main'!$J$19*2/28,0),ROUND('GA55 Main'!$J$19/28,0)))) -> 0 | X32: =SUM(Q32:W32) -> 0
I33: =Master!A270 -> 0 | J33: =Master!B270 -> 0 | K33: =Master!D270 -> 0 | L33: =Master!F270 -> 0 | M33: =Master!M270 -> 0 | N33: =Master!X270 -> 0 | O33: =IF(K33="State Service",ROUND(M33*15/31,0),IF(AND(K33="Subordinate",OR(L33=$Z$9,L38=$Z$7,L33=$Z$11,L33=$Z$12,L33=$Z$13)),ROUND(M33*22/31,0),IF(AND(K33="Subordinate",OR(L33=$Z$14,L33=$Z$15,L33=$Z$16,L33=$Z$17,L33=$Z$18,L33=$Z$19)),ROUND(M33*15/31,0),IF(K33="Ministerial",ROUND(M33*22/31,0),M33)))) -> 0 | P33: =IFERROR(VLOOKUP(L33,$Z$5:$AA$30,2,FALSE),0) -> 0 | Q33: =IF(N33="YES",0,IF(K33="State Service",ROUND(M33*5/31,0),IF(AND(K33="Subordinate",P33<10),ROUND(M33*2/31,0),IF(AND(K33="Subordinate",OR(P33<5,P33>9)),ROUND(M33*3/31,0),IF(K33="Ministerial",ROUND(M33*2/31,0),IF(OR(K33="Class IV",P33<5),ROUND(M33/31,0),"")))))) -> 0 | R33: =IF(N33="YES",0,IF(OR(K33="Class IV",P33<5),0,IF(K33="State Service",ROUND('GA55 Main'!$J$14*2/30,0),ROUND('GA55 Main'!$J$14/30,0)))) -> 0 | S33: =IF(N33="YES",0,IF(OR(K33="Class IV",P33<5),0,IF(K33="State Service",ROUND('GA55 Main'!$J$15*2/31,0),ROUND('GA55 Main'!$J$15/31,0)))) -> 0 | T33: =IF(N33="YES",0,IF(OR(K33="Class IV",P33<5),0,IF(K33="State Service",ROUND('GA55 Main'!$J$16*2/30,0),ROUND('GA55 Main'!$J$16/30,0)))) -> 0 | U33: =IF(N33="YES",0,IF(OR(K33="Class IV",P33<5),0,IF(K33="State Service",ROUND('GA55 Main'!$J$17*2/31,0),ROUND('GA55 Main'!$J$17/31,0)))) -> 0 | V33: =IF(N33="YES",0,IF(OR(K33="Class IV",P33<5),0,IF(K33="State Service",ROUND('GA55 Main'!$J$18*2/31,0),ROUND('GA55 Main'!$J$18/31,0)))) -> 0 | W33: =IF(N33="YES",0,IF(OR(K33="Class IV",P33<5),0,IF(K33="State Service",ROUND('GA55 Main'!$J$19*2/28,0),ROUND('GA55 Main'!$J$19/28,0)))) -> 0 | X33: =SUM(Q33:W33) -> 0
I34: =Master!A271 -> 0 | J34: =Master!B271 -> 0 | K34: =Master!D271 -> 0 | L34: =Master!F271 -> 0 | M34: =Master!M271 -> 0 | N34: =Master!X271 -> 0 | O34: =IF(K34="State Service",ROUND(M34*15/31,0),IF(AND(K34="Subordinate",OR(L34=$Z$9,L39=$Z$7,L34=$Z$11,L34=$Z$12,L34=$Z$13)),ROUND(M34*22/31,0),IF(AND(K34="Subordinate",OR(L34=$Z$14,L34=$Z$15,L34=$Z$16,L34=$Z$17,L34=$Z$18,L34=$Z$19)),ROUND(M34*15/31,0),IF(K34="Ministerial",ROUND(M34*22/31,0),M34)))) -> 0 | P34: =IFERROR(VLOOKUP(L34,$Z$5:$AA$30,2,FALSE),0) -> 0 | Q34: =IF(N34="YES",0,IF(K34="State Service",ROUND(M34*5/31,0),IF(AND(K34="Subordinate",P34<10),ROUND(M34*2/31,0),IF(AND(K34="Subordinate",OR(P34<5,P34>9)),ROUND(M34*3/31,0),IF(K34="Ministerial",ROUND(M34*2/31,0),IF(OR(K34="Class IV",P34<5),ROUND(M34/31,0),"")))))) -> 0 | R34: =IF(N34="YES",0,IF(OR(K34="Class IV",P34<5),0,IF(K34="State Service",ROUND('GA55 Main'!$J$14*2/30,0),ROUND('GA55 Main'!$J$14/30,0)))) -> 0 | S34: =IF(N34="YES",0,IF(OR(K34="Class IV",P34<5),0,IF(K34="State Service",ROUND('GA55 Main'!$J$15*2/31,0),ROUND('GA55 Main'!$J$15/31,0)))) -> 0 | T34: =IF(N34="YES",0,IF(OR(K34="Class IV",P34<5),0,IF(K34="State Service",ROUND('GA55 Main'!$J$16*2/30,0),ROUND('GA55 Main'!$J$16/30,0)))) -> 0 | U34: =IF(N34="YES",0,IF(OR(K34="Class IV",P34<5),0,IF(K34="State Service",ROUND('GA55 Main'!$J$17*2/31,0),ROUND('GA55 Main'!$J$17/31,0)))) -> 0 | V34: =IF(N34="YES",0,IF(OR(K34="Class IV",P34<5),0,IF(K34="State Service",ROUND('GA55 Main'!$J$18*2/31,0),ROUND('GA55 Main'!$J$18/31,0)))) -> 0 | W34: =IF(N34="YES",0,IF(OR(K34="Class IV",P34<5),0,IF(K34="State Service",ROUND('GA55 Main'!$J$19*2/28,0),ROUND('GA55 Main'!$J$19/28,0)))) -> 0 | X34: =SUM(Q34:W34) -> 0
I35: =Master!A272 -> 0 | J35: =Master!B272 -> 0 | K35: =Master!D272 -> 0 | L35: =Master!F272 -> 0 | M35: =Master!M272 -> 0 | N35: =Master!X272 -> 0 | O35: =IF(K35="State Service",ROUND(M35*15/31,0),IF(AND(K35="Subordinate",OR(L35=$Z$9,L40=$Z$7,L35=$Z$11,L35=$Z$12,L35=$Z$13)),ROUND(M35*22/31,0),IF(AND(K35="Subordinate",OR(L35=$Z$14,L35=$Z$15,L35=$Z$16,L35=$Z$17,L35=$Z$18,L35=$Z$19)),ROUND(M35*15/31,0),IF(K35="Ministerial",ROUND(M35*22/31,0),M35)))) -> 0 | P35: =IFERROR(VLOOKUP(L35,$Z$5:$AA$30,2,FALSE),0) -> 0 | Q35: =IF(N35="YES",0,IF(K35="State Service",ROUND(M35*5/31,0),IF(AND(K35="Subordinate",P35<10),ROUND(M35*2/31,0),IF(AND(K35="Subordinate",OR(P35<5,P35>9)),ROUND(M35*3/31,0),IF(K35="Ministerial",ROUND(M35*2/31,0),IF(OR(K35="Class IV",P35<5),ROUND(M35/31,0),"")))))) -> 0 | R35: =IF(N35="YES",0,IF(OR(K35="Class IV",P35<5),0,IF(K35="State Service",ROUND('GA55 Main'!$J$14*2/30,0),ROUND('GA55 Main'!$J$14/30,0)))) -> 0 | S35: =IF(N35="YES",0,IF(OR(K35="Class IV",P35<5),0,IF(K35="State Service",ROUND('GA55 Main'!$J$15*2/31,0),ROUND('GA55 Main'!$J$15/31,0)))) -> 0 | T35: =IF(N35="YES",0,IF(OR(K35="Class IV",P35<5),0,IF(K35="State Service",ROUND('GA55 Main'!$J$16*2/30,0),ROUND('GA55 Main'!$J$16/30,0)))) -> 0 | U35: =IF(N35="YES",0,IF(OR(K35="Class IV",P35<5),0,IF(K35="State Service",ROUND('GA55 Main'!$J$17*2/31,0),ROUND('GA55 Main'!$J$17/31,0)))) -> 0 | V35: =IF(N35="YES",0,IF(OR(K35="Class IV",P35<5),0,IF(K35="State Service",ROUND('GA55 Main'!$J$18*2/31,0),ROUND('GA55 Main'!$J$18/31,0)))) -> 0 | W35: =IF(N35="YES",0,IF(OR(K35="Class IV",P35<5),0,IF(K35="State Service",ROUND('GA55 Main'!$J$19*2/28,0),ROUND('GA55 Main'!$J$19/28,0)))) -> 0 | X35: =SUM(Q35:W35) -> 0
I36: =Master!A273 -> 0 | J36: =Master!B273 -> 0 | K36: =Master!D273 -> 0 | L36: =Master!F273 -> 0 | M36: =Master!M273 -> 0 | N36: =Master!X273 -> 0 | O36: =IF(K36="State Service",ROUND(M36*15/31,0),IF(AND(K36="Subordinate",OR(L36=$Z$9,L41=$Z$7,L36=$Z$11,L36=$Z$12,L36=$Z$13)),ROUND(M36*22/31,0),IF(AND(K36="Subordinate",OR(L36=$Z$14,L36=$Z$15,L36=$Z$16,L36=$Z$17,L36=$Z$18,L36=$Z$19)),ROUND(M36*15/31,0),IF(K36="Ministerial",ROUND(M36*22/31,0),M36)))) -> 0 | P36: =IFERROR(VLOOKUP(L36,$Z$5:$AA$30,2,FALSE),0) -> 0 | Q36: =IF(N36="YES",0,IF(K36="State Service",ROUND(M36*5/31,0),IF(AND(K36="Subordinate",P36<10),ROUND(M36*2/31,0),IF(AND(K36="Subordinate",OR(P36<5,P36>9)),ROUND(M36*3/31,0),IF(K36="Ministerial",ROUND(M36*2/31,0),IF(OR(K36="Class IV",P36<5),ROUND(M36/31,0),"")))))) -> 0 | R36: =IF(N36="YES",0,IF(OR(K36="Class IV",P36<5),0,IF(K36="State Service",ROUND('GA55 Main'!$J$14*2/30,0),ROUND('GA55 Main'!$J$14/30,0)))) -> 0 | S36: =IF(N36="YES",0,IF(OR(K36="Class IV",P36<5),0,IF(K36="State Service",ROUND('GA55 Main'!$J$15*2/31,0),ROUND('GA55 Main'!$J$15/31,0)))) -> 0 | T36: =IF(N36="YES",0,IF(OR(K36="Class IV",P36<5),0,IF(K36="State Service",ROUND('GA55 Main'!$J$16*2/30,0),ROUND('GA55 Main'!$J$16/30,0)))) -> 0 | U36: =IF(N36="YES",0,IF(OR(K36="Class IV",P36<5),0,IF(K36="State Service",ROUND('GA55 Main'!$J$17*2/31,0),ROUND('GA55 Main'!$J$17/31,0)))) -> 0 | V36: =IF(N36="YES",0,IF(OR(K36="Class IV",P36<5),0,IF(K36="State Service",ROUND('GA55 Main'!$J$18*2/31,0),ROUND('GA55 Main'!$J$18/31,0)))) -> 0 | W36: =IF(N36="YES",0,IF(OR(K36="Class IV",P36<5),0,IF(K36="State Service",ROUND('GA55 Main'!$J$19*2/28,0),ROUND('GA55 Main'!$J$19/28,0)))) -> 0 | X36: =SUM(Q36:W36) -> 0
I37: =Master!A274 -> 0 | J37: =Master!B274 -> 0 | K37: =Master!D274 -> 0 | L37: =Master!F274 -> 0 | M37: =Master!M274 -> 0 | N37: =Master!X274 -> 0 | O37: =IF(K37="State Service",ROUND(M37*15/31,0),IF(AND(K37="Subordinate",OR(L37=$Z$9,L42=$Z$7,L37=$Z$11,L37=$Z$12,L37=$Z$13)),ROUND(M37*22/31,0),IF(AND(K37="Subordinate",OR(L37=$Z$14,L37=$Z$15,L37=$Z$16,L37=$Z$17,L37=$Z$18,L37=$Z$19)),ROUND(M37*15/31,0),IF(K37="Ministerial",ROUND(M37*22/31,0),M37)))) -> 0 | P37: =IFERROR(VLOOKUP(L37,$Z$5:$AA$30,2,FALSE),0) -> 0 | Q37: =IF(N37="YES",0,IF(K37="State Service",ROUND(M37*5/31,0),IF(AND(K37="Subordinate",P37<10),ROUND(M37*2/31,0),IF(AND(K37="Subordinate",OR(P37<5,P37>9)),ROUND(M37*3/31,0),IF(K37="Ministerial",ROUND(M37*2/31,0),IF(OR(K37="Class IV",P37<5),ROUND(M37/31,0),"")))))) -> 0 | R37: =IF(N37="YES",0,IF(OR(K37="Class IV",P37<5),0,IF(K37="State Service",ROUND('GA55 Main'!$J$14*2/30,0),ROUND('GA55 Main'!$J$14/30,0)))) -> 0 | S37: =IF(N37="YES",0,IF(OR(K37="Class IV",P37<5),0,IF(K37="State Service",ROUND('GA55 Main'!$J$15*2/31,0),ROUND('GA55 Main'!$J$15/31,0)))) -> 0 | T37: =IF(N37="YES",0,IF(OR(K37="Class IV",P37<5),0,IF(K37="State Service",ROUND('GA55 Main'!$J$16*2/30,0),ROUND('GA55 Main'!$J$16/30,0)))) -> 0 | U37: =IF(N37="YES",0,IF(OR(K37="Class IV",P37<5),0,IF(K37="State Service",ROUND('GA55 Main'!$J$17*2/31,0),ROUND('GA55 Main'!$J$17/31,0)))) -> 0 | V37: =IF(N37="YES",0,IF(OR(K37="Class IV",P37<5),0,IF(K37="State Service",ROUND('GA55 Main'!$J$18*2/31,0),ROUND('GA55 Main'!$J$18/31,0)))) -> 0 | W37: =IF(N37="YES",0,IF(OR(K37="Class IV",P37<5),0,IF(K37="State Service",ROUND('GA55 Main'!$J$19*2/28,0),ROUND('GA55 Main'!$J$19/28,0)))) -> 0 | X37: =SUM(Q37:W37) -> 0
I38: =Master!A275 -> 0 | J38: =Master!B275 -> 0 | K38: =Master!D275 -> 0 | L38: =Master!F275 -> 0 | M38: =Master!M275 -> 0 | N38: =Master!X275 -> 0 | O38: =IF(K38="State Service",ROUND(M38*15/31,0),IF(AND(K38="Subordinate",OR(L38=$Z$9,L43=$Z$7,L38=$Z$11,L38=$Z$12,L38=$Z$13)),ROUND(M38*22/31,0),IF(AND(K38="Subordinate",OR(L38=$Z$14,L38=$Z$15,L38=$Z$16,L38=$Z$17,L38=$Z$18,L38=$Z$19)),ROUND(M38*15/31,0),IF(K38="Ministerial",ROUND(M38*22/31,0),M38)))) -> 0 | P38: =IFERROR(VLOOKUP(L38,$Z$5:$AA$30,2,FALSE),0) -> 0 | Q38: =IF(N38="YES",0,IF(K38="State Service",ROUND(M38*5/31,0),IF(AND(K38="Subordinate",P38<10),ROUND(M38*2/31,0),IF(AND(K38="Subordinate",OR(P38<5,P38>9)),ROUND(M38*3/31,0),IF(K38="Ministerial",ROUND(M38*2/31,0),IF(OR(K38="Class IV",P38<5),ROUND(M38/31,0),"")))))) -> 0 | R38: =IF(N38="YES",0,IF(OR(K38="Class IV",P38<5),0,IF(K38="State Service",ROUND('GA55 Main'!$J$14*2/30,0),ROUND('GA55 Main'!$J$14/30,0)))) -> 0 | S38: =IF(N38="YES",0,IF(OR(K38="Class IV",P38<5),0,IF(K38="State Service",ROUND('GA55 Main'!$J$15*2/31,0),ROUND('GA55 Main'!$J$15/31,0)))) -> 0 | T38: =IF(N38="YES",0,IF(OR(K38="Class IV",P38<5),0,IF(K38="State Service",ROUND('GA55 Main'!$J$16*2/30,0),ROUND('GA55 Main'!$J$16/30,0)))) -> 0 | U38: =IF(N38="YES",0,IF(OR(K38="Class IV",P38<5),0,IF(K38="State Service",ROUND('GA55 Main'!$J$17*2/31,0),ROUND('GA55 Main'!$J$17/31,0)))) -> 0 | V38: =IF(N38="YES",0,IF(OR(K38="Class IV",P38<5),0,IF(K38="State Service",ROUND('GA55 Main'!$J$18*2/31,0),ROUND('GA55 Main'!$J$18/31,0)))) -> 0 | W38: =IF(N38="YES",0,IF(OR(K38="Class IV",P38<5),0,IF(K38="State Service",ROUND('GA55 Main'!$J$19*2/28,0),ROUND('GA55 Main'!$J$19/28,0)))) -> 0 | X38: =SUM(Q38:W38) -> 0
I39: =Master!A276 -> 0 | J39: =Master!B276 -> 0 | K39: =Master!D276 -> 0 | L39: =Master!F276 -> 0 | M39: =Master!M276 -> 0 | N39: =Master!X276 -> 0 | O39: =IF(K39="State Service",ROUND(M39*15/31,0),IF(AND(K39="Subordinate",OR(L39=$Z$9,L44=$Z$7,L39=$Z$11,L39=$Z$12,L39=$Z$13)),ROUND(M39*22/31,0),IF(AND(K39="Subordinate",OR(L39=$Z$14,L39=$Z$15,L39=$Z$16,L39=$Z$17,L39=$Z$18,L39=$Z$19)),ROUND(M39*15/31,0),IF(K39="Ministerial",ROUND(M39*22/31,0),M39)))) -> 0 | P39: =IFERROR(VLOOKUP(L39,$Z$5:$AA$30,2,FALSE),0) -> 0 | Q39: =IF(N39="YES",0,IF(K39="State Service",ROUND(M39*5/31,0),IF(AND(K39="Subordinate",P39<10),ROUND(M39*2/31,0),IF(AND(K39="Subordinate",OR(P39<5,P39>9)),ROUND(M39*3/31,0),IF(K39="Ministerial",ROUND(M39*2/31,0),IF(OR(K39="Class IV",P39<5),ROUND(M39/31,0),"")))))) -> 0 | R39: =IF(N39="YES",0,IF(OR(K39="Class IV",P39<5),0,IF(K39="State Service",ROUND('GA55 Main'!$J$14*2/30,0),ROUND('GA55 Main'!$J$14/30,0)))) -> 0 | S39: =IF(N39="YES",0,IF(OR(K39="Class IV",P39<5),0,IF(K39="State Service",ROUND('GA55 Main'!$J$15*2/31,0),ROUND('GA55 Main'!$J$15/31,0)))) -> 0 | T39: =IF(N39="YES",0,IF(OR(K39="Class IV",P39<5),0,IF(K39="State Service",ROUND('GA55 Main'!$J$16*2/30,0),ROUND('GA55 Main'!$J$16/30,0)))) -> 0 | U39: =IF(N39="YES",0,IF(OR(K39="Class IV",P39<5),0,IF(K39="State Service",ROUND('GA55 Main'!$J$17*2/31,0),ROUND('GA55 Main'!$J$17/31,0)))) -> 0 | V39: =IF(N39="YES",0,IF(OR(K39="Class IV",P39<5),0,IF(K39="State Service",ROUND('GA55 Main'!$J$18*2/31,0),ROUND('GA55 Main'!$J$18/31,0)))) -> 0 | W39: =IF(N39="YES",0,IF(OR(K39="Class IV",P39<5),0,IF(K39="State Service",ROUND('GA55 Main'!$J$19*2/28,0),ROUND('GA55 Main'!$J$19/28,0)))) -> 0 | X39: =SUM(Q39:W39) -> 0
I40: =Master!A277 -> 0 | J40: =Master!B277 -> 0 | K40: =Master!D277 -> 0 | L40: =Master!F277 -> 0 | M40: =Master!M277 -> 0 | N40: =Master!X277 -> 0 | O40: =IF(K40="State Service",ROUND(M40*15/31,0),IF(AND(K40="Subordinate",OR(L40=$Z$9,L45=$Z$7,L40=$Z$11,L40=$Z$12,L40=$Z$13)),ROUND(M40*22/31,0),IF(AND(K40="Subordinate",OR(L40=$Z$14,L40=$Z$15,L40=$Z$16,L40=$Z$17,L40=$Z$18,L40=$Z$19)),ROUND(M40*15/31,0),IF(K40="Ministerial",ROUND(M40*22/31,0),M40)))) -> 0 | P40: =IFERROR(VLOOKUP(L40,$Z$5:$AA$30,2,FALSE),0) -> 0 | Q40: =IF(N40="YES",0,IF(K40="State Service",ROUND(M40*5/31,0),IF(AND(K40="Subordinate",P40<10),ROUND(M40*2/31,0),IF(AND(K40="Subordinate",OR(P40<5,P40>9)),ROUND(M40*3/31,0),IF(K40="Ministerial",ROUND(M40*2/31,0),IF(OR(K40="Class IV",P40<5),ROUND(M40/31,0),"")))))) -> 0 | R40: =IF(N40="YES",0,IF(OR(K40="Class IV",P40<5),0,IF(K40="State Service",ROUND('GA55 Main'!$J$14*2/30,0),ROUND('GA55 Main'!$J$14/30,0)))) -> 0 | S40: =IF(N40="YES",0,IF(OR(K40="Class IV",P40<5),0,IF(K40="State Service",ROUND('GA55 Main'!$J$15*2/31,0),ROUND('GA55 Main'!$J$15/31,0)))) -> 0 | T40: =IF(N40="YES",0,IF(OR(K40="Class IV",P40<5),0,IF(K40="State Service",ROUND('GA55 Main'!$J$16*2/30,0),ROUND('GA55 Main'!$J$16/30,0)))) -> 0 | U40: =IF(N40="YES",0,IF(OR(K40="Class IV",P40<5),0,IF(K40="State Service",ROUND('GA55 Main'!$J$17*2/31,0),ROUND('GA55 Main'!$J$17/31,0)))) -> 0 | V40: =IF(N40="YES",0,IF(OR(K40="Class IV",P40<5),0,IF(K40="State Service",ROUND('GA55 Main'!$J$18*2/31,0),ROUND('GA55 Main'!$J$18/31,0)))) -> 0 | W40: =IF(N40="YES",0,IF(OR(K40="Class IV",P40<5),0,IF(K40="State Service",ROUND('GA55 Main'!$J$19*2/28,0),ROUND('GA55 Main'!$J$19/28,0)))) -> 0 | X40: =SUM(Q40:W40) -> 0
I41: =Master!A278 -> 0 | J41: =Master!B278 -> 0 | K41: =Master!D278 -> 0 | L41: =Master!F278 -> 0 | M41: =Master!M278 -> 0 | N41: =Master!X278 -> 0 | O41: =IF(K41="State Service",ROUND(M41*15/31,0),IF(AND(K41="Subordinate",OR(L41=$Z$9,L46=$Z$7,L41=$Z$11,L41=$Z$12,L41=$Z$13)),ROUND(M41*22/31,0),IF(AND(K41="Subordinate",OR(L41=$Z$14,L41=$Z$15,L41=$Z$16,L41=$Z$17,L41=$Z$18,L41=$Z$19)),ROUND(M41*15/31,0),IF(K41="Ministerial",ROUND(M41*22/31,0),M41)))) -> 0 | P41: =IFERROR(VLOOKUP(L41,$Z$5:$AA$30,2,FALSE),0) -> 0 | Q41: =IF(N41="YES",0,IF(K41="State Service",ROUND(M41*5/31,0),IF(AND(K41="Subordinate",P41<10),ROUND(M41*2/31,0),IF(AND(K41="Subordinate",OR(P41<5,P41>9)),ROUND(M41*3/31,0),IF(K41="Ministerial",ROUND(M41*2/31,0),IF(OR(K41="Class IV",P41<5),ROUND(M41/31,0),"")))))) -> 0 | R41: =IF(N41="YES",0,IF(OR(K41="Class IV",P41<5),0,IF(K41="State Service",ROUND('GA55 Main'!$J$14*2/30,0),ROUND('GA55 Main'!$J$14/30,0)))) -> 0 | S41: =IF(N41="YES",0,IF(OR(K41="Class IV",P41<5),0,IF(K41="State Service",ROUND('GA55 Main'!$J$15*2/31,0),ROUND('GA55 Main'!$J$15/31,0)))) -> 0 | T41: =IF(N41="YES",0,IF(OR(K41="Class IV",P41<5),0,IF(K41="State Service",ROUND('GA55 Main'!$J$16*2/30,0),ROUND('GA55 Main'!$J$16/30,0)))) -> 0 | U41: =IF(N41="YES",0,IF(OR(K41="Class IV",P41<5),0,IF(K41="State Service",ROUND('GA55 Main'!$J$17*2/31,0),ROUND('GA55 Main'!$J$17/31,0)))) -> 0 | V41: =IF(N41="YES",0,IF(OR(K41="Class IV",P41<5),0,IF(K41="State Service",ROUND('GA55 Main'!$J$18*2/31,0),ROUND('GA55 Main'!$J$18/31,0)))) -> 0 | W41: =IF(N41="YES",0,IF(OR(K41="Class IV",P41<5),0,IF(K41="State Service",ROUND('GA55 Main'!$J$19*2/28,0),ROUND('GA55 Main'!$J$19/28,0)))) -> 0 | X41: =SUM(Q41:W41) -> 0
I42: =Master!A279 -> 0 | J42: =Master!B279 -> 0 | K42: =Master!D279 -> 0 | L42: =Master!F279 -> 0 | M42: =Master!M279 -> 0 | N42: =Master!X279 -> 0 | O42: =IF(K42="State Service",ROUND(M42*15/31,0),IF(AND(K42="Subordinate",OR(L42=$Z$9,L47=$Z$7,L42=$Z$11,L42=$Z$12,L42=$Z$13)),ROUND(M42*22/31,0),IF(AND(K42="Subordinate",OR(L42=$Z$14,L42=$Z$15,L42=$Z$16,L42=$Z$17,L42=$Z$18,L42=$Z$19)),ROUND(M42*15/31,0),IF(K42="Ministerial",ROUND(M42*22/31,0),M42)))) -> 0 | P42: =IFERROR(VLOOKUP(L42,$Z$5:$AA$30,2,FALSE),0) -> 0 | Q42: =IF(N42="YES",0,IF(K42="State Service",ROUND(M42*5/31,0),IF(AND(K42="Subordinate",P42<10),ROUND(M42*2/31,0),IF(AND(K42="Subordinate",OR(P42<5,P42>9)),ROUND(M42*3/31,0),IF(K42="Ministerial",ROUND(M42*2/31,0),IF(OR(K42="Class IV",P42<5),ROUND(M42/31,0),"")))))) -> 0 | R42: =IF(N42="YES",0,IF(OR(K42="Class IV",P42<5),0,IF(K42="State Service",ROUND('GA55 Main'!$J$14*2/30,0),ROUND('GA55 Main'!$J$14/30,0)))) -> 0 | S42: =IF(N42="YES",0,IF(OR(K42="Class IV",P42<5),0,IF(K42="State Service",ROUND('GA55 Main'!$J$15*2/31,0),ROUND('GA55 Main'!$J$15/31,0)))) -> 0 | T42: =IF(N42="YES",0,IF(OR(K42="Class IV",P42<5),0,IF(K42="State Service",ROUND('GA55 Main'!$J$16*2/30,0),ROUND('GA55 Main'!$J$16/30,0)))) -> 0 | U42: =IF(N42="YES",0,IF(OR(K42="Class IV",P42<5),0,IF(K42="State Service",ROUND('GA55 Main'!$J$17*2/31,0),ROUND('GA55 Main'!$J$17/31,0)))) -> 0 | V42: =IF(N42="YES",0,IF(OR(K42="Class IV",P42<5),0,IF(K42="State Service",ROUND('GA55 Main'!$J$18*2/31,0),ROUND('GA55 Main'!$J$18/31,0)))) -> 0 | W42: =IF(N42="YES",0,IF(OR(K42="Class IV",P42<5),0,IF(K42="State Service",ROUND('GA55 Main'!$J$19*2/28,0),ROUND('GA55 Main'!$J$19/28,0)))) -> 0 | X42: =SUM(Q42:W42) -> 0
... I251: =Master!A488 -> 0 | J251: =Master!B488 -> 0 | K251: =Master!D488 -> 0 | L251: =Master!F488 -> 0 | M251: =Master!M488 -> 0 | N251: =Master!X488 -> 0 | O251: =IF(K251="State Service",ROUND(M251*15/31,0),IF(AND(K251="Subordinate",OR(L251=$Z$9,L256=$Z$7,L251=$Z$11,L251=$Z$12,L251=$Z$13)),ROUND(M251*22/31,0),IF(AND(K251="Subordinate",OR(L251=$Z$14,L251=$Z$15,L251=$Z$16,L251=$Z$17,L251=$Z$18,L251=$Z$19)),ROUND(M251*15/31,0),IF(K251="Ministerial",ROUND(M251*22/31,0),M251)))) -> 0 | P251: =IFERROR(VLOOKUP(L251,$Z$5:$AA$30,2,FALSE),0) -> 0 | Q251: =IF(N251="YES",0,IF(K251="State Service",ROUND(M251*5/31,0),IF(AND(K251="Subordinate",P251<10),ROUND(M251*2/31,0),IF(AND(K251="Subordinate",OR(P251<5,P251>9)),ROUND(M251*3/31,0),IF(K251="Ministerial",ROUND(M251*2/31,0),IF(OR(K251="Class IV",P251<5),ROUND(M251/31,0),"")))))) -> 0 | R251: =IF(N251="YES",0,IF(OR(K251="Class IV",P251<5),0,IF(K251="State Service",ROUND('GA55 Main'!$J$14*2/30,0),ROUND('GA55 Main'!$J$14/30,0)))) -> 0 | S251: =IF(N251="YES",0,IF(OR(K251="Class IV",P251<5),0,IF(K251="State Service",ROUND('GA55 Main'!$J$15*2/31,0),ROUND('GA55 Main'!$J$15/31,0)))) -> 0 | T251: =IF(N251="YES",0,IF(OR(K251="Class IV",P251<5),0,IF(K251="State Service",ROUND('GA55 Main'!$J$16*2/30,0),ROUND('GA55 Main'!$J$16/30,0)))) -> 0 | U251: =IF(N251="YES",0,IF(OR(K251="Class IV",P251<5),0,IF(K251="State Service",ROUND('GA55 Main'!$J$17*2/31,0),ROUND('GA55 Main'!$J$17/31,0)))) -> 0 | V251: =IF(N251="YES",0,IF(OR(K251="Class IV",P251<5),0,IF(K251="State Service",ROUND('GA55 Main'!$J$18*2/31,0),ROUND('GA55 Main'!$J$18/31,0)))) -> 0 | W251: =IF(N251="YES",0,IF(OR(K251="Class IV",P251<5),0,IF(K251="State Service",ROUND('GA55 Main'!$J$19*2/28,0),ROUND('GA55 Main'!$J$19/28,0)))) -> 0 | X251: =SUM(Q251:W251) -> 0

Sheet GA55 Main
B1: =Master!$A$1 -> कार्यालय, प्रधानाचार्य राजकीय उच्च माध्यमिक विद्यालय, रूपपुरा
B2: वेतन एवं कटौतियों का ब्यौरा सत्र 2020-21
B4: नाम कर्मचारी- | C4: ='GA55 Check'!$C$4 -> Ashwini Kumar Sharma | G4: पद- | H4: ='GA55 Check'!$H$4 -> वरिष्ठ अध्यापक | K4: लेवल- | L4: ='GA55 Check'!$L$4 -> L-11 | N4: Employee ID- | P4: ='GA55 Check'!$P$4 -> RJNA201228008021 | T4: मार्च का बेसिक- | W4: ='GA55 Check'!$W$4 -> 43800 | Z4: ='GA55 Check'!$Z$4 -> Subordinate
B5: पैन नं.- | C5: ='GA55 Check'!$C$5 -> AAAA9456A | G5: Mobile- | H5: ='GA55 Check'!$H$5 -> 9166023711 | K5: SI No.- | L5: ='GA55 Check'!$L$5 -> 123456 | N5: GPF/PRAN No.- | P5: ='GA55 Check'!$P$5 -> 1234567891011 | T5: बैंक खाता सं.- | W5: ='GA55 Check'!$W$5 -> 123456789101112
B6: Probation | C6: ='GA55 Check'!$C$6 -> NO | D6: 60-80 वर्ग | E6: ='GA55 Check'!$E$6 -> NO | F6: DA Rate | G6: 0.17 | H6: HRA Rate | J6: ='GA55 Check'!$J$6 -> 0.08 | K6: After 01.01.2004 | M6: ='GA55 Check'!$M$6 -> YES | N6: बोनस | P6: ='GA55 Check'!$P$6 -> YES | Q6: समर्पित 19-20 | T6: ='GA55 Check'!$T$6 -> YES | U6: ='GA55 Check'!$U$6 -> 7 | V6: समर्पित 20-21 | X6: ='GA55 Check'!$X$6 -> YES | Y6: ='GA55 Check'!$Y$6 -> 7 | Z6: ='GA55 Check'!$Z$6 -> YES
B7: Month & Year | C7: Basic Pay | D7: DA | E7: HRA | F7: Washing Allow. | G7: Handicaped Allowance | H7: Other Allowance 1 | I7: Other Allowance 2 | J7: Gross Salary | K7: SIP | L7: GPF | M7: NPS | N7: GPF Loan | O7: RPMF | P7: SI Arrear | Q7: SIL | R7: GIS | S7: LIC | T7: COVIS-19 | U7: Other 1 | V7: Other 2 | W7: ITAX | X7: Total Deduction | Y7: NET Payment | Z7: Bill No./ Dte
A8: 3 | B8: 43891 | C8: =IF('GA55 Check'!C8="","",'GA55 Check'!C8) -> 21194 | D8: =IF('GA55 Check'!D8="","",'GA55 Check'!D8) -> 3603 | E8: =IF('GA55 Check'!E8="","",'GA55 Check'!E8) -> 1696 | F8: =IF('GA55 Check'!F8="","",'GA55 Check'!F8) | G8: =IF('GA55 Check'!G8="","",'GA55 Check'!G8) | H8: =IF('GA55 Check'!H8="","",'GA55 Check'!H8) | I8: =IF('GA55 Check'!I8="","",'GA55 Check'!I8) | J8: =IF('GA55 Check'!J8="","",'GA55 Check'!J8) -> 26493 | ... Y8: =IF('GA55 Check'!Y8="","",'GA55 Check'!Y8) -> 19774
A9: 4 | B9: 43922 | C9: =IF('GA55 Check'!C9="","",'GA55 Check'!C9) -> 43800 | D9: =IF('GA55 Check'!D9="","",'GA55 Check'!D9) -> 7446 | E9: =IF('GA55 Check'!E9="","",'GA55 Check'!E9) -> 3504 | F9: =IF('GA55 Check'!F9="","",'GA55 Check'!F9) | G9: =IF('GA55 Check'!G9="","",'GA55 Check'!G9) | H9: =IF('GA55 Check'!H9="","",'GA55 Check'!H9) | I9: =IF('GA55 Check'!I9="","",'GA55 Check'!I9) | J9: =IF('GA55 Check'!J9="","",'GA55 Check'!J9) -> 54750 | ... Y9: =IF('GA55 Check'!Y9="","",'GA55 Check'!Y9) -> 44405
A10: 5 | B10: 43952 | C10: =IF('GA55 Check'!C10="","",'GA55 Check'!C10) -> 43800 | D10: =IF('GA55 Check'!D10="","",'GA55 Check'!D10) -> 7446 | E10: =IF('GA55 Check'!E10="","",'GA55 Check'!E10) -> 3504 | F10: =IF('GA55 Check'!F10="","",'GA55 Check'!F10) | G10: =IF('GA55 Check'!G10="","",'GA55 Check'!G10) | H10: =IF('GA55 Check'!H10="","",'GA55 Check'!H10) | I10: =IF('GA55 Check'!I10="","",'GA55 Check'!I10) | J10: =IF('GA55 Check'!J10="","",'GA55 Check'!J10) -> 54750 | ... Y10: =IF('GA55 Check'!Y10="","",'GA55 Check'!Y10) -> 39625
A11: 6 | B11: 43983 | C11: =IF('GA55 Check'!C11="","",'GA55 Check'!C11) -> 43800 | D11: =IF('GA55 Check'!D11="","",'GA55 Check'!D11) -> 7446 | E11: =IF('GA55 Check'!E11="","",'GA55 Check'!E11) -> 3504 | F11: =IF('GA55 Check'!F11="","",'GA55 Check'!F11) | G11: =IF('GA55 Check'!G11="","",'GA55 Check'!G11) | H11: =IF('GA55 Check'!H11="","",'GA55 Check'!H11) | I11: =IF('GA55 Check'!I11="","",'GA55 Check'!I11) | J11: =IF('GA55 Check'!J11="","",'GA55 Check'!J11) -> 54750 | ... Y11: =IF('GA55 Check'!Y11="","",'GA55 Check'!Y11) -> 44625
A12: 7 | B12: 44013 | C12: =IF('GA55 Check'!C12="","",'GA55 Check'!C12) -> 45100 | D12: =IF('GA55 Check'!D12="","",'GA55 Check'!D12) -> 7667 | E12: =IF('GA55 Check'!E12="","",'GA55 Check'!E12) -> 3608 | F12: =IF('GA55 Check'!F12="","",'GA55 Check'!F12) | G12: =IF('GA55 Check'!G12="","",'GA55 Check'!G12) | H12: =IF('GA55 Check'!H12="","",'GA55 Check'!H12) | I12: =IF('GA55 Check'!I12="","",'GA55 Check'!I12) | J12: =IF('GA55 Check'!J12="","",'GA55 Check'!J12) -> 56375 | ... Y12: =IF('GA55 Check'!Y12="","",'GA55 Check'!Y12) -> 46098
A13: 8 | B13: 44044 | C13: =IF('GA55 Check'!C13="","",'GA55 Check'!C13) -> 45100 | D13: =IF('GA55 Check'!D13="","",'GA55 Check'!D13) -> 7667 | E13: =IF('GA55 Check'!E13="","",'GA55 Check'!E13) -> 3608 | F13: =IF('GA55 Check'!F13="","",'GA55 Check'!F13) | G13: =IF('GA55 Check'!G13="","",'GA55 Check'!G13) | H13: =IF('GA55 Check'!H13="","",'GA55 Check'!H13) | I13: =IF('GA55 Check'!I13="","",'GA55 Check'!I13) | J13: =IF('GA55 Check'!J13="","",'GA55 Check'!J13) -> 56375 | ... Y13: =IF('GA55 Check'!Y13="","",'GA55 Check'!Y13) -> 46098
A14: 9 | B14: 44075 | C14: =IF('GA55 Check'!C14="","",'GA55 Check'!C14) -> 45100 | D14: =IF('GA55 Check'!D14="","",'GA55 Check'!D14) -> 7667 | E14: =IF('GA55 Check'!E14="","",'GA55 Check'!E14) -> 3608 | F14: =IF('GA55 Check'!F14="","",'GA55 Check'!F14) | G14: =IF('GA55 Check'!G14="","",'GA55 Check'!G14) | H14: =IF('GA55 Check'!H14="","",'GA55 Check'!H14) | I14: =IF('GA55 Check'!I14="","",'GA55 Check'!I14) | J14: =IF('GA55 Check'!J14="","",'GA55 Check'!J14) -> 56375 | ... Y14: =IF('GA55 Check'!Y14="","",'GA55 Check'!Y14) -> 44219
A15: 10 | B15: 44105 | C15: =IF('GA55 Check'!C15="","",'GA55 Check'!C15) -> 45100 | D15: =IF('GA55 Check'!D15="","",'GA55 Check'!D15) -> 7667 | E15: =IF('GA55 Check'!E15="","",'GA55 Check'!E15) -> 3608 | F15: =IF('GA55 Check'!F15="","",'GA55 Check'!F15) | G15: =IF('GA55 Check'!G15="","",'GA55 Check'!G15) | H15: =IF('GA55 Check'!H15="","",'GA55 Check'!H15) | I15: =IF('GA55 Check'!I15="","",'GA55 Check'!I15) | J15: =IF('GA55 Check'!J15="","",'GA55 Check'!J15) -> 56375 | ... Y15: =IF('GA55 Check'!Y15="","",'GA55 Check'!Y15) -> 44279
A16: 11 | B16: 44136 | C16: =IF('GA55 Check'!C16="","",'GA55 Check'!C16) -> 45100 | D16: =IF('GA55 Check'!D16="","",'GA55 Check'!D16) -> 7667 | E16: =IF('GA55 Check'!E16="","",'GA55 Check'!E16) -> 3608 | F16: =IF('GA55 Check'!F16="","",'GA55 Check'!F16) | G16: =IF('GA55 Check'!G16="","",'GA55 Check'!G16) | H16: =IF('GA55 Check'!H16="","",'GA55 Check'!H16) | I16: =IF('GA55 Check'!I16="","",'GA55 Check'!I16) | J16: =IF('GA55 Check'!J16="","",'GA55 Check'!J16) -> 56375 | ... Y16: =IF('GA55 Check'!Y16="","",'GA55 Check'!Y16) -> 44219
A17: 12 | B17: 44166 | C17: =IF('GA55 Check'!C17="","",'GA55 Check'!C17) -> 45100 | D17: =IF('GA55 Check'!D17="","",'GA55 Check'!D17) -> 7667 | E17: =IF('GA55 Check'!E17="","",'GA55 Check'!E17) -> 3608 | F17: =IF('GA55 Check'!F17="","",'GA55 Check'!F17) | G17: =IF('GA55 Check'!G17="","",'GA55 Check'!G17) | H17: =IF('GA55 Check'!H17="","",'GA55 Check'!H17) | I17: =IF('GA55 Check'!I17="","",'GA55 Check'!I17) | J17: =IF('GA55 Check'!J17="","",'GA55 Check'!J17) -> 56375 | ... Y17: =IF('GA55 Check'!Y17="","",'GA55 Check'!Y17) -> 44279
A18: 1 | B18: 44197 | C18: =IF('GA55 Check'!C18="","",'GA55 Check'!C18) -> 45100 | D18: =IF('GA55 Check'!D18="","",'GA55 Check'!D18) -> 7667 | E18: =IF('GA55 Check'!E18="","",'GA55 Check'!E18) -> 3608 | F18: =IF('GA55 Check'!F18="","",'GA55 Check'!F18) | G18: =IF('GA55 Check'!G18="","",'GA55 Check'!G18) | H18: =IF('GA55 Check'!H18="","",'GA55 Check'!H18) | I18: =IF('GA55 Check'!I18="","",'GA55 Check'!I18) | J18: =IF('GA55 Check'!J18="","",'GA55 Check'!J18) -> 56375 | ... Y18: =IF('GA55 Check'!Y18="","",'GA55 Check'!Y18) -> 44279
A19: 2 | B19: 44228 | C19: =IF('GA55 Check'!C19="","",'GA55 Check'!C19) -> 45100 | D19: =IF('GA55 Check'!D19="","",'GA55 Check'!D19) -> 7667 | E19: =IF('GA55 Check'!E19="","",'GA55 Check'!E19) -> 3608 | F19: =IF('GA55 Check'!F19="","",'GA55 Check'!F19) | G19: =IF('GA55 Check'!G19="","",'GA55 Check'!G19) | H19: =IF('GA55 Check'!H19="","",'GA55 Check'!H19) | I19: =IF('GA55 Check'!I19="","",'GA55 Check'!I19) | J19: =IF('GA55 Check'!J19="","",'GA55 Check'!J19) -> 56375 | ... Y19: =IF('GA55 Check'!Y19="","",'GA55 Check'!Y19) -> 44085
B20: DA Arrear 07-19 to 12-19 | C20: =IF('GA55 Check'!C20="","",'GA55 Check'!C20) | D20: =IF('GA55 Check'!D20="","",'GA55 Check'!D20) -> 14235 | E20: =IF('GA55 Check'!E20="","",'GA55 Check'!E20) | F20: =IF('GA55 Check'!F20="","",'GA55 Check'!F20) | G20: =IF('GA55 Check'!G20="","",'GA55 Check'!G20) | H20: =IF('GA55 Check'!H20="","",'GA55 Check'!H20) | I20: =IF('GA55 Check'!I20="","",'GA55 Check'!I20) | J20: =IF('GA55 Check'!J20="","",'GA55 Check'!J20) -> 14235 | ... Y20: =IF('GA55 Check'!Y20="","",'GA55 Check'!Y20) -> 12921
B21: DA Arrear 01-20 to 02-20 | C21: =IF('GA55 Check'!C21="","",'GA55 Check'!C21) | D21: =IF('GA55 Check'!D21="","",'GA55 Check'!D21) -> 4380 | E21: =IF('GA55 Check'!E21="","",'GA55 Check'!E21) | F21: =IF('GA55 Check'!F21="","",'GA55 Check'!F21) | G21: =IF('GA55 Check'!G21="","",'GA55 Check'!G21) | H21: =IF('GA55 Check'!H21="","",'GA55 Check'!H21) | I21: =IF('GA55 Check'!I21="","",'GA55 Check'!I21) | J21: =IF('GA55 Check'!J21="","",'GA55 Check'!J21) -> 4380 | ... Y21: =IF('GA55 Check'!Y21="","",'GA55 Check'!Y21) -> 3942
B22: Bonus | C22: =IF('GA55 Check'!C22="","",'GA55 Check'!C22) -> 6774 | D22: =IF('GA55 Check'!D22="","",'GA55 Check'!D22) | E22: =IF('GA55 Check'!E22="","",'GA55 Check'!E22) | F22: =IF('GA55 Check'!F22="","",'GA55 Check'!F22) | G22: =IF('GA55 Check'!G22="","",'GA55 Check'!G22) | H22: =IF('GA55 Check'!H22="","",'GA55 Check'!H22) | I22: =IF('GA55 Check'!I22="","",'GA55 Check'!I22) | J22: =IF('GA55 Check'!J22="","",'GA55 Check'!J22) -> 6774 | ... Y22: =IF('GA55 Check'!Y22="","",'GA55 Check'!Y22) -> 6774
B23: Surrender | C23: =IF('GA55 Check'!C23="","",'GA55 Check'!C23) -> 22550 | D23: =IF('GA55 Check'!D23="","",'GA55 Check'!D23) -> 3834 | E23: =IF('GA55 Check'!E23="","",'GA55 Check'!E23) | F23: =IF('GA55 Check'!F23="","",'GA55 Check'!F23) | G23: =IF('GA55 Check'!G23="","",'GA55 Check'!G23) | H23: =IF('GA55 Check'!H23="","",'GA55 Check'!H23) | I23: =IF('GA55 Check'!I23="","",'GA55 Check'!I23) | J23: =IF('GA55 Check'!J23="","",'GA55 Check'!J23) -> 26384 | ... Y23: =IF('GA55 Check'!Y23="","",'GA55 Check'!Y23) -> 26384
B24: Fixation Arrear | C24: =IF('GA55 Check'!C24="","",'GA55 Check'!C24) | D24: =IF('GA55 Check'!D24="","",'GA55 Check'!D24) | E24: =IF('GA55 Check'!E24="","",'GA55 Check'!E24) | F24: =IF('GA55 Check'!F24="","",'GA55 Check'!F24) | G24: =IF('GA55 Check'!G24="","",'GA55 Check'!G24) | H24: =IF('GA55 Check'!H24="","",'GA55 Check'!H24) | I24: =IF('GA55 Check'!I24="","",'GA55 Check'!I24) | J24: =IF('GA55 Check'!J24="","",'GA55 Check'!J24) | ... Y24: =IF('GA55 Check'!Y24="","",'GA55 Check'!Y24)
B25: Salary Arrear | C25: =IF('GA55 Check'!C25="","",'GA55 Check'!C25) | D25: =IF('GA55 Check'!D25="","",'GA55 Check'!D25) | E25: =IF('GA55 Check'!E25="","",'GA55 Check'!E25) | F25: =IF('GA55 Check'!F25="","",'GA55 Check'!F25) | G25: =IF('GA55 Check'!G25="","",'GA55 Check'!G25) | H25: =IF('GA55 Check'!H25="","",'GA55 Check'!H25) | I25: =IF('GA55 Check'!I25="","",'GA55 Check'!I25) | J25: =IF('GA55 Check'!J25="","",'GA55 Check'!J25) | ... Y25: =IF('GA55 Check'!Y25="","",'GA55 Check'!Y25)
B26: Salary Arrear | C26: =IF('GA55 Check'!C26="","",'GA55 Check'!C26) | D26: =IF('GA55 Check'!D26="","",'GA55 Check'!D26) | E26: =IF('GA55 Check'!E26="","",'GA55 Check'!E26) | F26: =IF('GA55 Check'!F26="","",'GA55 Check'!F26) | G26: =IF('GA55 Check'!G26="","",'GA55 Check'!G26) | H26: =IF('GA55 Check'!H26="","",'GA55 Check'!H26) | I26: =IF('GA55 Check'!I26="","",'GA55 Check'!I26) | J26: =IF('GA55 Check'!J26="","",'GA55 Check'!J26) | ... Y26: =IF('GA55 Check'!Y26="","",'GA55 Check'!Y26)
B27: Total | C27: =SUM(C8:C26) -> 542718 | D27: =SUM(D8:D26) -> 109726 | E27: =SUM(E8:E26) -> 41072 | F27: =SUM(F8:F26) -> 0 | G27: =SUM(G8:G26) -> 0 | H27: =SUM(H8:H26) -> 0 | I27: =SUM(I8:I26) -> 0 | J27: =SUM(J8:J26) -> 693516 | ... Y27: =SUM(Y8:Y26) -> 556006
B31: Signature Of Employee | Y31: Signature Of DDO

Sheet Other Ded.
A1: Other Deduction Other Deduction Other Deduction Other Deduction Other Deduction Other Deduction Other Deduction Other Deduction Other Deduction Other Deduction Other Deduction Other Deduction
A3: क्र.सं. | B3: नाम कर्मचारी | C3: मकान किराया भत्ता ( छूट जो लेनी है) | D3: गृह सम्पति से प्राप्त किराया - आय | E3: गृहकर | F3: सरकारी पेंशन योजना में कर्मचारी का अंशदान अधिकतम वेतन का 10% धारा 80 CCD(1) | G3: Covid - 19 (धारा 80G) | H3: गृह ऋण किस्त मूल (जो वेतन से नहीं काटा गया) | I3: गृह ऋण किस्त ब्याज (जो वेतन से नहीं काटा गया) | J3: LIC जीवन बीमा प्रीमियम (जो वेतन से नही काटा गया) | K3: PLI (पी.एल.आई.) | L3: टयूशन फीस | M3: PPF (लोक भविष्य निधि) | N3: सुकन्या समृद्धि योजना | O3: यू. एल. आई. पी./वार्षिक प्लान | P3: NSS (राष्ट्रीय बचत स्कीम) | Q3: NSC (राष्ट्रीय बचत पत्र) | R3: राष्ट्रीय बचत पत्र पर ब्याज | S3: बचत खाते की जमा राशि पर प्राप्त ब्याज | T3: इक्विटी लिंक सेविंग स्कीम | U3: Defferred Annuty (स्थगित वार्षिकी) | V3: मनोरंजन भता धारा 16 (II) के अन्तर्गत | W3: व्यवयाय कर धारा 16 (III) के अन्तगर्त | X3: एफडी आदि अन्य जमा राशि पर प्राप्त कुल ब्याज (पीपीएफ को छोड़कर) | Y3: अन्य विभिन्न स्त्रो़त्र (ब्याज के अलावा) से कुल आय | Z3: धारा 80 सी के अन्तर्गत अन्य मद में जमा करायी गयी राशि | AA3: धारा 80 CCC पेंशन प्लान हेतु अंशदान (एन.पी.एस. के अलावा) | AB3: धारा 80CCD (1B) नवीन पेंशन योजना में अतिरिक्त अंशदान (अधिकतम रू. 50,000) | AC3: धारा 80D चिकित्सा बीमा प्रीमियम (सामान्य 25000, वरिष्ठ नागरिक 50000) | AD3: धारा 80DD विकलांग आश्रितों के चिकित्सा उपचार(अधिकतम 75000, 80% विकलांगता 125000) | AE3: धारा 80DDB विशिष्ट रोगों के उपचार हेतु कटौती (सामान्य 40000, वरिष्ठ नागरिक 1 लाख) | AF3: धारा 80E उच्च शिक्षा हेतु लिए ऋण का ब्याज | AG3: धारा 80U स्थाई शारीरिक विकलांगता (अधिकतम 75000ए 80% विकलांगता 125000) | AH3: धारा 80GGA अनुमोदित वैज्ञानिक,सामाजिक,ग्रामीण विकास हेतु दिया गया दान | AI3: राहत धारा 89 के अन्तर्गत | AJ3: वेतन बिल के अलावा जमा कराया गया आयकर (TDS) | AK3: धारा 10(14) के अन्तर्गत भत्ते जो करमुक्त है | AL3: धारा 80G धर्मार्थ संस्थाओं आदि को दिये दान (क श्रेणी 100% एवं ख श्रेणी 50%) | AM3: प्राप्त कुल वेतन | AN3: Tax Deposited | AO3: कुल आयकर राशि | AP3: Total Deductions | AQ3: HRA Receipt | AT3: Toatal HRA | AU3: Total Basic + DA | AV3: बचत खाते ब्याज +एफडी कुल ब्याज (पीपीएफ को छोड़कर) | AW3: बचत खाते ब्याज +एफडी कुल ब्याज (पीपीएफ को छोड़कर)+other | AX3: NPS | AY3: 10% of Salary | AZ3: Eligible NPS | BA3: Total Ded
B4: 1 | C4: 2 | D4: 3 | E4: 4 | F4: 5 | G4: 6 | H4: 7 | I4: 8 | J4: 9 | K4: 10 | L4: 11 | M4: 12 | N4: 13 | O4: 14 | P4: 15 | Q4: 16 | R4: 17 | S4: 18 | T4: 19 | U4: 20 | V4: 21 | W4: 22 | X4: 23 | Y4: 24 | Z4: 25 | AA4: 26 | AB4: 27 | AC4: 28 | AD4: 29 | AE4: 30 | AF4: 31 | AG4: 32 | AH4: 33 | AI4: 34 | AJ4: 35 | AK4: 36 | AL4: 37 | AM4: 38 | AN4: 39 | AO4: 40 | AP4: 41 | AQ4: 42 | AR4: 43 | AS4: 44 | AT4: 45 | AU4: 46 | AV4: 47 | AW4: 48 | AX4: 49 | AY4: 50 | AZ4: 51 | BA4: 52 | BB4: 53 | BC4: 54 | BD4: 55 | BE4: 56
A5: 1 | B5: =Master!B4 -> Ashwini Kumar Sharma | C5: 0 | F5: =IF(AZ5>0,AZ5,0) -> 61823 | G5: =IFERROR(VLOOKUP(B5,SI_GPF,19,0),0) -> 15467 | AM5: =IF('GA55 Main'!$C$4='Other Ded.'!B5,IF('GA55 Main'!$M$6="No",'GA55 Main'!$J$27,('GA55 Main'!$J$27+'GA55 Main'!$M$27)),0) -> 755339 | AN5: =IF('GA55 Main'!$C$4='Other Ded.'!B5,'GA55 Main'!$W$27,0) -> 0 | AO5: =IF('Tax Calculaton Old'!$D$3='Other Ded.'!B5,'Tax Calculaton Old'!$M$48,0) -> 506010 | AP5: =IF(Sheet1!$I$5='Other Ded.'!B5,Sheet1!$L$32,0) -> 122043 | AQ5: =IF(C5=0,0,ROUND(0.1*AU5,0)+C5) -> 0 | AT5: =IF('GA55 Main'!$C$4='Other Ded.'!B5,'GA55 Main'!$E$27,0) -> 41072 | AU5: =IF('GA55 Main'!$C$4='Other Ded.'!B5,SUM('GA55 Main'!$C$8:$C$19,'GA55 Main'!$D$8:$D$19),0) -> 600671 | AV5: =S5+X5 -> 0 | AW5: =S5+X5+Y5 -> 0 | AX5: =IF('GA55 Main'!$C$4='Other Ded.'!B5,IF('GA55 Main'!$M$6="NO",0,'GA55 Main'!$M$27),0) -> 61823 | AY5: =IF('GA55 Main'!$C$4='Other Ded.'!B5,IF('GA55 Main'!$M$6="No",0,ROUND(10%*'GA55 Main'!$J$27,0)),0) -> 69352 | AZ5: =IF(AX5>AY5,AY5,AX5) -> 61823 | BA5: =AP5 -> 122043 | BB5: =IF($BA$5>150000,$BA$5-150000,0) -> 0 | BC5: =IF('GA55 Main'!$C$4='Other Ded.'!B5,IF('GA55 Main'!$M$6="No",50000,IF($BB$5>50000,50000,$BB$5)),0) -> 0 | BD5: =IF('GA55 Main'!$C$4='Other Ded.'!B5,IF('GA55 Main'!$E$6="No",25000,50000),0) -> 25000 | BE5: =IF('GA55 Main'!$C$4='Other Ded.'!B5,IF('GA55 Main'!$E$6="No",40000,100000),0) -> 40000
A6: 2 | B6: =Master!B5 -> Aditya Jakhad | C6: 0 | F6: =IF(AZ6>0,AZ6,0) -> 0 | G6: =IFERROR(VLOOKUP(B6,SI_GPF,19,0),0) -> 0 | AM6: =IF('GA55 Main'!$C$4='Other Ded.'!B6,IF('GA55 Main'!$M$6="No",'GA55 Main'!$J$27,('GA55 Main'!$J$27+'GA55 Main'!$M$27)),0) -> 0 | AN6: =IF('GA55 Main'!$C$4='Other Ded.'!B6,'GA55 Main'!$W$27,0) -> 0 | AO6: =IF('Tax Calculaton Old'!$D$3='Other Ded.'!B6,'Tax Calculaton Old'!$M$48,0) -> 0 | AP6: =IF(Sheet1!$I$5='Other Ded.'!B6,Sheet1!$L$32,0) -> 0 | AQ6: =IF(C6=0,0,ROUND(0.1*AU6,0)+C6) -> 0 | AT6: =IF('GA55 Main'!$C$4='Other Ded.'!B6,'GA55 Main'!$E$27,0) -> 0 | AU6: =IF('GA55 Main'!$C$4='Other Ded.'!B6,SUM('GA55 Main'!$C$8:$C$19,'GA55 Main'!$D$8:$D$19),0) -> 0 | AV6: =S6+X6 -> 0 | AW6: =S6+X6+Y6 -> 0 | AX6: =IF('GA55 Main'!$C$4='Other Ded.'!B6,IF('GA55 Main'!$M$6="NO",0,'GA55 Main'!$M$27),0) -> 0 | AY6: =IF('GA55 Main'!$C$4='Other Ded.'!B6,IF('GA55 Main'!$M$6="No",0,ROUND(10%*'GA55 Main'!$J$27,0)),0) -> 0 | AZ6: =IF(AX6>AY6,AY6,AX6) -> 0 | BA6: =AP6 -> 0 | BB6: =IF($BA$5>150000,$BA$5-150000,0) -> 0 | BC6: =IF('GA55 Main'!$C$4='Other Ded.'!B6,IF('GA55 Main'!$M$6="No",50000,IF($BB$5>50000,50000,$BB$5)),0) -> 0 | BD6: =IF('GA55 Main'!$C$4='Other Ded.'!B6,IF('GA55 Main'!$E$6="No",25000,50000),0) -> 0 | BE6: =IF('GA55 Main'!$C$4='Other Ded.'!B6,IF('GA55 Main'!$E$6="No",40000,100000),0) -> 0
A7: 3 | B7: =Master!B6 -> Chetan Ram Riyar | F7: =IF(AZ7>0,AZ7,0) -> 0 | G7: =IFERROR(VLOOKUP(B7,SI_GPF,19,0),0) -> 0 | AM7: =IF('GA55 Main'!$C$4='Other Ded.'!B7,IF('GA55 Main'!$M$6="No",'GA55 Main'!$J$27,('GA55 Main'!$J$27+'GA55 Main'!$M$27)),0) -> 0 | AN7: =IF('GA55 Main'!$C$4='Other Ded.'!B7,'GA55 Main'!$W$27,0) -> 0 | AO7: =IF('Tax Calculaton Old'!$D$3='Other Ded.'!B7,'Tax Calculaton Old'!$M$48,0) -> 0 | AP7: =IF(Sheet1!$I$5='Other Ded.'!B7,Sheet1!$L$32,0) -> 0 | AQ7: =IF(C7=0,0,ROUND(0.1*AU7,0)+C7) -> 0 | AT7: =IF('GA55 Main'!$C$4='Other Ded.'!B7,'GA55 Main'!$E$27,0) -> 0 | AU7: =IF('GA55 Main'!$C$4='Other Ded.'!B7,SUM('GA55 Main'!$C$8:$C$19,'GA55 Main'!$D$8:$D$19),0) -> 0 | AV7: =S7+X7 -> 0 | AW7: =S7+X7+Y7 -> 0 | AX7: =IF('GA55 Main'!$C$4='Other Ded.'!B7,IF('GA55 Main'!$M$6="NO",0,'GA55 Main'!$M$27),0) -> 0 | AY7: =IF('GA55 Main'!$C$4='Other Ded.'!B7,IF('GA55 Main'!$M$6="No",0,ROUND(10%*'GA55 Main'!$J$27,0)),0) -> 0 | AZ7: =IF(AX7>AY7,AY7,AX7) -> 0 | BA7: =AP7 -> 0 | BB7: =IF($BA$5>150000,$BA$5-150000,0) -> 0 | BC7: =IF('GA55 Main'!$C$4='Other Ded.'!B7,IF('GA55 Main'!$M$6="No",50000,IF($BB$5>50000,50000,$BB$5)),0) -> 0 | BD7: =IF('GA55 Main'!$C$4='Other Ded.'!B7,IF('GA55 Main'!$E$6="No",25000,50000),0) -> 0 | BE7: =IF('GA55 Main'!$C$4='Other Ded.'!B7,IF('GA55 Main'!$E$6="No",40000,100000),0) -> 0
A8: 4 | B8: =Master!B7 -> Prakash Kumar Gaur | F8: =IF(AZ8>0,AZ8,0) -> 0 | G8: =IFERROR(VLOOKUP(B8,SI_GPF,19,0),0) -> 0 | AM8: =IF('GA55 Main'!$C$4='Other Ded.'!B8,IF('GA55 Main'!$M$6="No",'GA55 Main'!$J$27,('GA55 Main'!$J$27+'GA55 Main'!$M$27)),0) -> 0 | AN8: =IF('GA55 Main'!$C$4='Other Ded.'!B8,'GA55 Main'!$W$27,0) -> 0 | AO8: =IF('Tax Calculaton Old'!$D$3='Other Ded.'!B8,'Tax Calculaton Old'!$M$48,0) -> 0 | AP8: =IF(Sheet1!$I$5='Other Ded.'!B8,Sheet1!$L$32,0) -> 0 | AQ8: =IF(C8=0,0,ROUND(0.1*AU8,0)+C8) -> 0 | AT8: =IF('GA55 Main'!$C$4='Other Ded.'!B8,'GA55 Main'!$E$27,0) -> 0 | AU8: =IF('GA55 Main'!$C$4='Other Ded.'!B8,SUM('GA55 Main'!$C$8:$C$19,'GA55 Main'!$D$8:$D$19),0) -> 0 | AV8: =S8+X8 -> 0 | AW8: =S8+X8+Y8 -> 0 | AX8: =IF('GA55 Main'!$C$4='Other Ded.'!B8,IF('GA55 Main'!$M$6="NO",0,'GA55 Main'!$M$27),0) -> 0 | AY8: =IF('GA55 Main'!$C$4='Other Ded.'!B8,IF('GA55 Main'!$M$6="No",0,ROUND(10%*'GA55 Main'!$J$27,0)),0) -> 0 | AZ8: =IF(AX8>AY8,AY8,AX8) -> 0 | BA8: =AP8 -> 0 | BB8: =IF($BA$5>150000,$BA$5-150000,0) -> 0 | BC8: =IF('GA55 Main'!$C$4='Other Ded.'!B8,IF('GA55 Main'!$M$6="No",50000,IF($BB$5>50000,50000,$BB$5)),0) -> 0 | BD8: =IF('GA55 Main'!$C$4='Other Ded.'!B8,IF('GA55 Main'!$E$6="No",25000,50000),0) -> 0 | BE8: =IF('GA55 Main'!$C$4='Other Ded.'!B8,IF('GA55 Main'!$E$6="No",40000,100000),0) -> 0
A9: 5 | B9: =Master!B8 -> Bheru Prasad Jangid | F9: =IF(AZ9>0,AZ9,0) -> 0 | G9: =IFERROR(VLOOKUP(B9,SI_GPF,19,0),0) -> 0 | AM9: =IF('GA55 Main'!$C$4='Other Ded.'!B9,IF('GA55 Main'!$M$6="No",'GA55 Main'!$J$27,('GA55 Main'!$J$27+'GA55 Main'!$M$27)),0) -> 0 | AN9: =IF('GA55 Main'!$C$4='Other Ded.'!B9,'GA55 Main'!$W$27,0) -> 0 | AO9: =IF('Tax Calculaton Old'!$D$3='Other Ded.'!B9,'Tax Calculaton Old'!$M$48,0) -> 0 | AP9: =IF(Sheet1!$I$5='Other Ded.'!B9,Sheet1!$L$32,0) -> 0 | AQ9: =IF(C9=0,0,ROUND(0.1*AU9,0)+C9) -> 0 | AT9: =IF('GA55 Main'!$C$4='Other Ded.'!B9,'GA55 Main'!$E$27,0) -> 0 | AU9: =IF('GA55 Main'!$C$4='Other Ded.'!B9,SUM('GA55 Main'!$C$8:$C$19,'GA55 Main'!$D$8:$D$19),0) -> 0 | AV9: =S9+X9 -> 0 | AW9: =S9+X9+Y9 -> 0 | AX9: =IF('GA55 Main'!$C$4='Other Ded.'!B9,IF('GA55 Main'!$M$6="NO",0,'GA55 Main'!$M$27),0) -> 0 | AY9: =IF('GA55 Main'!$C$4='Other Ded.'!B9,IF('GA55 Main'!$M$6="No",0,ROUND(10%*'GA55 Main'!$J$27,0)),0) -> 0 | AZ9: =IF(AX9>AY9,AY9,AX9) -> 0 | BA9: =AP9 -> 0 | BB9: =IF($BA$5>150000,$BA$5-150000,0) -> 0 | BC9: =IF('GA55 Main'!$C$4='Other Ded.'!B9,IF('GA55 Main'!$M$6="No",50000,IF($BB$5>50000,50000,$BB$5)),0) -> 0 | BD9: =IF('GA55 Main'!$C$4='Other Ded.'!B9,IF('GA55 Main'!$E$6="No",25000,50000),0) -> 0 | BE9: =IF('GA55 Main'!$C$4='Other Ded.'!B9,IF('GA55 Main'!$E$6="No",40000,100000),0) -> 0
A10: 6 | B10: =Master!B9 -> Mohan Ram | F10: =IF(AZ10>0,AZ10,0) -> 0 | G10: =IFERROR(VLOOKUP(B10,SI_GPF,19,0),0) -> 0 | AM10: =IF('GA55 Main'!$C$4='Other Ded.'!B10,IF('GA55 Main'!$M$6="No",'GA55 Main'!$J$27,('GA55 Main'!$J$27+'GA55 Main'!$M$27)),0) -> 0 | AN10: =IF('GA55 Main'!$C$4='Other Ded.'!B10,'GA55 Main'!$W$27,0) -> 0 | AO10: =IF('Tax Calculaton Old'!$D$3='Other Ded.'!B10,'Tax Calculaton Old'!$M$48,0) -> 0 | AP10: =IF(Sheet1!$I$5='Other Ded.'!B10,Sheet1!$L$32,0) -> 0 | AQ10: =IF(C10=0,0,ROUND(0.1*AU10,0)+C10) -> 0 | AT10: =IF('GA55 Main'!$C$4='Other Ded.'!B10,'GA55 Main'!$E$27,0) -> 0 | AU10: =IF('GA55 Main'!$C$4='Other Ded.'!B10,SUM('GA55 Main'!$C$8:$C$19,'GA55 Main'!$D$8:$D$19),0) -> 0 | AV10: =S10+X10 -> 0 | AW10: =S10+X10+Y10 -> 0 | AX10: =IF('GA55 Main'!$C$4='Other Ded.'!B10,IF('GA55 Main'!$M$6="NO",0,'GA55 Main'!$M$27),0) -> 0 | AY10: =IF('GA55 Main'!$C$4='Other Ded.'!B10,IF('GA55 Main'!$M$6="No",0,ROUND(10%*'GA55 Main'!$J$27,0)),0) -> 0 | AZ10: =IF(AX10>AY10,AY10,AX10) -> 0 | BA10: =AP10 -> 0 | BB10: =IF($BA$5>150000,$BA$5-150000,0) -> 0 | BC10: =IF('GA55 Main'!$C$4='Other Ded.'!B10,IF('GA55 Main'!$M$6="No",50000,IF($BB$5>50000,50000,$BB$5)),0) -> 0 | BD10: =IF('GA55 Main'!$C$4='Other Ded.'!B10,IF('GA55 Main'!$E$6="No",25000,50000),0) -> 0 | BE10: =IF('GA55 Main'!$C$4='Other Ded.'!B10,IF('GA55 Main'!$E$6="No",40000,100000),0) -> 0
A11: 7 | B11: =Master!B10 -> Randheer Singh Shekhawat | F11: =IF(AZ11>0,AZ11,0) -> 0 | G11: =IFERROR(VLOOKUP(B11,SI_GPF,19,0),0) -> 0 | AM11: =IF('GA55 Main'!$C$4='Other Ded.'!B11,IF('GA55 Main'!$M$6="No",'GA55 Main'!$J$27,('GA55 Main'!$J$27+'GA55 Main'!$M$27)),0) -> 0 | AN11: =IF('GA55 Main'!$C$4='Other Ded.'!B11,'GA55 Main'!$W$27,0) -> 0 | AO11: =IF('Tax Calculaton Old'!$D$3='Other Ded.'!B11,'Tax Calculaton Old'!$M$48,0) -> 0 | AP11: =IF(Sheet1!$I$5='Other Ded.'!B11,Sheet1!$L$32,0) -> 0 | AQ11: =IF(C11=0,0,ROUND(0.1*AU11,0)+C11) -> 0 | AT11: =IF('GA55 Main'!$C$4='Other Ded.'!B11,'GA55 Main'!$E$27,0) -> 0 | AU11: =IF('GA55 Main'!$C$4='Other Ded.'!B11,SUM('GA55 Main'!$C$8:$C$19,'GA55 Main'!$D$8:$D$19),0) -> 0 | AV11: =S11+X11 -> 0 | AW11: =S11+X11+Y11 -> 0 | AX11: =IF('GA55 Main'!$C$4='Other Ded.'!B11,IF('GA55 Main'!$M$6="NO",0,'GA55 Main'!$M$27),0) -> 0 | AY11: =IF('GA55 Main'!$C$4='Other Ded.'!B11,IF('GA55 Main'!$M$6="No",0,ROUND(10%*'GA55 Main'!$J$27,0)),0) -> 0 | AZ11: =IF(AX11>AY11,AY11,AX11) -> 0 | BA11: =AP11 -> 0 | BB11: =IF($BA$5>150000,$BA$5-150000,0) -> 0 | BC11: =IF('GA55 Main'!$C$4='Other Ded.'!B11,IF('GA55 Main'!$M$6="No",50000,IF($BB$5>50000,50000,$BB$5)),0) -> 0 | BD11: =IF('GA55 Main'!$C$4='Other Ded.'!B11,IF('GA55 Main'!$E$6="No",25000,50000),0) -> 0 | BE11: =IF('GA55 Main'!$C$4='Other Ded.'!B11,IF('GA55 Main'!$E$6="No",40000,100000),0) -> 0
A12: 8 | B12: =Master!B11 -> 0 | F12: =IF(AZ12>0,AZ12,0) -> 0 | G12: =IFERROR(VLOOKUP(B12,SI_GPF,19,0),0) -> 0 | AM12: =IF('GA55 Main'!$C$4='Other Ded.'!B12,IF('GA55 Main'!$M$6="No",'GA55 Main'!$J$27,('GA55 Main'!$J$27+'GA55 Main'!$M$27)),0) -> 0 | AN12: =IF('GA55 Main'!$C$4='Other Ded.'!B12,'GA55 Main'!$W$27,0) -> 0 | AO12: =IF('Tax Calculaton Old'!$D$3='Other Ded.'!B12,'Tax Calculaton Old'!$M$48,0) -> 0 | AP12: =IF(Sheet1!$I$5='Other Ded.'!B12,Sheet1!$L$32,0) -> 0 | AQ12: =IF(C12=0,0,ROUND(0.1*AU12,0)+C12) -> 0 | AT12: =IF('GA55 Main'!$C$4='Other Ded.'!B12,'GA55 Main'!$E$27,0) -> 0 | AU12: =IF('GA55 Main'!$C$4='Other Ded.'!B12,SUM('GA55 Main'!$C$8:$C$19,'GA55 Main'!$D$8:$D$19),0) -> 0 | AV12: =S12+X12 -> 0 | AW12: =S12+X12+Y12 -> 0 | AX12: =IF('GA55 Main'!$C$4='Other Ded.'!B12,IF('GA55 Main'!$M$6="NO",0,'GA55 Main'!$M$27),0) -> 0 | AY12: =IF('GA55 Main'!$C$4='Other Ded.'!B12,IF('GA55 Main'!$M$6="No",0,ROUND(10%*'GA55 Main'!$J$27,0)),0) -> 0 | AZ12: =IF(AX12>AY12,AY12,AX12) -> 0 | BA12: =AP12 -> 0 | BB12: =IF($BA$5>150000,$BA$5-150000,0) -> 0 | BC12: =IF('GA55 Main'!$C$4='Other Ded.'!B12,IF('GA55 Main'!$M$6="No",50000,IF($BB$5>50000,50000,$BB$5)),0) -> 0 | BD12: =IF('GA55 Main'!$C$4='Other Ded.'!B12,IF('GA55 Main'!$E$6="No",25000,50000),0) -> 0 | BE12: =IF('GA55 Main'!$C$4='Other Ded.'!B12,IF('GA55 Main'!$E$6="No",40000,100000),0) -> 0
A13: 9 | B13: =Master!B12 -> 0 | F13: =IF(AZ13>0,AZ13,0) -> 0 | G13: =IFERROR(VLOOKUP(B13,SI_GPF,19,0),0) -> 0 | AM13: =IF('GA55 Main'!$C$4='Other Ded.'!B13,IF('GA55 Main'!$M$6="No",'GA55 Main'!$J$27,('GA55 Main'!$J$27+'GA55 Main'!$M$27)),0) -> 0 | AN13: =IF('GA55 Main'!$C$4='Other Ded.'!B13,'GA55 Main'!$W$27,0) -> 0 | AO13: =IF('Tax Calculaton Old'!$D$3='Other Ded.'!B13,'Tax Calculaton Old'!$M$48,0) -> 0 | AP13: =IF(Sheet1!$I$5='Other Ded.'!B13,Sheet1!$L$32,0) -> 0 | AQ13: =IF(C13=0,0,ROUND(0.1*AU13,0)+C13) -> 0 | AT13: =IF('GA55 Main'!$C$4='Other Ded.'!B13,'GA55 Main'!$E$27,0) -> 0 | AU13: =IF('GA55 Main'!$C$4='Other Ded.'!B13,SUM('GA55 Main'!$C$8:$C$19,'GA55 Main'!$D$8:$D$19),0) -> 0 | AV13: =S13+X13 -> 0 | AW13: =S13+X13+Y13 -> 0 | AX13: =IF('GA55 Main'!$C$4='Other Ded.'!B13,IF('GA55 Main'!$M$6="NO",0,'GA55 Main'!$M$27),0) -> 0 | AY13: =IF('GA55 Main'!$C$4='Other Ded.'!B13,IF('GA55 Main'!$M$6="No",0,ROUND(10%*'GA55 Main'!$J$27,0)),0) -> 0 | AZ13: =IF(AX13>AY13,AY13,AX13) -> 0 | BA13: =AP13 -> 0 | BB13: =IF($BA$5>150000,$BA$5-150000,0) -> 0 | BC13: =IF('GA55 Main'!$C$4='Other Ded.'!B13,IF('GA55 Main'!$M$6="No",50000,IF($BB$5>50000,50000,$BB$5)),0) -> 0 | BD13: =IF('GA55 Main'!$C$4='Other Ded.'!B13,IF('GA55 Main'!$E$6="No",25000,50000),0) -> 0 | BE13: =IF('GA55 Main'!$C$4='Other Ded.'!B13,IF('GA55 Main'!$E$6="No",40000,100000),0) -> 0
A14: 10 | B14: =Master!B13 -> 0 | F14: =IF(AZ14>0,AZ14,0) -> 0 | G14: =IFERROR(VLOOKUP(B14,SI_GPF,19,0),0) -> 0 | AM14: =IF('GA55 Main'!$C$4='Other Ded.'!B14,IF('GA55 Main'!$M$6="No",'GA55 Main'!$J$27,('GA55 Main'!$J$27+'GA55 Main'!$M$27)),0) -> 0 | AN14: =IF('GA55 Main'!$C$4='Other Ded.'!B14,'GA55 Main'!$W$27,0) -> 0 | AO14: =IF('Tax Calculaton Old'!$D$3='Other Ded.'!B14,'Tax Calculaton Old'!$M$48,0) -> 0 | AP14: =IF(Sheet1!$I$5='Other Ded.'!B14,Sheet1!$L$32,0) -> 0 | AQ14: =IF(C14=0,0,ROUND(0.1*AU14,0)+C14) -> 0 | AT14: =IF('GA55 Main'!$C$4='Other Ded.'!B14,'GA55 Main'!$E$27,0) -> 0 | AU14: =IF('GA55 Main'!$C$4='Other Ded.'!B14,SUM('GA55 Main'!$C$8:$C$19,'GA55 Main'!$D$8:$D$19),0) -> 0 | AV14: =S14+X14 -> 0 | AW14: =S14+X14+Y14 -> 0 | AX14: =IF('GA55 Main'!$C$4='Other Ded.'!B14,IF('GA55 Main'!$M$6="NO",0,'GA55 Main'!$M$27),0) -> 0 | AY14: =IF('GA55 Main'!$C$4='Other Ded.'!B14,IF('GA55 Main'!$M$6="No",0,ROUND(10%*'GA55 Main'!$J$27,0)),0) -> 0 | AZ14: =IF(AX14>AY14,AY14,AX14) -> 0 | BA14: =AP14 -> 0 | BB14: =IF($BA$5>150000,$BA$5-150000,0) -> 0 | BC14: =IF('GA55 Main'!$C$4='Other Ded.'!B14,IF('GA55 Main'!$M$6="No",50000,IF($BB$5>50000,50000,$BB$5)),0) -> 0 | BD14: =IF('GA55 Main'!$C$4='Other Ded.'!B14,IF('GA55 Main'!$E$6="No",25000,50000),0) -> 0 | BE14: =IF('GA55 Main'!$C$4='Other Ded.'!B14,IF('GA55 Main'!$E$6="No",40000,100000),0) -> 0
A15: 11 | B15: =Master!B14 -> 0 | F15: =IF(AZ15>0,AZ15,0) -> 0 | G15: =IFERROR(VLOOKUP(B15,SI_GPF,19,0),0) -> 0 | AM15: =IF('GA55 Main'!$C$4='Other Ded.'!B15,IF('GA55 Main'!$M$6="No",'GA55 Main'!$J$27,('GA55 Main'!$J$27+'GA55 Main'!$M$27)),0) -> 0 | AN15: =IF('GA55 Main'!$C$4='Other Ded.'!B15,'GA55 Main'!$W$27,0) -> 0 | AO15: =IF('Tax Calculaton Old'!$D$3='Other Ded.'!B15,'Tax Calculaton Old'!$M$48,0) -> 0 | AP15: =IF(Sheet1!$I$5='Other Ded.'!B15,Sheet1!$L$32,0) -> 0 | AQ15: =IF(C15=0,0,ROUND(0.1*AU15,0)+C15) -> 0 | AT15: =IF('GA55 Main'!$C$4='Other Ded.'!B15,'GA55 Main'!$E$27,0) -> 0 | AU15: =IF('GA55 Main'!$C$4='Other Ded.'!B15,SUM('GA55 Main'!$C$8:$C$19,'GA55 Main'!$D$8:$D$19),0) -> 0 | AV15: =S15+X15 -> 0 | AW15: =S15+X15+Y15 -> 0 | AX15: =IF('GA55 Main'!$C$4='Other Ded.'!B15,IF('GA55 Main'!$M$6="NO",0,'GA55 Main'!$M$27),0) -> 0 | AY15: =IF('GA55 Main'!$C$4='Other Ded.'!B15,IF('GA55 Main'!$M$6="No",0,ROUND(10%*'GA55 Main'!$J$27,0)),0) -> 0 | AZ15: =IF(AX15>AY15,AY15,AX15) -> 0 | BA15: =AP15 -> 0 | BB15: =IF($BA$5>150000,$BA$5-150000,0) -> 0 | BC15: =IF('GA55 Main'!$C$4='Other Ded.'!B15,IF('GA55 Main'!$M$6="No",50000,IF($BB$5>50000,50000,$BB$5)),0) -> 0 | BD15: =IF('GA55 Main'!$C$4='Other Ded.'!B15,IF('GA55 Main'!$E$6="No",25000,50000),0) -> 0 | BE15: =IF('GA55 Main'!$C$4='Other Ded.'!B15,IF('GA55 Main'!$E$6="No",40000,100000),0) -> 0
A16: 12 | B16: =Master!B15 -> 0 | F16: =IF(AZ16>0,AZ16,0) -> 0 | G16: =IFERROR(VLOOKUP(B16,SI_GPF,19,0),0) -> 0 | AM16: =IF('GA55 Main'!$C$4='Other Ded.'!B16,IF('GA55 Main'!$M$6="No",'GA55 Main'!$J$27,('GA55 Main'!$J$27+'GA55 Main'!$M$27)),0) -> 0 | AN16: =IF('GA55 Main'!$C$4='Other Ded.'!B16,'GA55 Main'!$W$27,0) -> 0 | AO16: =IF('Tax Calculaton Old'!$D$3='Other Ded.'!B16,'Tax Calculaton Old'!$M$48,0) -> 0 | AP16: =IF(Sheet1!$I$5='Other Ded.'!B16,Sheet1!$L$32,0) -> 0 | AQ16: =IF(C16=0,0,ROUND(0.1*AU16,0)+C16) -> 0 | AT16: =IF('GA55 Main'!$C$4='Other Ded.'!B16,'GA55 Main'!$E$27,0) -> 0 | AU16: =IF('GA55 Main'!$C$4='Other Ded.'!B16,SUM('GA55 Main'!$C$8:$C$19,'GA55 Main'!$D$8:$D$19),0) -> 0 | AV16: =S16+X16 -> 0 | AW16: =S16+X16+Y16 -> 0 | AX16: =IF('GA55 Main'!$C$4='Other Ded.'!B16,IF('GA55 Main'!$M$6="NO",0,'GA55 Main'!$M$27),0) -> 0 | AY16: =IF('GA55 Main'!$C$4='Other Ded.'!B16,IF('GA55 Main'!$M$6="No",0,ROUND(10%*'GA55 Main'!$J$27,0)),0) -> 0 | AZ16: =IF(AX16>AY16,AY16,AX16) -> 0 | BA16: =AP16 -> 0 | BB16: =IF($BA$5>150000,$BA$5-150000,0) -> 0 | BC16: =IF('GA55 Main'!$C$4='Other Ded.'!B16,IF('GA55 Main'!$M$6="No",50000,IF($BB$5>50000,50000,$BB$5)),0) -> 0 | BD16: =IF('GA55 Main'!$C$4='Other Ded.'!B16,IF('GA55 Main'!$E$6="No",25000,50000),0) -> 0 | BE16: =IF('GA55 Main'!$C$4='Other Ded.'!B16,IF('GA55 Main'!$E$6="No",40000,100000),0) -> 0
A17: 13 | B17: =Master!B16 -> 0 | F17: =IF(AZ17>0,AZ17,0) -> 0 | G17: =IFERROR(VLOOKUP(B17,SI_GPF,19,0),0) -> 0 | AM17: =IF('GA55 Main'!$C$4='Other Ded.'!B17,IF('GA55 Main'!$M$6="No",'GA55 Main'!$J$27,('GA55 Main'!$J$27+'GA55 Main'!$M$27)),0) -> 0 | AN17: =IF('GA55 Main'!$C$4='Other Ded.'!B17,'GA55 Main'!$W$27,0) -> 0 | AO17: =IF('Tax Calculaton Old'!$D$3='Other Ded.'!B17,'Tax Calculaton Old'!$M$48,0) -> 0 | AP17: =IF(Sheet1!$I$5='Other Ded.'!B17,Sheet1!$L$32,0) -> 0 | AQ17: =IF(C17=0,0,ROUND(0.1*AU17,0)+C17) -> 0 | AT17: =IF('GA55 Main'!$C$4='Other Ded.'!B17,'GA55 Main'!$E$27,0) -> 0 | AU17: =IF('GA55 Main'!$C$4='Other Ded.'!B17,SUM('GA55 Main'!$C$8:$C$19,'GA55 Main'!$D$8:$D$19),0) -> 0 | AV17: =S17+X17 -> 0 | AW17: =S17+X17+Y17 -> 0 | AX17: =IF('GA55 Main'!$C$4='Other Ded.'!B17,IF('GA55 Main'!$M$6="NO",0,'GA55 Main'!$M$27),0) -> 0 | AY17: =IF('GA55 Main'!$C$4='Other Ded.'!B17,IF('GA55 Main'!$M$6="No",0,ROUND(10%*'GA55 Main'!$J$27,0)),0) -> 0 | AZ17: =IF(AX17>AY17,AY17,AX17) -> 0 | BA17: =AP17 -> 0 | BB17: =IF($BA$5>150000,$BA$5-150000,0) -> 0 | BC17: =IF('GA55 Main'!$C$4='Other Ded.'!B17,IF('GA55 Main'!$M$6="No",50000,IF($BB$5>50000,50000,$BB$5)),0) -> 0 | BD17: =IF('GA55 Main'!$C$4='Other Ded.'!B17,IF('GA55 Main'!$E$6="No",25000,50000),0) -> 0 | BE17: =IF('GA55 Main'!$C$4='Other Ded.'!B17,IF('GA55 Main'!$E$6="No",40000,100000),0) -> 0
A18: 14 | B18: =Master!B17 -> 0 | F18: =IF(AZ18>0,AZ18,0) -> 0 | G18: =IFERROR(VLOOKUP(B18,SI_GPF,19,0),0) -> 0 | AM18: =IF('GA55 Main'!$C$4='Other Ded.'!B18,IF('GA55 Main'!$M$6="No",'GA55 Main'!$J$27,('GA55 Main'!$J$27+'GA55 Main'!$M$27)),0) -> 0 | AN18: =IF('GA55 Main'!$C$4='Other Ded.'!B18,'GA55 Main'!$W$27,0) -> 0 | AO18: =IF('Tax Calculaton Old'!$D$3='Other Ded.'!B18,'Tax Calculaton Old'!$M$48,0) -> 0 | AP18: =IF(Sheet1!$I$5='Other Ded.'!B18,Sheet1!$L$32,0) -> 0 | AQ18: =IF(C18=0,0,ROUND(0.1*AU18,0)+C18) -> 0 | AT18: =IF('GA55 Main'!$C$4='Other Ded.'!B18,'GA55 Main'!$E$27,0) -> 0 | AU18: =IF('GA55 Main'!$C$4='Other Ded.'!B18,SUM('GA55 Main'!$C$8:$C$19,'GA55 Main'!$D$8:$D$19),0) -> 0 | AV18: =S18+X18 -> 0 | AW18: =S18+X18+Y18 -> 0 | AX18: =IF('GA55 Main'!$C$4='Other Ded.'!B18,IF('GA55 Main'!$M$6="NO",0,'GA55 Main'!$M$27),0) -> 0 | AY18: =IF('GA55 Main'!$C$4='Other Ded.'!B18,IF('GA55 Main'!$M$6="No",0,ROUND(10%*'GA55 Main'!$J$27,0)),0) -> 0 | AZ18: =IF(AX18>AY18,AY18,AX18) -> 0 | BA18: =AP18 -> 0 | BB18: =IF($BA$5>150000,$BA$5-150000,0) -> 0 | BC18: =IF('GA55 Main'!$C$4='Other Ded.'!B18,IF('GA55 Main'!$M$6="No",50000,IF($BB$5>50000,50000,$BB$5)),0) -> 0 | BD18: =IF('GA55 Main'!$C$4='Other Ded.'!B18,IF('GA55 Main'!$E$6="No",25000,50000),0) -> 0 | BE18: =IF('GA55 Main'!$C$4='Other Ded.'!B18,IF('GA55 Main'!$E$6="No",40000,100000),0) -> 0
... A254: 250 | B254: =Master!B253 -> 0 | F254: =IF(AZ254>0,AZ254,0) -> 0 | G254: =IFERROR(VLOOKUP(B254,SI_GPF,19,0),0) -> 0 | AM254: =IF('GA55 Main'!$C$4='Other Ded.'!B254,IF('GA55 Main'!$M$6="No",'GA55 Main'!$J$27,('GA55 Main'!$J$27+'GA55 Main'!$M$27)),0) -> 0 | AN254: =IF('GA55 Main'!$C$4='Other Ded.'!B254,'GA55 Main'!$W$27,0) -> 0 | AO254: =IF('Tax Calculaton Old'!$D$3='Other Ded.'!B254,'Tax Calculaton Old'!$M$48,0) -> 0 | AP254: =IF(Sheet1!$I$5='Other Ded.'!B254,Sheet1!$L$32,0) -> 0 | AQ254: =IF(C254=0,0,ROUND(0.1*AU254,0)+C254) -> 0 | AT254: =IF('GA55 Main'!$C$4='Other Ded.'!B254,'GA55 Main'!$E$27,0) -> 0 | AU254: =IF('GA55 Main'!$C$4='Other Ded.'!B254,SUM('GA55 Main'!$C$8:$C$19,'GA55 Main'!$D$8:$D$19),0) -> 0 | AV254: =S254+X254 -> 0 | AW254: =S254+X254+Y254 -> 0 | AX254: =IF('GA55 Main'!$C$4='Other Ded.'!B254,IF('GA55 Main'!$M$6="NO",0,'GA55 Main'!$M$27),0) -> 0 | AY254: =IF('GA55 Main'!$C$4='Other Ded.'!B254,IF('GA55 Main'!$M$6="No",0,ROUND(10%*'GA55 Main'!$J$27,0)),0) -> 0 | AZ254: =IF(AX254>AY254,AY254,AX254) -> 0 | BA254: =AP254 -> 0 | BB254: =IF($BA$5>150000,$BA$5-150000,0) -> 0 | BC254: =IF('GA55 Main'!$C$4='Other Ded.'!B254,IF('GA55 Main'!$M$6="No",50000,IF($BB$5>50000,50000,$BB$5)),0) -> 0 | BD254: =IF('GA55 Main'!$C$4='Other Ded.'!B254,IF('GA55 Main'!$E$6="No",25000,50000),0) -> 0 | BE254: =IF('GA55 Main'!$C$4='Other Ded.'!B254,IF('GA55 Main'!$E$6="No",40000,100000),0) -> 0

Sheet Summary
A3: Name Of Employee | B3: Ashwini Kumar Sharma
A5: Gross Pay | B5: Taxable Amt | C5: Tax Deposit | D5: Rebate Under Section 80C, 80CCC, 80CCD(1) | E5: मकान किराया छूट के लिए रसीद की आवश्यकता
A6: =VLOOKUP($B$3,Tax_data,38,0) -> 755339 | B6: =VLOOKUP($B$3,Tax_data,40,0) -> 506010 | C6: =VLOOKUP($B$3,Tax_data,39,0) -> 0 | D6: =VLOOKUP($B$3,Tax_data,41,0) -> 122043 | E6: =VLOOKUP($B$3,Tax_data,42,0) -> 0
A8: TAX Position (Old Tax Scheme) | C8: ='Tax Calculaton Old'!$A$64&" = " &'Tax Calculaton Old'!$M$64 -> Income Tax Payable = 14250
A9: TAX Position (New Tax Scheme) | C9: ='Tax Calculaton New'!$A$56&" = " &'Tax Calculaton New'!$M$56 -> Income Tax Payable = 33126
A10: Total Rebate Under Section 80C, 80CCC, 80CCD(1) | C10: ='Tax Calculaton Old'!$M$31 -> 122043
A11: Investable Amount | C11: =150000-C10 -> 27957

Sheet Tax Calculaton Old
A1: =Master!$A$1 -> कार्यालय, प्रधानाचार्य राजकीय उच्च माध्यमिक विद्यालय, रूपपुरा
A2: आयकर गणना प्रपत्र वर्ष 2020-21
A3: 1 | B3: नाम कर्मचारी | D3: ='GA55 Main'!$C$4 -> Ashwini Kumar Sharma | I3: पद | J3: =IFERROR(VLOOKUP($D$3,Employee_Data,2,0),"NoData") -> वरिष्ठ अध्यापक | L3: पैन नं. | M3: =IFERROR(VLOOKUP($D$3,Employee_Data,7,0),"NoData") -> AAAA9456A
A4: 2 | B4: आय वर्ष 2020-21 में प्राप्त कुल वेतन - | M4: =IF($D$3=VLOOKUP($D$3,Tax_data,1,0),IF('GA55 Main'!$M$6="No",'GA55 Main'!$J$27,('GA55 Main'!$J$27+'GA55 Main'!$M$27)),0) -> 755339 | O4: =VLOOKUP($D$3,Tax_data,1,0) -> Ashwini Kumar Sharma | P4: =VLOOKUP($D$3,Tax_data,40,0) -> 506010
A5: 3 | B5: गृह किराया, धारा 10 (13-A) के अंतर्गत एवं धारा 10 (14) के अंतर्गत अन्य भत्ते जो कर मुक्त है - | M5: =IF($D$3=VLOOKUP($D$3,Tax_data,1,0),VLOOKUP($D$3,Tax_data,2,0)+VLOOKUP($D$3,Tax_data,36,0),0) -> 0 | O5: =VLOOKUP($D$3,Tax_data,2,0)+VLOOKUP($D$3,Tax_data,38,0) -> 755339
A6: 4 | B6: शेष (2-3) | M6: =$M$4-$M$5 -> 755339 | O6: =VLOOKUP($D$3,Tax_data,5,0) -> 61823 | P6: =VLOOKUP($D$3,Tax_data,9,0) -> 0
A7: 5 | B7: (I)Standard Deduction Maxium 50000 धारा 16 (i a) | L7: =IF($M$6>50000,50000,$M$6) -> 50000 | O7: =VLOOKUP($D$3,Tax_data,29,0) -> 0 | P7: =VLOOKUP($D$3,Tax_data,49,0) -> 61823
B8: (II)मनोरंजन भत्ता धारा 16 (ii) के अंतर्गत Maxium 5000 | L8: =VLOOKUP($D$3,Tax_data,21,0) -> 0
B9: (III)वयवसाय कर धारा 16 (iii) के अंतर्गत | L9: =VLOOKUP($D$3,Tax_data,22,0) -> 0
B10: योग 5 | M10: =SUM(L7:L9) -> 50000
A11: 6 | B11: शेष (4-5) | M11: =$M$6-$M$10 -> 705339
A12: 7 | B12: (अ) गृह सम्पति से आय (1) स्वयं के उपयोग में शून्य | H12: (2) प्राप्त किराया रूपये | K12: =VLOOKUP($D$3,Tax_data,3,0) -> 0
B13: (ब) घटाइए | D13: किराये का 30% | F13: गृह ऋण पर ब्याज | H13: गृह कर | J13: योग 7 (ब)
D14: =ROUND($K$12*0.3,0) -> 0 | F14: =IF(VLOOKUP($D$3,Tax_data,8,0)>200000,200000,VLOOKUP($D$3,Tax_data,8,0)) -> 0 | H14: =VLOOKUP($D$3,Tax_data,4,0) -> 0 | J14: =SUM(D14,F14,H14) -> 0
B15: शेष - / + (7(अ) एवं 7 (ब) का) | M15: =$K$12-$J$14 -> 0
A16: 8 | B16: कुल शेष - / + (6 एवं 7) | M16: =$M$11+$M$15 -> 705339
A17: 9 | B17: अन्य आय | M17: =VLOOKUP($D$3,Tax_data,48,0) -> 0
A18: 10 | B18: सकल आय (योग 8+9) | M18: =SUM($M$16:$M$17) -> 705339
A19: 11 | B19: कटौतिया घटाइए - धारा US 80C, 80CCC, 80CCD(1)
B20: (A) अधिकतम सीमा 150000 (धारा 80CCE), धारा 80CCD(2) के अलावा
B21: 1 | C21: राज्य बीमा (SI) | F21: =VLOOKUP($D$3,SI_GPF,10,0)+VLOOKUP($D$3,SI_GPF,15,0) -> 60000 | H21: 11 | I21: EPEF (80CCD1) | L21: =VLOOKUP($D$3,SI_GPF,12,0) -> 61823
B22: 2 | C22: LIC | F22: =VLOOKUP($D$3,Tax_data,9,0)+VLOOKUP($D$3,SI_GPF,18,0) -> 0 | H22: 12 | I22: पेंशन प्लान हेतु अंशदान धारा (80CCC) | L22: =VLOOKUP($D$3,Tax_data,26,0) -> 0
B23: 3 | C23: GPF | F23: =VLOOKUP($D$3,SI_GPF,11,0) -> 0 | H23: 13 | I23: राष्ट्रीय बचत पत्र पर ब्याज | L23: =VLOOKUP($D$3,Tax_data,17,0) -> 0
B24: 4 | C24: राष्ट्रीय बचत पत्र (NSC) | F24: =VLOOKUP($D$3,Tax_data,16,0) -> 0 | H24: 14 | I24: ट्यूशन फीस | L24: =VLOOKUP($D$3,Tax_data,11,0) -> 0
B25: 5 | C25: लोक भविष्य निधि (PPF) | F25: =VLOOKUP($D$3,Tax_data,12,0) -> 0 | H25: 15 | I25: इक्विटी लिंक सेविंग स्कीम | L25: =VLOOKUP($D$3,Tax_data,19,0) -> 0
B26: 6 | C26: राष्ट्रीय बचत स्कीम (NSS) | F26: =VLOOKUP($D$3,Tax_data,15,0) -> 0 | H26: 16 | I26: Defferred Annuty | L26: =VLOOKUP($D$3,Tax_data,20,0) -> 0
B27: 7 | C27: GIS | F27: =VLOOKUP($D$3,SI_GPF,17,0) -> 220 | H27: 17 | I27: PLI | L27: =VLOOKUP($D$3,Tax_data,10,0) -> 0
B28: 8 | C28: ULIP / वार्षिक प्लान | F28: =VLOOKUP($D$3,Tax_data,14,0) -> 0 | H28: 18 | I28: धारा 80C के अंतर्गत अन्य जमा राशि | L28: =VLOOKUP($D$3,Tax_data,25,0) -> 0
B29: 9 | C29: Home Loan Premium | F29: =VLOOKUP($D$3,Tax_data,7,0) -> 0 | H29: 19 | I29: योग 1 से 18 तक | L29: =SUM(F21:G30,L21:L28) -> 122043
B30: 10 | C30: सुकन्या योजना में जमा | F30: =VLOOKUP($D$3,Tax_data,13,0) -> 0
B31: अधिकतम कटौती राशि रूपए 150000 तक | M31: =IF($L$29<150001,ROUND($L$29,0),150000) -> 122043
B32: (B) | C32: घटाइए धारा 80CCD (2) नियोक्ता द्वारा पेंशन अंशदान की राशि (अधिकतम वेतन का 10%) | M32: =VLOOKUP($D$3,Tax_data,49,0) -> 61823
B33: (C) | C33: घटाइए धारा 80CCD (1B)नवीन पेंशन योजना में अतिरिक्त अंशदान (अधिकतम रूपए 50000) | M33: =IF(VLOOKUP($D$3,Tax_data,27,0)>=50000,50000,VLOOKUP($D$3,Tax_data,27,0)) -> 0
B34: योग 11 (A+B+C) | M34: =SUM(M31:M33) -> 183866
A35: 12 | B35: अन्य कटौतिया
B36: 1 | C36: धारा 80 D, चिकित्सा बीमा प्रीमियम (स्वयं,पति/पत्नी व बच्चों के लिए रू 25000, माता-पिता के लिए रू 25000,सीनियर सिटीजन रू 50000) | M36: =VLOOKUP($D$3,Tax_data,28,0) -> 0
B37: 2 | C37: धारा 80DD विकलांग आश्रितों के चिकित्सा उपचार (अधिकतम 75,000 तथा 80% या अधिक विकलांगता 125,000) | M37: =VLOOKUP($D$3,Tax_data,29,0) -> 0
B38: 3 | C38: धारा 80 DB विशिष्ट रोंगों के उपचार हेतु कटौती (अधिकतम रू 40,000, सीनियर सिटीजन हेतु रू 100,000) | M38: =VLOOKUP($D$3,Tax_data,30,0) -> 0
B39: 4 | C39: धारा 80 E उच्च शिक्षा हेतु लिए ऋण का ब्याज | M39: =VLOOKUP($D$3,Tax_data,31,0) -> 0
B40: 5 | C40: धारा 80 G धर्मार्थ संस्थाओं आदि को दिये दान ( क श्रेणी में 100 प्रतिशत एवं ख श्रेणी में 50 प्रतिशत) | M40: =VLOOKUP($D$3,Tax_data,6,0)+VLOOKUP($D$3,Tax_data,37,0) -> 15467
B41: 6 | C41: धारा 80 U स्थाई रूप से शारीरिक असमर्थतता की दशा में (अधिकतम 75,000 तथा अधिनियम 1995के अनुसार 125,000) | M41: =VLOOKUP($D$3,Tax_data,32,0) -> 0
B42: 7 | C42: धारा 80 TTA बचत खाते पर ब्याज की अधिकतम छूट रू. 10,000 U/S 194(IA) | M42: =IF('GA55 Main'!$E$6="Yes",0,IF(VLOOKUP($D$3,Tax_data,18,0)>10000,10000,VLOOKUP($D$3,Tax_data,18,0))) -> 0
B43: 8 | C43: धारा 80 TTB वरिष्ठ नागरिकों को सभी प्रकार के ब्याज पर अधिकतम छूट- 50000 रू. U/S 194(A) | M43: =IF('GA55 Main'!$E$6="No",0,IF(VLOOKUP($D$3,Tax_data,47,0)<50001,VLOOKUP($D$3,Tax_data,47,0),50000)) -> 0
B44: 9 | C44: धारा 80 GGA अनुमोदित वैज्ञानिक, सामाजिक, ग्रामीण विकास आदि हेतु दिया गया दान | M44: =VLOOKUP($D$3,Tax_data,32,0) -> 0
B45: योग 12 (1 to 9) | M45: =SUM(M36:M44) -> 15467
A46: 13 | B46: कुल कटौती (11+12) | M46: =SUM($M$34+$M$45) -> 199333
A47: 14 | B47: कर योग्य आय (10-13) | M47: =$M$18-$M$46 -> 506006
A48: 15 | B48: कुल आय की राशि को सम्पूर्ण करना (दस के गुणक में) धारा 288 A | M48: =ROUND($M$47,-1) -> 506010
A49: 16 | B49: आयकर की गणना
B50: एक व्यक्ति कर दाता | F50: वरिष्ठ नागरिक (60 से 80 वर्ष) | J50: 80 वर्ष या अधिक आयु
B51: 250000 तक | E51: NIL | F51: 300000 तक | I51: NIL | M51: 0
B52: 250001 से 50000 तक | E52: 0.05 | F52: 300001 से 50000 तक | I52: 0.05 | J52: 50000 तक | L52: NIL | M52: =ROUND(IF('GA55 Main'!$E$6="NO",IF(M48<250001,0,IF(M48>500000,12500,((M48-250000)*0.05))),IF(M48<300001,0,IF(M48>500000,10000,((M48-300000)*0.05)))),0) -> 12500
B53: 500001 से 1000000 तक | E53: 0.2 | F53: 500001 से 1000000 तक | I53: 0.2 | J53: 500001 से 1000000 तक | L53: 0.2 | M53: =IF(M48<500001,0,IF(M48>1000000,100000,((M48-500000)*0.2))) -> 1202
B54: 1000001 से अधिक | E54: 0.3 | F54: 1000001 से अधिक | I54: 0.3 | J54: 1000001 से अधिक | L54: 0.3 | M54: =IF(M48<1000001,0,((M48-1000000)*0.3)) -> 0
B55: 1 | C55: योग आयकर | M55: =SUM(M51:M54) -> 13702
B56: 2 | C56: छूट घारा 87(A) (2.50 लाख से 5 लाख तक की कर योग्य आय पर आयकर की छूट अधिकतम रू. 12500 तक) | M56: =IF(M48>500000,0,IF(M55<12501,M55,12500)) -> 0
B57: 3 | C57: शेष आयकर (1-2) | M57: =M55-M56 -> 13702
B58: 4 | C58: शिक्षा उपकर 2% एवं उच्च शिक्षा के लिए अधिभार 2% (योग 4%) | M58: =ROUND(M57*0.04,0) -> 548
B59: कुल आयकर (3+4) | M59: =SUM(M57:M58) -> 14250
A60: 17 | B60: घटाइये :- राहत धारा 89 के तहत | M60: =VLOOKUP($D$3,Tax_data,34,0) -> 0
A61: 18 | B61: कुल शेष आयकर | M61: =M59-M60 -> 14250
A62: 19 | B62: आयकर कटौती का विवरण | D62: सितम्बर 2020 तक | F62: अक्टूबर से दिसम्बर 2020 तक | H62: जनवरी 2021 | J62: फ़रवरी 2021 | L62: टी.डी.एस. | M62: कुल टैक्स कटौती (योग कॉलम 19)
D63: =SUM('GA55 Main'!$W$8:$W$14) -> 0 | F63: =SUM('GA55 Main'!$W$15:$W$17) -> 0 | H63: ='GA55 Main'!W18 | J63: ='GA55 Main'!W19 | L63: =SUM('GA55 Main'!$W$20:$W$26,'Other Ded.'!$D$39) -> 0 | M63: =SUM(D63:L63) -> 0
A64: =IF(M61>M63,"Income Tax Payable",IF(M61<M63,"Income Tax Refundable","Income Tax Payble/Refundable")) -> Income Tax Payable | M64: =M61-M63 -> 14250
A66: Signature Of Employee | L66: Signature Of DDO

Sheet Tax Calculaton New
A1: =Master!$A$1 -> कार्यालय, प्रधानाचार्य राजकीय उच्च माध्यमिक विद्यालय, रूपपुरा
A2: आयकर गणना प्रपत्र वर्ष 2020-21
A3: 1 | B3: नाम कर्मचारी | D3: ='Tax Calculaton Old'!$D$3 -> Ashwini Kumar Sharma | I3: पद | J3: ='Tax Calculaton Old'!$J$3 -> वरिष्ठ अध्यापक | L3: पैन नं. | M3: ='Tax Calculaton Old'!$M$3 -> AAAA9456A
A4: 2 | B4: आय वर्ष 2020-21 में प्राप्त कुल वेतन - | M4: ='Tax Calculaton Old'!$M$4 -> 755339
A5: 3 | B5: गृह किराया, धारा 10 (13-A) के अंतर्गत एवं धारा 10 (14) के अंतर्गत अन्य भत्ते जो कर मुक्त है - | M5: =VLOOKUP($D$3,Tax_data,36,0) -> 0
A6: 4 | B6: शेष (2-3) | M6: =M4-M5 -> 755339
A7: 5 | B7: (I)Standard Deduction Maxium 50000 धारा 16 (i a) | L7: 0
B8: (II)मनोरंजन भत्ता धारा 16 (ii) के अंतर्गत Maxium 5000 | L8: =VLOOKUP($D$3,Tax_data,21,0) -> 0
B9: (III)वयवसाय कर धारा 16 (iii) के अंतर्गत | L9: =VLOOKUP($D$3,Tax_data,22,0) -> 0
B10: योग 5 | M10: =SUM(L7:L9) -> 0
A11: 6 | B11: शेष (4-5) | M11: =$M$6-$M$10 -> 755339
A12: 7 | B12: (अ) गृह सम्पति से आय (1) स्वयं के उपयोग में शून्य | H12: (2) प्राप्त किराया रूपये | K12: 0
B13: (ब) घटाइए | D13: किराये का 30% | F13: गृह ऋण पर ब्याज | H13: गृह कर | J13: योग 7 (ब)
D14: 0 | F14: 0 | H14: 0 | J14: =SUM(D14,F14,H14) -> 0
B15: शेष - / + (7(अ) एवं 7 (ब) का) | M15: =$K$12+$J$14 -> 0
A16: 8 | B16: कुल शेष - / + (6 एवं 7) | M16: =$M$11-$M$15 -> 755339
A17: 9 | B17: अन्य आय | M17: =VLOOKUP($D$3,Tax_data,48,0) -> 0
A18: 10 | B18: सकल आय (योग 8+9) | M18: =SUM($M$16:$M$17) -> 755339
A19: 11 | B19: कटौतिया घटाइए - धारा US 80C, 80CCC, 80CCD(1)
B20: (A) धारा US 80C, 80CCC, 80CCD(1) अधिकतम कटौती की राशि | M20: 0
B21: (B) धारा 80CCD(2) नियोक्ता द्वारा पेंशन अंशदान की राशि (अधिकतम वेतन का 10% पृथक से छूट) | M21: =VLOOKUP($D$3,Tax_data,49,0) -> 61823
B22: (C) धारा 80CCD(1B) नवीन पेंशन योजना में अतिरिक्त अंशदान (अधिकतम रू. 50,000) | M22: 0
B23: योग 11 (A+B+C) | M23: =SUM(M20:M22) -> 61823
A24: 12 | B24: अन्य कटौतिया
B25: 1 | C25: धारा 80 D, चिकित्सा बीमा प्रीमियम (स्वयं,पति/पत्नी व बच्चों के लिए रू 25000, माता-पिता के लिए रू 25000,सीनियर सिटीजन रू 50000) | M25: 0
B26: 2 | C26: धारा 80DD विकलांग आश्रितों के चिकित्सा उपचार (अधिकतम 75,000 तथा 80ः या अधिक विकलांगता 125,000) | M26: 0
B27: 3 | C27: धारा 80 DB विशिष्ट रोंगों के उपचार हेतु कटौती (अधिकतम रू 40,000, सीनियर सिटीजन हेतु रू 100,000) | M27: 0
B28: 4 | C28: धारा 80 E उच्च शिक्षा हेतु लिए ऋण का ब्याज | M28: 0
B29: 5 | C29: धारा 80 G धर्मार्थ संस्थाओं आदि को दिये दान ( क श्रेणी में 100 प्रतिशत एवं ख श्रेणी में 50 प्रतिशत) | M29: 0
B30: 6 | C30: धारा 80 U स्थाई रूप से शारीरिक असमर्थतता की दशा में (अधिकतम 75,000 तथा अधिनियम 1995के अनुसार 125,000) | M30: 0
B31: 7 | C31: धारा 80 TTA बचत खाते पर ब्याज की अधिकतम छूट रू. 10,000 U/S 194(IA) | M31: 0
B32: 8 | C32: धारा 80 TTB वरिष्ठ नागरिकों को सभी प्रकार के ब्याज पर अधिकतम छूट- 50000 रू. U/S 194(A) | M32: 0
B33: 9 | C33: धारा 80 GGA अनुमोदित वैज्ञानिक, सामाजिक, ग्रामीण विकास आदि हेतु दिया गया दान | M33: 0
B34: योग 12 (1 to 9) | M34: =SUM(M25:M33) -> 0
A35: 13 | B35: कुल कटौती (11+12) | M35: =SUM($M$23+$M$34) -> 61823
A36: 14 | B36: कर योग्य आय (10-13) | M36: =$M$18-$M$35 -> 693516
A37: 15 | B37: कुल आय की राशि को सम्पूर्ण करना (दस के गुणक में) धारा 288 A | M37: =ROUND($M$36,-1) -> 693520
A38: 16 | B38: आयकर की गणना
B39: एक व्यक्ति कर दाता | F39: वरिष्ठ नागरिक (60 से 80 वर्ष) | J39: 80 वर्ष या अधिक आयु
B40: 250000 तक | E40: NIL | F40: 300000 तक | I40: NIL | L40: NIL | M40: 0
B41: 250001 से 500000 तक | E41: 0.05 | F41: 300001 से 500000 तक | I41: 0.05 | J41: 50000 तक | L41: 0.05 | M41: =ROUND(IF('GA55 Main'!$E$6="NO",IF(M37<250001,0,IF(M37>500000,12500,((M37-250000)*0.05))),IF(M37<300001,0,IF(M37>500000,10000,((M37-300000)*0.05)))),0) -> 12500
B42: 500001 से 750000 तक | E42: 0.1 | F42: 500001 से 750000 तक | I42: 0.1 | J42: 500001 से 1000000 तक | L42: 0.1 | M42: =IF(M37<500001,0,IF(M37>750000,25000,((M37-500000)*0.1))) -> 19352
B43: 750001 से 1000000 तक | E43: 0.15 | F43: 750001 से 1000000 तक | I43: 0.15 | J43: 1000001 से अधिक | L43: 0.15 | M43: =IF(M37<750001,0,IF(M37>1000000,37500,((M37-750000)*0.15))) -> 0
B44: 1000001 से 1250000 तक | E44: 0.2 | F44: 1000001 से 1250000 तक | I44: 0.2 | J44: 1000001 से अधिक | L44: 0.2 | M44: =IF(M37<1000001,0,IF(M37>1250000,50000,((M37-1000000)*0.2))) -> 0
B45: 1250000 से 1500000 तक | E45: 0.25 | F45: 1250000 से 1500000 तक | I45: 0.25 | J45: 1000001 से अधिक | L45: 0.25 | M45: =IF(M37<1250001,0,IF(M37>1500000,62500,((M37-1250000)*0.25))) -> 0
B46: 1500000 से अधिक | E46: 0.3 | F46: 1500000 से अधिक | I46: 0.3 | J46: 1500000 से अधिक | L46: 0.3 | M46: =IF(M37<1500001,0,(M37-1500000)*0.3) -> 0
B47: 1 | C47: योग आयकर | M47: =SUM(M40:M46) -> 31852
B48: 2 | C48: छूट घारा 87(A) (2.50 लाख से 5 लाख तक की कर योग्य आय पर आयकर की छूट अधिकतम रू. 12500 तक) | M48: =IF(M37>500000,0,IF(M47<12501,M47,12500)) -> 0
B49: 3 | C49: शेष आयकर (1-2) | M49: =M47-M48 -> 31852
B50: 4 | C50: शिक्षा उपकर 2% एवं उच्च शिक्षा के लिए अधिभार 2% (योग 4%) | M50: =ROUND(M49*0.04,0) -> 1274
B51: कुल आयकर (3+4) | M51: =SUM(M49:M50) -> 33126
A52: 17 | B52: घटाइये :- राहत धारा 89 के तहत | M52: =VLOOKUP($D$3,Tax_data,34,0) -> 0
A53: 18 | B53: कुल शेष आयकर | M53: =M51-M52 -> 33126
A54: 19 | B54: आयकर कटौती का विवरण | D54: सितम्बर 2020 तक | F54: अक्टूबर से दिसम्बर 2020 तक | H54: जनवरी 2021 | J54: फ़रवरी 2021 | L54: टी.डी.एस. | M54: कुल टैक्स कटौती (योग कॉलम 19)
D55: =SUM('GA55 Main'!$W$8:$W$14) -> 0 | F55: =SUM('GA55 Main'!$W$15:$W$17) -> 0 | H55: ='GA55 Main'!W18 | J55: ='GA55 Main'!W19 | L55: =SUM('GA55 Main'!$W$20:$W$26,'Other Ded.'!$D$39) -> 0 | M55: =SUM(D55:L55) -> 0
A56: =IF(M53>M55,"Income Tax Payable",IF(M53<M55,"Income Tax Refundable","Income Tax Payble/Refundable")) -> Income Tax Payable | M56: =M53-M55 -> 33126
A58: Signature Of Employee | L58: Signature Of DDO

Sheet 7TH Pay Chart
A1: EXIST.G.P. | B1: 1700 | C1: 1750 | D1: 1900 | E1: 2000 | F1: 2400 | G1: 2400 | H1: 2400 | I1: 2800 | J1: 2800 | K1: 3600 | L1: 4200 | M1: 4800 | N1: 5400 | O1: 5400 | P1: 6000 | Q1: 6600 | R1: 6800 | S1: 7200 | T1: 7600 | U1: 8200 | V1: 8700 | W1: 8900 | X1: 9500 | Y1: 10000 | AA1: FIX REMUNERATION FOR PROBATIONER-TRAINEE
A2: LEVELS‏‏‏‏- | B2: L-1 | C2: L-2 | D2: L-3 | E2: L-4 | F2: L-5 | G2: L-6 | H2: L-7 | I2: L-8 | J2: L-9 | K2: L-10 | L2: L-11 | M2: L-12 | N2: L-13 | O2: L-14 | P2: L-15 | Q2: L-16 | R2: L-17 | S2: L-18 | T2: L-19 | U2: L-20 | V2: L-21 | W2: L-22 | X2: L-23 | Y2: L-24 | AA2: S.NO. | AB2: CORRESPONDING LEVEL | AC2: FIXED REMUNERATION (WEF 01-01-17)
A3: 1 | B3: 17700 | C3: 17900 | D3: 18200 | E3: 19200 | F3: 20800 | G3: 21500 | H3: 22400 | I3: 26300 | J3: 28700 | K3: 33800 | L3: 37800 | M3: 44300 | N3: 53100 | O3: 56100 | P3: 60700 | Q3: 67300 | R3: 71000 | S3: 75300 | T3: 79900 | U3: 88900 | V3: 123100 | W3: 129700 | X3: 145800 | Y3: 148800 | AA3: 1 | AB3: 2 | AC3: 3
A4: 2 | B4: 18200 | C4: 18400 | D4: 18700 | E4: 19800 | F4: 21400 | G4: 22100 | H4: 23100 | I4: 27100 | J4: 29600 | K4: 34800 | L4: 38900 | M4: 45600 | N4: 54700 | O4: 57800 | P4: 62500 | Q4: 69300 | R4: 73100 | S4: 77600 | T4: 82300 | U4: 91600 | V4: 126800 | W4: 133600 | X4: 150200 | Y4: 153300 | AA4: 1 | AB4: L-1 | AC4: 12400
A5: 3 | B5: 18700 | C5: 19000 | D5: 19300 | E5: 20400 | F5: 22000 | G5: 22800 | H5: 23800 | I5: 27900 | J5: 30500 | K5: 35800 | L5: 40100 | M5: 47000 | N5: 56300 | O5: 59500 | P5: 64400 | Q5: 71400 | R5: 75300 | S5: 79900 | T5: 84800 | U5: 94300 | V5: 130600 | W5: 137600 | X5: 154700 | Y5: 157900 | AA5: 2 | AB5: L-2 | AC5: 12600
A6: 4 | B6: 19300 | C6: 19600 | D6: 19900 | E6: 21000 | F6: 22700 | G6: 23500 | H6: 24500 | I6: 28700 | J6: 31400 | K6: 36900 | L6: 41300 | M6: 48400 | N6: 58000 | O6: 61300 | P6: 66300 | Q6: 73500 | R6: 77600 | S6: 82300 | T6: 87300 | U6: 97100 | V6: 134500 | W6: 141700 | X6: 159300 | Y6: 162600 | AA6: 3 | AB6: L-3 | AC6: 12800
A7: 5 | B7: 19900 | C7: 20200 | D7: 20500 | E7: 21600 | F7: 23400 | G7: 24200 | H7: 25200 | I7: 29600 | J7: 32300 | K7: 38000 | L7: 42500 | M7: 49900 | N7: 59700 | O7: 63100 | P7: 68300 | Q7: 75700 | R7: 79900 | S7: 84800 | T7: 89900 | U7: 100000 | V7: 138500 | W7: 146000 | X7: 164100 | Y7: 167500 | AA7: 4 | AB7: L-4 | AC7: 13500
A8: 6 | B8: 20500 | C8: 20800 | D8: 21100 | E8: 22200 | F8: 24100 | G8: 24900 | H8: 26000 | I8: 30500 | J8: 33300 | K8: 39100 | L8: 43800 | M8: 51400 | N8: 61500 | O8: 65000 | P8: 70300 | Q8: 78000 | R8: 82300 | S8: 87300 | T8: 92600 | U8: 103000 | V8: 142700 | W8: 150400 | X8: 169000 | Y8: 172500 | AA8: 5 | AB8: L-5 | AC8: 14600
A9: 7 | B9: 21100 | C9: 21400 | D9: 21700 | E9: 22900 | F9: 24800 | G9: 25600 | H9: 26800 | I9: 31400 | J9: 34300 | K9: 40300 | L9: 45100 | M9: 52900 | N9: 63300 | O9: 67000 | P9: 72400 | Q9: 80300 | R9: 84800 | S9: 89900 | T9: 95400 | U9: 106100 | V9: 147000 | W9: 154900 | X9: 174100 | Y9: 177700 | AA9: 6 | AB9: L-6 | AC9: 15100
A10: 8 | B10: 21700 | C10: 22000 | D10: 22400 | E10: 23600 | F10: 25500 | G10: 26400 | H10: 27600 | I10: 32300 | J10: 35300 | K10: 41500 | L10: 46500 | M10: 54500 | N10: 65200 | O10: 69000 | P10: 74600 | Q10: 82700 | R10: 87300 | S10: 92600 | T10: 98300 | U10: 109300 | V10: 151400 | W10: 159500 | X10: 179300 | Y10: 183000 | AA10: 7 | AB10: L-7 | AC10: 15700
A11: 9 | B11: 22400 | C11: 22700 | D11: 23100 | E11: 24300 | F11: 26300 | G11: 27200 | H11: 28400 | I11: 33300 | J11: 36400 | K11: 42700 | L11: 47900 | M11: 56100 | N11: 67200 | O11: 71100 | P11: 76800 | Q11: 85200 | R11: 89900 | S11: 95400 | T11: 101200 | U11: 112600 | V11: 155900 | W11: 164300 | X11: 184700 | Y11: 188500 | AA11: 8 | AB11: L-8 | AC11: 18500
A12: 10 | B12: 23100 | C12: 23400 | D12: 23800 | E12: 25000 | F12: 27100 | G12: 28000 | H12: 29300 | I12: 34300 | J12: 37500 | K12: 44000 | L12: 49300 | M12: 57800 | N12: 69200 | O12: 73200 | P12: 79100 | Q12: 87800 | R12: 92600 | S12: 98300 | T12: 104200 | U12: 116000 | V12: 160600 | W12: 169200 | X12: 190200 | Y12: 194200 | AA12: 9 | AB12: L-9 | AC12: 20100
A13: 11 | B13: 23800 | C13: 24100 | D13: 24500 | E13: 25800 | F13: 27900 | G13: 28800 | H13: 30200 | I13: 35300 | J13: 38600 | K13: 45300 | L13: 50800 | M13: 59500 | N13: 71300 | O13: 75400 | P13: 81500 | Q13: 90400 | R13: 95400 | S13: 101200 | T13: 107300 | U13: 119500 | V13: 165400 | W13: 174300 | X13: 195900 | Y13: 200000 | AA13: 10 | AB13: L-10 | AC13: 23700
A14: 12 | B14: 24500 | C14: 24800 | D14: 25200 | E14: 26600 | F14: 28700 | G14: 29700 | H14: 31100 | I14: 36400 | J14: 39800 | K14: 46700 | L14: 52300 | M14: 61300 | N14: 73400 | O14: 77700 | P14: 83900 | Q14: 93100 | R14: 98300 | S14: 104200 | T14: 110500 | U14: 123100 | V14: 170400 | W14: 179500 | X14: 201800 | Y14: 206000 | AA14: 11 | AB14: L-11 | AC14: 26500
A15: 13 | B15: 25200 | C15: 25500 | D15: 26000 | E15: 27400 | F15: 29600 | G15: 30600 | H15: 32000 | I15: 37500 | J15: 41000 | K15: 48100 | L15: 53900 | M15: 63100 | N15: 75600 | O15: 80000 | P15: 86400 | Q15: 95900 | R15: 101200 | S15: 107300 | T15: 113800 | U15: 126800 | V15: 175500 | W15: 184900 | X15: 207900 | Y15: 212200 | AA15: 12 | AB15: L-12 | AC15: 31100
A16: 14 | B16: 26000 | C16: 26300 | D16: 26800 | E16: 28200 | F16: 30500 | G16: 31500 | H16: 33000 | I16: 38600 | J16: 42200 | K16: 49500 | L16: 55500 | M16: 65000 | N16: 77900 | O16: 82400 | P16: 89000 | Q16: 98800 | R16: 104200 | S16: 110500 | T16: 117200 | U16: 130600 | V16: 180800 | W16: 190400 | X16: 214100 | Y16: 218600 | AA16: 13 | AB16: L-14 | AC16: 39300
A17: 15 | B17: 26800 | C17: 27100 | D17: 27600 | E17: 29000 | F17: 31400 | G17: 32400 | H17: 34000 | I17: 39800 | J17: 43500 | K17: 51000 | L17: 57200 | M17: 67000 | N17: 80200 | O17: 84900 | P17: 91700 | Q17: 101800 | R17: 107300 | S17: 113800 | T17: 120700 | U17: 134500 | V17: 186200 | W17: 196100 | AA17: 14 | AB17: L-15 | AC17: 42500
A18: 16 | B18: 27600 | C18: 27900 | D18: 28400 | E18: 29900 | F18: 32300 | G18: 33400 | H18: 35000 | I18: 41000 | J18: 44800 | K18: 52500 | L18: 58900 | M18: 69000 | N18: 82600 | O18: 87400 | P18: 94500 | Q18: 104900 | R18: 110500 | S18: 117200 | T18: 124300 | U18: 138500 | V18: 191800 | W18: 202000 | AA18: 15 | AB18: L-16 | AC18: 47200
A19: 17 | B19: 28400 | C19: 28700 | D19: 29300 | E19: 30800 | F19: 33300 | G19: 34400 | H19: 36100 | I19: 42200 | J19: 46100 | K19: 54100 | L19: 60700 | M19: 71100 | N19: 85100 | O19: 90000 | P19: 97300 | Q19: 108000 | R19: 113800 | S19: 120700 | T19: 128000 | U19: 142700 | V19: 197600 | W19: 208100 | AA19: 16 | AB19: L-17 | AC19: 49700
A20: 18 | B20: 29300 | C20: 29600 | D20: 30200 | E20: 31700 | F20: 34300 | G20: 35400 | H20: 37200 | I20: 43500 | J20: 47500 | K20: 55700 | L20: 62500 | M20: 73200 | N20: 87700 | O20: 92700 | P20: 100200 | Q20: 111200 | R20: 117200 | S20: 124300 | T20: 131800 | U20: 147000 | V20: 203500 | AA20: 17 | AB20: L-18 | AC20: 52800
A21: 19 | B21: 30200 | C21: 30500 | D21: 31100 | E21: 32700 | F21: 35300 | G21: 36500 | H21: 38300 | I21: 44800 | J21: 48900 | K21: 57400 | L21: 64400 | M21: 75400 | N21: 90300 | O21: 95500 | P21: 103200 | Q21: 114500 | R21: 120700 | S21: 128000 | T21: 135800 | U21: 151400 | AA21: 18 | AB21: L-19 | AC21: 56000
A22: 20 | B22: 31100 | C22: 31400 | D22: 32000 | E22: 33700 | F22: 36400 | G22: 37600 | H22: 39400 | I22: 46100 | J22: 50400 | K22: 59100 | L22: 66300 | M22: 77700 | N22: 93000 | O22: 98400 | P22: 106300 | Q22: 117900 | R22: 124300 | S22: 131800 | T22: 139900 | U22: 155900 | AA22: 19 | AB22: L-20 | AC22: 62300
A23: 21 | B23: 32000 | C23: 32300 | D23: 33000 | E23: 34700 | F23: 37500 | G23: 38700 | H23: 40600 | I23: 47500 | J23: 51900 | K23: 60900 | L23: 68300 | M23: 80000 | N23: 95800 | O23: 101400 | P23: 109500 | Q23: 121400 | R23: 128000 | S23: 135800 | T23: 144100 | U23: 160600 | AA23: 20 | AB23: L-21 | AC23: 86200
A24: 22 | B24: 33000 | C24: 33300 | D24: 34000 | E24: 35700 | F24: 38600 | G24: 39900 | H24: 41800 | I24: 48900 | J24: 53500 | K24: 62700 | L24: 70300 | M24: 82400 | N24: 98700 | O24: 104400 | P24: 112800 | Q24: 125000 | R24: 131800 | S24: 139900 | T24: 148400 | U24: 165400 | AA24: 21 | AB24: L-22 | AC24: 90800
A25: 23 | B25: 34000 | C25: 34300 | D25: 35000 | E25: 36800 | F25: 39800 | G25: 41100 | H25: 43100 | I25: 50400 | J25: 55100 | K25: 64600 | L25: 72400 | M25: 84900 | N25: 101700 | O25: 107500 | P25: 116200 | Q25: 128800 | R25: 135800 | S25: 144100 | T25: 152900 | U25: 170400 | AA25: 22 | AB25: L-23 | AC25: 102100
A26: 24 | B26: 35000 | C26: 35300 | D26: 36100 | E26: 37900 | F26: 41000 | G26: 42300 | H26: 44400 | I26: 51900 | J26: 56800 | K26: 66500 | L26: 74600 | M26: 87400 | N26: 104800 | O26: 110700 | P26: 119700 | Q26: 132700 | R26: 139900 | S26: 148400 | T26: 157500 | U26: 175500 | AA26: 23 | AB26: L-24 | AC26: 104200
A27: 25 | B27: 36100 | C27: 36400 | D27: 37200 | E27: 39000 | F27: 42200 | G27: 43600 | H27: 45700 | I27: 53500 | J27: 58500 | K27: 68500 | L27: 76800 | M27: 90000 | N27: 107900 | O27: 114000 | P27: 123300 | Q27: 136700 | R27: 144100 | S27: 152900 | T27: 162200 | U27: 180800
A28: 26 | B28: 37200 | C28: 37500 | D28: 38300 | E28: 40200 | F28: 43500 | G28: 44900 | H28: 47100 | I28: 55100 | J28: 60300 | K28: 70600 | L28: 79100 | M28: 92700 | N28: 111100 | O28: 117400 | P28: 127000 | Q28: 140800 | R28: 148400 | S28: 157500 | T28: 167100 | U28: 186200
A29: 27 | B29: 38300 | C29: 38600 | D29: 39400 | E29: 41400 | F29: 44800 | G29: 46200 | H29: 48500 | I29: 56800 | J29: 62100 | K29: 72700 | L29: 81500 | M29: 95500 | N29: 114400 | O29: 120900 | P29: 130800 | Q29: 145000 | R29: 152900 | S29: 162200 | T29: 172100 | U29: 191800
A30: 28 | B30: 39400 | C30: 39800 | D30: 40600 | E30: 42600 | F30: 46100 | G30: 47600 | H30: 50000 | I30: 58500 | J30: 64000 | K30: 74900 | L30: 83900 | M30: 98400 | N30: 117800 | O30: 124500 | P30: 134700 | Q30: 149400 | R30: 157500 | S30: 167100 | T30: 177300 | U30: 197600
A31: 29 | B31: 40600 | C31: 41000 | D31: 41800 | E31: 43900 | F31: 47500 | G31: 49000 | H31: 51500 | I31: 60300 | J31: 65900 | K31: 77100 | L31: 86400 | M31: 101400 | N31: 121300 | O31: 128200 | P31: 138700 | Q31: 153900 | R31: 162200 | S31: 172100 | T31: 182600 | U31: 203500
A32: 30 | B32: 41800 | C32: 42200 | D32: 43100 | E32: 45200 | F32: 48900 | G32: 50500 | H32: 53000 | I32: 62100 | J32: 67900 | K32: 79400 | L32: 89000 | M32: 104400 | N32: 124900 | O32: 132000 | P32: 142900 | Q32: 158500 | R32: 167100 | S32: 177300 | T32: 188100
A33: 31 | B33: 43100 | C33: 43500 | D33: 44400 | E33: 46600 | F33: 50400 | G33: 52000 | H33: 54600 | I33: 64000 | J33: 69900 | K33: 81800 | L33: 91700 | M33: 107500 | N33: 128600 | O33: 136000 | P33: 147200 | Q33: 163300 | R33: 172100 | S33: 182600 | T33: 193700
A34: 32 | B34: 44400 | C34: 44800 | D34: 45700 | E34: 48000 | F34: 51900 | G34: 53600 | H34: 56200 | I34: 65900 | J34: 72000 | K34: 84300 | L34: 94500 | M34: 110700 | N34: 132500 | O34: 140100 | P34: 151600 | Q34: 168200 | R34: 177300 | S34: 188100 | T34: 199500
A35: 33 | B35: 45700 | C35: 46100 | D35: 47100 | E35: 49400 | F35: 53500 | G35: 55200 | H35: 57900 | I35: 67900 | J35: 74200 | K35: 86800 | L35: 97300 | M35: 114000 | N35: 136500 | O35: 144300 | P35: 156100 | Q35: 173200 | R35: 182600 | S35: 193700
A36: 34 | B36: 47100 | C36: 47500 | D36: 48500 | E36: 50900 | F36: 55100 | G36: 56900 | H36: 59600 | I36: 69900 | J36: 76400 | K36: 89400 | L36: 100200 | M36: 117400 | N36: 140600 | O36: 148600 | P36: 160800 | Q36: 178400 | R36: 188100 | S36: 199500
A37: 35 | B37: 48500 | C37: 48900 | D37: 50000 | E37: 52400 | F37: 56800 | G37: 58600 | H37: 61400 | I37: 72000 | J37: 78700 | K37: 92100 | L37: 103200 | M37: 120900 | N37: 144800 | O37: 153100 | P37: 165600 | Q37: 183800 | R37: 193700
A38: 36 | B38: 50000 | C38: 50400 | D38: 51500 | E38: 54000 | F38: 58500 | G38: 60400 | H38: 63200 | I38: 74200 | J38: 81100 | K38: 94900 | L38: 106300 | M38: 124500 | N38: 149100 | O38: 157700 | P38: 170600 | Q38: 189300 | R38: 199500
A39: 37 | B39: 51500 | C39: 51900 | D39: 53000 | E39: 55600 | F39: 60300 | G39: 62200 | H39: 65100 | I39: 76400 | J39: 83500 | K39: 97700 | L39: 109500 | M39: 128200 | N39: 153600 | O39: 162400 | P39: 175700 | Q39: 195000
A40: 38 | B40: 53000 | C40: 53500 | D40: 54600 | E40: 57300 | F40: 62100 | G40: 64100 | H40: 67100 | I40: 78700 | J40: 86000 | K40: 100600 | L40: 112800 | M40: 132000 | N40: 158200 | O40: 167300 | P40: 181000
A41: 39 | B41: 54600 | C41: 55100 | D41: 56200 | E41: 59000 | F41: 64000 | G41: 66000 | H41: 69100 | I41: 81100 | J41: 88600 | K41: 103600 | L41: 116200 | M41: 136000 | N41: 162900 | O41: 172300 | P41: 186400
A42: 40 | B42: 56200 | C42: 56800 | D42: 57900 | E42: 60800 | F42: 65900 | G42: 68000 | H42: 71200 | I42: 83500 | J42: 91300 | K42: 106700 | L42: 119700 | M42: 140100 | N42: 167800 | O42: 177500 | P42: 192000
A45: GPF RATES | F45: SI PREMIUM FROM SALARY | K45: RPMF RATES | T45: D.A. RATES
A46: RANGE | C46: 43009 | D46: 43160 | F46: PAY RANGE | H46: 43160 | I46: 43891 | K46: PAY RANGE | M46: 43009 | N46: 43040 | O46: 43191 | P46: 43403 | Q46: 43556 | R46: 43922 | T46: FROM | U46: 42736 | V46: 42917 | W46: 43101 | X46: 43282 | Y46: 43466 | Z46: 43647 | AA46: 43831 | AB46: 44013 | AC46: 44197
A47: UPTO 23100 | C47: 500 | D47: 14500 | F47: UPTO 22000 | H47: 500 | I47: 800 | K47: UP TO 18000 | M47: 205 | N47: 210 | O47: 219 | P47: 228 | Q47: 242 | R47: 265 | T47: RATE | U47: 0.04 | V47: 0.05 | W47: 0.07 | X47: 0.09 | Y47: 0.12 | Z47: 0.17
A48: 23101 TO 28500 | C48: 650 | D48: 1625 | F48: 22001 TO 28500 | H48: 700 | I48: 1200 | K48: 18001 TO 33500 | M48: 341 | N48: 349 | O48: 364 | P48: 379 | Q48: 402 | R48: 440 | T48: GPF | U48: 42887 | V48: 42979 | W48: 43132 | X48: 43313 | Y48: 43497 | Z48: 43862
A49: 28501 TO 38500 | C49: 1100 | D49: 2100 | F49: 28501TO 46500 | H49: 1300 | I49: 2200 | K49: 33501 TO 54000 | M49: 511 | N49: 522 | O49: 545 | P49: 568 | Q49: 602 | R49: 658
A50: 38501 TO 51500 | C50: 1450 | D50: 2850 | F50: 46501 TO 72000 | H50: 1800 | I50: 3000 | K50: 54001 & ABOVE | M50: 680 | N50: 695 | O50: 725 | P50: 755 | Q50: 800 | R50: 875
A51: 51501 TO 62000 | C51: 2100 | D51: 3575 | F51: ABOVE 72000 | H51: 3000 | I51: 5000
A52: 62001 TO 72000 | C52: 3300 | D52: 4200 | F52: MAXIMUM | H52: 4000 | I52: 7000
A53: 72001 TO 80000 | C53: 4100 | D53: 4800
A54: 80001 TO 116000 | C54: 5200 | D54: 6150
A55: 116001 TO 16700 | C55: 5700 | D55: 8900
A56: ABOVE 116700 | C56: 6200 | D56: 10500

Sheet Post at Office
B3: कार्यालय में पोस्ट विवरण | D3: पे लेवल | F3: Months
B4: अतिरिक्त जिला शिक्षा अधिकारी | D4: L-1 | F4: 43831
B5: अतिरिक्त प्रशासनिक अधिकारी | D5: L-2 | F5: 43862
B6: अध्यापक | D6: L-3 | F6: 43891
B7: आशुलिपिक | D7: L-4 | F7: 43922
B8: उप जिला शिक्षा अधिकारी (शारीरिक शिक्षा) | D8: L-5 | F8: 43952
B9: उपनिदेशक | D9: L-6 | F9: 43983
B10: कनिष्ठ लेखाकार | D10: L-7 | F10: 44013
B11: कनिष्ठ विधि अधिकारी | D11: L-8 | F11: 44044
B12: कनिष्ठ सहायक | D12: L-9 | F12: 44075
B13: कृषि अध्यापक | D13: L-10 | F13: 44105
B14: कृषि शिक्षा प्रभारी | D14: L-11 | F14: 44136
B15: चतुर्थ श्रेणी कर्मचारी | D15: L-12 | F15: 44166
B16: जमादार | D16: L-13
B17: जिला शिक्षा अधिकारी | D17: L-14
B18: पुस्तकालय अध्यक्ष श्रेणी II | D18: L-15
B19: पुस्तकालय अध्यक्ष श्रेणी III | D19: L-16
B20: पुस्तकालय अध्यक्ष श्रेणी I | D20: L-17
B21: प्रधानाचार्य | D21: L-18
B22: प्रधानाध्यापक‌ | D22: L-19
B23: प्रयोगशाला परिचारक | D23: L-20
B24: प्रयोगशाला सहायक II | D24: L-21
B25: प्रयोगशाला सहायक III | D25: L-22
B26: प्रशासनिक अधिकारी | D26: L-23
B27: प्रशिक्षक | D27: L-24
B28: फील्ड मैन व फील्ड रिक़ॉर्डर
B29: वरिष्ठ अध्यापक
B30: वरिष्ठ सहायक
B31: वाहन चालक
B32: व्याख्याता स्कूल(शिक्षा)
B33: शारीरिक शिक्षक श्रेणी I
B34: शारीरिक शिक्षक श्रेणी II
B35: शारीरिक शिक्षक श्रेणी III
B36: सहायक प्रशासनिक अधिकारी
B37: सहायक लेखाधिकारी ग्रेड - I
B38: स्‍थापना अधिकारी
B39: प्रबोधक
